Workbook
Name ________________________n4: {"EXCELHLP.HLP!1802";5;10;5;10;13;13;13;8;5;5;10;14;13;13;13;13;5;10;14;13;5;10;1;2;24}
Name ________________________n4: {"EXCELHLP.HLP!1802";5;10;5;10;13;13;13;8;5;5;10;14;13;13;13;13;5;10;14;13;5;10;1;2;24}
Name _______________________n4: {"EXCELHLP.HLP!1802";5;10;5;10;13;13;13;8;5;5;10;14;13;13;13;13;5;10;14;13;5;10;1;2;24}
Name _______________________n4: {"EXCELHLP.HLP!1802";5;10;5;10;13;13;13;8;5;5;10;14;13;13;13;13;5;10;14;13;5;10;1;2;24}
Name ______________________n4: {"EXCELHLP.HLP!1802";5;10;5;10;13;13;13;8;5;5;10;14;13;13;13;13;5;10;14;13;5;10;1;2;24}
Name ______________________n4: {"EXCELHLP.HLP!1802";5;10;5;10;13;13;13;8;5;5;10;14;13;13;13;13;5;10;14;13;5;10;1;2;24}
Name _____________________n4: {"EXCELHLP.HLP!1802";5;10;5;10;13;13;13;8;5;5;10;14;13;13;13;13;5;10;14;13;5;10;1;2;24}
Name _____________________n4: {"EXCELHLP.HLP!1802";5;10;5;10;13;13;13;8;5;5;10;14;13;13;13;13;5;10;14;13;5;10;1;2;24}
Name ____________________n4: {"EXCELHLP.HLP!1802";5;10;5;10;13;13;13;8;5;5;10;14;13;13;13;13;5;10;14;13;5;10;1;2;24}
Name ____________________n4: {"EXCELHLP.HLP!1802";5;10;5;10;13;13;13;8;5;5;10;14;13;13;13;13;5;10;14;13;5;10;1;2;24}
Name ___________________n4: {"EXCELHLP.HLP!1802";5;10;5;10;13;13;13;8;5;5;10;14;13;13;13;13;5;10;14;13;5;10;1;2;24}
Name ___________________n4: {"EXCELHLP.HLP!1802";5;10;5;10;13;13;13;8;5;5;10;14;13;13;13;13;5;10;14;13;5;10;1;2;24}
Name __________________n4: {"EXCELHLP.HLP!1802";5;10;5;10;13;13;13;8;5;5;10;14;13;13;13;13;5;10;14;13;5;10;1;2;24}
Name __________________n4: {"EXCELHLP.HLP!1802";5;10;5;10;13;13;13;8;5;5;10;14;13;13;13;13;5;10;14;13;5;10;1;2;24}
Name _________________n4: {"EXCELHLP.HLP!1802";5;10;5;10;13;13;13;8;5;5;10;14;13;13;13;13;5;10;14;13;5;10;1;2;24}
Name _________________n4: {"EXCELHLP.HLP!1802";5;10;5;10;13;13;13;8;5;5;10;14;13;13;13;13;5;10;14;13;5;10;1;2;24}
Name ________________n4: {"EXCELHLP.HLP!1802";5;10;5;10;13;13;13;8;5;5;10;14;13;13;13;13;5;10;14;13;5;10;1;2;24}
Name ________________n4: {"EXCELHLP.HLP!1802";5;10;5;10;13;13;13;8;5;5;10;14;13;13;13;13;5;10;14;13;5;10;1;2;24}
Name _______________n4: {"EXCELHLP.HLP!1802";5;10;5;10;13;13;13;8;5;5;10;14;13;13;13;13;5;10;14;13;5;10;1;2;24}
Name _______________n4: {"EXCELHLP.HLP!1802";5;10;5;10;13;13;13;8;5;5;10;14;13;13;13;13;5;10;14;13;5;10;1;2;24}
Name ______________n4: {"EXCELHLP.HLP!1802";5;10;5;10;13;13;13;8;5;5;10;14;13;13;13;13;5;10;14;13;5;10;1;2;24}
Name ______________n4: {"EXCELHLP.HLP!1802";5;10;5;10;13;13;13;8;5;5;10;14;13;13;13;13;5;10;14;13;5;10;1;2;24}
Name _____________n4: {"EXCELHLP.HLP!1802";5;10;5;10;13;13;13;8;5;5;10;14;13;13;13;13;5;10;14;13;5;10;1;2;24}
Name _____________n4: {"EXCELHLP.HLP!1802";5;10;5;10;13;13;13;8;5;5;10;14;13;13;13;13;5;10;14;13;5;10;1;2;24}
Name ____________n4: {"EXCELHLP.HLP!1802";5;10;5;10;13;13;13;8;5;5;10;14;13;13;13;13;5;10;14;13;5;10;1;2;24}
Name ____________n4: {"EXCELHLP.HLP!1802";5;10;5;10;13;13;13;8;5;5;10;14;13;13;13;13;5;10;14;13;5;10;1;2;24}
Name ___________n4: {"EXCELHLP.HLP!1802";5;10;5;10;13;13;13;8;5;5;10;14;13;13;13;13;5;10;14;13;5;10;1;2;24}
Name ___________n4: {"EXCELHLP.HLP!1802";5;10;5;10;13;13;13;8;5;5;10;14;13;13;13;13;5;10;14;13;5;10;1;2;24}
Name __________n4: {"EXCELHLP.HLP!1802";5;10;5;10;13;13;13;8;5;5;10;14;13;13;13;13;5;10;14;13;5;10;1;2;24}
Name __________n4: {"EXCELHLP.HLP!1802";5;10;5;10;13;13;13;8;5;5;10;14;13;13;13;13;5;10;14;13;5;10;1;2;24}
Name _________n4: {"EXCELHLP.HLP!1802";5;10;5;10;13;13;13;8;5;5;10;14;13;13;13;13;5;10;14;13;5;10;1;2;24}
Name _________n4: {"EXCELHLP.HLP!1802";5;10;5;10;13;13;13;8;5;5;10;14;13;13;13;13;5;10;14;13;5;10;1;2;24}
Name ________n4: {"EXCELHLP.HLP!1802";5;10;5;10;13;13;13;8;5;5;10;14;13;13;13;13;5;10;14;13;5;10;1;2;24}
Name ________n4: {"EXCELHLP.HLP!1802";5;10;5;10;13;13;13;8;5;5;10;14;13;13;13;13;5;10;14;13;5;10;1;2;24}
Name _______n4: {"EXCELHLP.HLP!1802";5;10;5;10;13;13;13;8;5;5;10;14;13;13;13;13;5;10;14;13;5;10;1;2;24}
Name _______n4: {"EXCELHLP.HLP!1802";5;10;5;10;13;13;13;8;5;5;10;14;13;13;13;13;5;10;14;13;5;10;1;2;24}
Name _______VAR5: "A"
Name ______n4: {"EXCELHLP.HLP!1802";5;10;5;10;13;13;13;8;5;5;10;14;13;13;13;13;5;10;14;13;5;10;1;2;24}
Name ______n4: {"EXCELHLP.HLP!1802";5;10;5;10;13;13;13;8;5;5;10;14;13;13;13;13;5;10;14;13;5;10;1;2;24}
Name ______VAR5: "A"
Name _____n4: {"EXCELHLP.HLP!1802";5;10;5;10;13;13;13;8;5;5;10;14;13;13;13;13;5;10;14;13;5;10;1;2;24}
Name _____n4: {"EXCELHLP.HLP!1802";5;10;5;10;13;13;13;8;5;5;10;14;13;13;13;13;5;10;14;13;5;10;1;2;24}
Name _____VAR5: "A"
Name ____VAR5: "A"
Name ___VAR5: "A"
Name __VAR5: "A"
Name _Regression_Int: 1
Name _Report: "Print All"
Name _S_Base: {0.1;0;0.382758620689655;0;0;0;0.258620689655172;0;0.258620689655172}
Name _S_Base: {0.1;0;0.382758620689655;0;0;0;0.258620689655172;0;0.258620689655172}
Name _S_new_case: {0.1;0;0.45;0;0;0;0;0;0.45}
Name _S_new_case: {0.1;0;0.45;0;0;0;0;0;0.45}
Name _VAR5: "A"
Name abit: 0.000000001
Name above: OFFSET(!A1,-1,0)
Name AccessDatabase: "C:\FiberNet\Sales\Sales Operations\Forecast\090902 IMPAIRMENT ANALYSIS\2003_Revenue Forecast Summary_AUG 2002 DATA.mdb"
Name adsdasda: {"EXCELHLP.HLP!1802";5;10;5;10;13;13;13;8;5;5;10;14;13;13;13;13;5;10;14;13;5;10;1;2;24}
Name adsdasda: {"EXCELHLP.HLP!1802";5;10;5;10;13;13;13;8;5;5;10;14;13;13;13;13;5;10;14;13;5;10;1;2;24}
Name adsfafd: {"EXCELHLP.HLP!1802";5;10;5;10;13;13;13;8;5;5;10;14;13;13;13;13;5;10;14;13;5;10;1;2;24}
Name adsfafd: {"EXCELHLP.HLP!1802";5;10;5;10;13;13;13;8;5;5;10;14;13;13;13;13;5;10;14;13;5;10;1;2;24}

Sheet Attachment H
K1: page 1 of 5
B2: Attachment H
B3: Formula Rate - Non-Levelized | C3: =+'Attachment H'!D5 -> Gridliance High Plains LLC | D3: Rate Formula Template | K3: For the 12 months ended 12/31/2027
D4: Utilizing FERC Form 1 Data
D5: Gridliance High Plains LLC
B8: (1) | C8: (2) | D8: (3) | G8: (4) | I8: (5)
A9: Line | I9: Allocated
A10: No. | I10: Amount
A11: 1 | B11: GROSS REVENUE REQUIREMENT | C11: (page 3, line 47) | I11: =+I172 -> 2920386.4
B13: REVENUE CREDITS | C13: (Note O) | D13: Total | F13: Allocator
A14: =+A11+1 -> 2 | B14: Account No. 454 | C14: ="(page 4, line "&A222&")" -> (page 4, line 29) | D14: =I222 -> 0 | F14: TP | G14: =I191 -> 1 | I14: =+G14*D14 -> 0
A15: =+A14+1 -> 3 | B15: Account No. 456.1 | C15: ="(page 4, line "&A227&")" -> (page 4, line 33) | D15: =I227 -> 71271.47 | F15: TP | G15: =+G14 -> 1 | I15: =+G15*D15 -> 71271.47
A16: =+A15+1 -> 4 | B16: Account No. 457.1 Scheduling | C16: Attachment 5, line 36, col e | D16: =+'5-P3 Support'!G68 -> 0 | F16: TP | G16: =+G15 -> 1 | I16: =+D16*G16 -> 0
A17: =+A16+1 -> 5 | B17: Revenues from Grandfathered Interzonal Transactions | C17: (Note N) | D17: 0 | F17: TP | G17: =+G15 -> 1 | I17: =+G17*D17 -> 0
A18: =+A17+1 -> 6 | B18: Revenues from service provided by the ISO at a discount | D18: 0 | F18: TP | G18: =+G17 -> 1 | I18: =+G18*D18 -> 0
A19: =+A18+1 -> 7 | B19: TOTAL REVENUE CREDITS | C19: (Sum of Lines 2 through 6) | D19: =SUM(D14:D18) -> 71271.47 | I19: =SUM(I14:I18) -> 71271.47
A21: =+A19+1 -> 8 | B21: NET REVENUE REQUIREMENT | C21: (line 1 minus line 7) | I21: =I11-I19 -> 2849114.9
A23: =+A21+1 -> 9 | B23: True-up Adjustment with Interest | C23: Attachment 3, Col. J | D23: =+'3-Project True-up'!K39 -> -498463.99 | F23: DA | G23: 1 | I23: =+G23*D23 -> -498463.99
A25: =+A23+1 -> 10 | B25: NET REVENUE REQUIREMENT | C25: (line 8 plus line 9) | I25: =+I21+I23 -> 2350650.9
K52: page 2 of 5
B54: Formula Rate - Non-Levelized | D54: Rate Formula Template | K54: =K3 -> For the 12 months ended 12/31/2027
D55: Utilizing FERC Form 1 Data
D56: =+D5 -> Gridliance High Plains LLC
B58: (1) | C58: (2) | D58: (3) | G58: (4) | I58: (5)
I59: Transmission
A60: Line | C60: Source | D60: Company Total | F60: Allocator | I60: (Col 3 times Col 4)
A61: No. | B61: RATE BASE:
B62: GROSS PLANT IN SERVICE (Notes U and R)
A63: 1 | B63: Production | C63: 205.46.g for end of year, records for other months | D63: 0 | F63: NA | G63: 0 | I63: =+G63*D63 -> 0
A64: =+A63+1 -> 2 | B64: Transmission | C64: Attachment 4, Line 14, Col. (b) | D64: ='4- Rate Base'!C24 -> 18189761 | F64: TP | G64: =I191 -> 1 | I64: =+G64*D64 -> 18189761
A65: =+A64+1 -> 3 | B65: Distribution | C65: 207.75.g for end of year, records for other months | D65: 0 | F65: NA | G65: 0 | I65: =+G65*D65 -> 0
A66: =+A65+1 -> 4 | B66: General & Intangible | C66: Attachment 4, Line 14, Col. (c) | D66: ='4- Rate Base'!D24 -> 3341.7593 | F66: W/S | G66: =I199 -> 1 | I66: =+G66*D66 -> 3341.7593
A67: =+A66+1 -> 5 | B67: Common | C67: 356.1 for end of year, records for other months | D67: 0 | F67: CE | G67: =K203 -> 1 | I67: =+G67*D67 -> 0
A68: =+A67+1 -> 6 | B68: TOTAL GROSS PLANT | C68: (Sum of Lines 1 through 5) | D68: =SUM(D63:D67) -> 18193103 | F68: GP= | G68: =IF(I68>0,I68/D68,0) -> 1 | I68: =SUM(I63:I67) -> 18193103
A70: =+A68+1 -> 7 | B70: ACCUMULATED DEPRECIATION (Notes U and R)
A71: =+A70+1 -> 8 | B71: Production | C71: 219.20-24.c for end of year, records for other months | D71: 0 | F71: NA | G71: 0 | I71: =+G71*D71 -> 0
A72: =+A71+1 -> 9 | B72: Transmission | C72: Attachment 4, Line 14, Col. (h) | D72: ='4- Rate Base'!I24 -> 2688909.6 | F72: TP | G72: =+G64 -> 1 | I72: =+G72*D72 -> 2688909.6
A73: =+A72+1 -> 10 | B73: Distribution | C73: 219.26.c for end of year, records for other months | D73: 0 | F73: NA | G73: =+G65 -> 0 | I73: =+G73*D73 -> 0
A74: =+A73+1 -> 11 | B74: General & Intangible | C74: Attachment 4, Line 14, Col. (i) | D74: ='4- Rate Base'!J24 -> 1533.9308 | F74: W/S | G74: =+G66 -> 1 | I74: =+G74*D74 -> 1533.9308
A75: =+A74+1 -> 12 | B75: Common | C75: 356.1 for end of year, records for other months | D75: 0 | F75: CE | G75: =+G67 -> 1 | I75: =+G75*D75 -> 0
A76: =+A75+1 -> 13 | B76: TOTAL ACCUM. DEPRECIATION | C76: (Sum of Lines 8 through 12) | D76: =SUM(D71:D75) -> 2690443.6 | I76: =SUM(I71:I75) -> 2690443.6
A78: =+A76+1 -> 14 | B78: NET PLANT IN SERVICE
A79: =+A78+1 -> 15 | B79: Production | C79: ="(line "&A63&" - line "&A71&")" -> (line 1 - line 8) | D79: =D63-D71 -> 0 | I79: =I63-I71 -> 0
A80: =+A79+1 -> 16 | B80: Transmission | C80: (Line 2 minus Line 9) | D80: =D64-D72 -> 15500851 | I80: =I64-I72 -> 15500851
A81: =+A80+1 -> 17 | B81: Distribution | C81: ="(line "&A65&" - line "&A73&")" -> (line 3 - line 10) | D81: =D65-D73 -> 0 | I81: =I65-I73 -> 0
A82: =+A81+1 -> 18 | B82: General & Intangible | C82: (Line 4 minus Line 11) | D82: =D66-D74 -> 1807.8285 | I82: =I66-I74 -> 1807.8285
A83: =+A82+1 -> 19 | B83: Common | C83: ="(line "&A67&" - line "&A75&")" -> (line 5 - line 12) | D83: =D67-D75 -> 0 | I83: =I67-I75 -> 0
A84: =+A83+1 -> 20 | B84: TOTAL NET PLANT | C84: (Sum of Lines 15 through 19) | D84: =SUM(D79:D83) -> 15502659 | F84: NP= | G84: =IF(I84>0,I84/D84,0) -> 1 | I84: =SUM(I79:I83) -> 15502659
A86: =+A84+1 -> 21 | B86: ADJUSTMENTS TO RATE BASE (Note R)
A87: =+A86+1 -> 22 | B87: Account No. 281 (enter negative) | C87: Attachment 4, Line 28, Col. (d) (Notes B and X) | D87: =+'4- Rate Base'!E44 -> 0 | F87: NA | G87: 0 | I87: =+G87*D87 -> 0
A88: =+A87+1 -> 23 | B88: Account No. 282 (enter negative) | C88: Attachment 4, Line 28, Col. (e) (Notes B and X) | D88: =+'4- Rate Base'!F44 -> -1796206.4 | F88: DA | G88: 1 | I88: =D88*G88 -> -1796206.4
A89: =+A88+1 -> 24 | B89: Account No. 283 (enter negative) | C89: Attachment 4, Line 28, Col. (f) (Notes B and X) | D89: =+'4- Rate Base'!G44 -> -159638.85 | F89: DA | G89: 1 | I89: =D89*G89 -> -159638.85
A90: =+A89+1 -> 25 | B90: Account No. 190 | C90: Attachment 4, Line 28, Col. (g) (Notes B and X) | D90: =+'4- Rate Base'!H44 -> -12965.209 | F90: DA | G90: 1 | I90: =D90*G90 -> -12965.209
A91: =+A90+1 -> 26 | B91: Account No. 255 (enter negative) | C91: Attachment 4, Line 28, Col. (h) (Notes B and X) | D91: =+'4- Rate Base'!I44 -> 0 | F91: NP | G91: =G84 -> 1 | I91: =D91*G91 -> 0
A92: 26a | B92: Unfunded Reserves (enter negative) | C92: Attachment 4, Line 31, Col. (h) | D92: =+'4- Rate Base'!I59 -> 0 | F92: DA | G92: =G93 -> 1 | I92: =+G92*D92 -> 0
A93: =+A91+1 -> 27 | B93: CWIP | C93: Attachment 4, Line 14, Col. (d) | D93: ='4- Rate Base'!E24 -> 0 | F93: =+F94 -> DA | G93: 1 | I93: =+G93*D93 -> 0
A94: =+A93+1 -> 28 | B94: Unamortized Regulatory Asset | C94: Attachment 4, Line 28, Col. (b) (Note T) | D94: =+'4- Rate Base'!C44 -> 0 | F94: =+F95 -> DA | G94: 1 | I94: =+G94*D94 -> 0
A95: =+A94+1 -> 29 | B95: Unamortized Abandoned Plant | C95: Attachment 4, Line 28, Col. (c) (Note S) | D95: =+'4- Rate Base'!D44 -> 0 | F95: DA | G95: 1 | I95: =+G95*D95 -> 0
A96: =+A95+1 -> 30 | B96: TOTAL ADJUSTMENTS | C96: (Sum of Lines 22 through 29) | D96: =SUM(D87:D95) -> -1968810.5 | I96: =SUM(I87:I95) -> -1968810.5
A98: =+A96+1 -> 31 | B98: LAND HELD FOR FUTURE USE | C98: Attachment 4, Line 14, Col. (e) (Note C) | D98: =+'4- Rate Base'!F24 -> 0 | F98: TP | G98: =+G72 -> 1 | I98: =+G98*D98 -> 0
A100: =+A98+1 -> 32 | B100: WORKING CAPITAL | C100: (Note D)
A101: =+A100+1 -> 33 | B101: CWC | C101: 1/8*(Page 3, Col 3, Line 14 minus Page 3, Col 3, Line 11) | D101: =(D134-D131)/8 -> 96398.29 | I101: =(I134-I131)/8 -> 96398.29
A102: =+A101+1 -> 34 | B102: Materials & Supplies | C102: Attachment 4, Line 14, Col. (f) (Note C) | D102: =+'4- Rate Base'!G24 -> 336784.71 | F102: TP | G102: =+G119 -> 1 | I102: =+G102*D102 -> 336784.71
A103: =+A102+1 -> 35 | B103: Prepayments (Account 165) | C103: Attachment 4, Line 14, Col. (g) | D103: =+'4- Rate Base'!H24 -> 24386.239 | F103: GP | G103: =+G68 -> 1 | I103: =+G103*D103 -> 24386.239
A104: =+A103+1 -> 36 | B104: TOTAL WORKING CAPITAL | C104: (Sum of Lines 33 through 35) | D104: =SUM(D101:D103) -> 457569.24 | I104: =I101+I102+I103 -> 457569.24
A106: =+A104+1 -> 37 | B106: RATE BASE | C106: (Sum of Lines 20, 30, 31 & 36) | D106: =+D104+D98+D96+D84 -> 13991418 | I106: =+I104+I98+I96+I84 -> 13991418
K109: page 3 of 5
B111: Formula Rate - Non-Levelized | D111: Rate Formula Template | K111: =K3 -> For the 12 months ended 12/31/2027
D112: Utilizing FERC Form 1 Data
D113: =+D56 -> Gridliance High Plains LLC
B115: (1) | C115: (2) | D115: (3) | G115: (4) | I115: (5)
A116: Line | I116: Transmission
A117: No. | C117: Source | D117: Company Total | F117: Allocator | I117: (Col 3 times Col 4)
B118: O&M
A119: 1 | B119: Transmission | C119: 321.112.b Attach. 5, Line 13, Col. (a) | D119: ='5-P3 Support'!C24 -> 342440.87 | F119: TP | G119: =+I191 -> 1 | I119: =+G119*D119 -> 342440.87
A120: =+A119+1 -> 2 | B120: Less Account 566 (Misc Trans Expense) | C120: 321.97.b Attach. 5, Line 13, Col. (b) | D120: ='5-P3 Support'!D24 -> 0 | F120: =+F119 -> TP | G120: =+G119 -> 1 | I120: =+G120*D120 -> 0
A121: =+A120+1 -> 3 | B121: Less Account 565 | C121: 321.96.b Attach. 5, Line 13, Col. (c) | D121: ='5-P3 Support'!E24 -> 0 | F121: =+F120 -> TP | G121: =+G120 -> 1 | I121: =+G121*D121 -> 0
A122: =+A121+1 -> 4 | B122: A&G | C122: 323.197.b Attach. 5, Line 13, Col. (d) | D122: ='5-P3 Support'!F24 -> 428745.45 | F122: W/S | G122: =+G74 -> 1 | I122: =+G122*D122 -> 428745.45
A123: =+A122+1 -> 5 | B123: Less FERC Annual Fees | C123: Attach. 5, Line 13, Col. (e) | D123: ='5-P3 Support'!G24 -> 0 | F123: W/S | G123: =+G122 -> 1 | I123: =+G123*D123 -> 0
A124: =+A123+1 -> 6 | B124: Less EPRI & Reg. Comm. Exp. & Non-safety Ad. | C124: (Note E) Attach. 5, Line 13, Col. (f) | D124: ='5-P3 Support'!H24 -> 0 | F124: W/S | G124: =+G123 -> 1 | I124: =+G124*D124 -> 0
A125: 6a | B125: Less PBOP Expense in Year | C125: Attachment 7, Line 8, Col. (g) | D125: =+'7 - PBOP'!I16 -> 0 | F125: W/S | G125: =+G124 -> 1 | I125: =+G125*D125 -> 0
A126: =+A124+1 -> 7 | B126: Plus Transmission Related Reg. Comm. Exp. | C126: (Note E) Attach. 5, Line 13, Col. (g) | D126: ='5-P3 Support'!I24 -> 0 | F126: TP | G126: =+G119 -> 1 | I126: =+G126*D126 -> 0
A127: 7a | B127: Plus PBOP Expense Allowed Amount | C127: Attachment 7, Line 6, Col. (g) | D127: =+'7 - PBOP'!I13 -> 0 | F127: W/S | G127: =+G125 -> 1 | I127: =+G127*D127 -> 0
A128: =+A126+1 -> 8 | B128: Common | C128: 356.1 | D128: 0 | F128: CE | G128: =+G75 -> 1 | I128: =+G128*D128 -> 0
A129: =+A128+1 -> 9 | B129: Transmission Lease Payments | C129: Attach. 5, Line 13, Col (h) | D129: ='5-P3 Support'!J24 -> 0 | F129: =+F131 -> DA | G129: 1 | I129: =+G129*D129 -> 0
A130: =+A129+1 -> 10 | B130: Account 566
A131: =+A130+1 -> 11 | B131: Amortization of Regulatory Asset | C131: (Note T) Attach. 5, Line 13, Col. (i) | D131: ='5-P3 Support'!K24 -> 0 | F131: DA | G131: 1 | I131: =+G131*D131 -> 0
A132: =+A131+1 -> 12 | B132: Miscellaneous Transmission Expense (less amortization of regulatory asset) | C132: Attach. 5, Line 13, Col .(j) | D132: ='5-P3 Support'!L24 -> 0 | F132: TP | G132: =+G119 -> 1 | I132: =+G132*D132 -> 0
A133: =+A132+1 -> 13 | B133: Total Account 566 | C133: (Line 11 plus Line 12) Ties to 321.97.b | D133: =SUM(D131:D132) -> 0 | I133: =SUM(I131:I132) -> 0
A134: =+A133+1 -> 14 | B134: TOTAL O&M | C134: (Sum of Lines 1, 4, 7, 7a, 8, 9, 13 less Lines 2, 3, 5, 6, 6a) | D134: =+D119-D121-D120+D122-D123-D124-D125+D126+D127+D128+D129+D133 -> 771186.32 | I134: =+I119-I121-I120+I122-I123-I124-I125+I126+I127+I128+I129+I133 -> 771186.32
A136: =+A134+1 -> 15 | B136: DEPRECIATION EXPENSE (Note U)
A137: =+A136+1 -> 16 | B137: Transmission | C137: 336.7.b, d &e Attach. 5, Line 13, Col. (k) | D137: ='5-P3 Support'!M24 -> 397042.24 | F137: TP | G137: =+G98 -> 1 | I137: =+G137*D137 -> 397042.24
A138: =+A137+1 -> 17 | B138: General & Intangible | C138: 336.10.b, d &e, 336.1.b, d &e Attach. 5, Line 26, Col. (a) | D138: ='5-P3 Support'!C45 -> 160.60719 | F138: W/S | G138: =+G122 -> 1 | I138: =+G138*D138 -> 160.60719
A139: =+A138+1 -> 18 | B139: Common | C139: 336.11.b, d &e | D139: 0 | F139: CE | G139: =+G128 -> 1 | I139: =+G139*D139 -> 0
A140: =+A139+1 -> 19 | B140: Amortization of Abandoned Plant | C140: (Note S) Attach. 5, Line 26, Col. (b) | D140: ='5-P3 Support'!D45 -> 0 | F140: DA | G140: 1 | I140: =+G140*D140 -> 0
A141: =+A140+1 -> 20 | B141: TOTAL DEPRECIATION | C141: (Sum of Lines 16 through 19) | D141: =SUM(D137:D140) -> 397202.85 | I141: =SUM(I137:I140) -> 397202.85
A143: =+A141+1 -> 21 | B143: TAXES OTHER THAN INCOME TAXES | C143: (Note F)
A144: =+A143+1 -> 22 | B144: LABOR RELATED
A145: =+A144+1 -> 23 | B145: Payroll | C145: 263.i Attach. 5, Line 26, Col. (c) | D145: ='5-P3 Support'!E45 -> 0 | F145: W/S | G145: =+G138 -> 1 | I145: =+G145*D145 -> 0
A146: =+A145+1 -> 24 | B146: Highway and vehicle | C146: 263.i Attach. 5, Line 26, Col. (d) | D146: ='5-P3 Support'!F45 -> 0 | F146: W/S | G146: =+G145 -> 1 | I146: =+G146*D146 -> 0
...

Sheet 1-Project Rev Req
G5: Attachment 1 | S5: Page 1 of 2
G6: Project Revenue Requirement Worksheet
G7: =+'Attachment H'!D5 -> Gridliance High Plains LLC
C10: To be completed in conjunction with Attachment H.
C13: (1) | E13: (2) | I13: (3) | L13: (4)
E14: Attachment H
A15: Line | E15: Page, Line, Col. | I15: Transmission | L15: Allocator
A16: No.
A18: 1 | C18: Gross Transmission Plant - Total | E18: Attach H, p 2, line 2 col 5 plus line 27 col 5 (Note A) | I18: =+'Attachment H'!I64+'Attachment H'!I93 -> 18189761
A19: 2 | C19: Net Transmission Plant - Total | E19: Attach H, p 2, line 16 col 5 plus line 27 & 29 col 5 (Note B) | I19: =+'Attachment H'!I80+'Attachment H'!I93+'Attachment H'!I95 -> 15500851
C21: O&M EXPENSE
A22: 3 | C22: Total O&M Allocated to Transmission | E22: Attach H, p 3, line 14 col 5 | I22: =+'Attachment H'!I134 -> 771186.32
A23: 4 | C23: Annual Allocation Factor for O&M | E23: (line 3 divided by line 1 col 3) | I23: =IF(I18=0,0,I22/I18) -> 0.042396726 | L23: =I23 -> 0.042396726
C25: GENERAL, INTANGIBLE AND COMMON (G&C) DEPRECIATION EXPENSE
A26: 5 | C26: Total G, I & C Depreciation Expense | E26: Attach H, p 3, lines 17 & 18, col 5 (Note H) | I26: =+'Attachment H'!I138+'Attachment H'!I139 -> 160.60719
A27: 6 | C27: Annual Allocation Factor for G, I & C Depreciation Expense | E27: (line 5 divided by line 1 col 3) | I27: =IF(I26=0,0,I26/I18) -> 8.8295381e-06 | L27: =I27 -> 8.8295381e-06
C29: TAXES OTHER THAN INCOME TAXES
A30: 7 | C30: Total Other Taxes | E30: Attach H, p 3, line 30 col 5 | I30: =+'Attachment H'!I152 -> 274801.85
A31: 8 | C31: Annual Allocation Factor for Other Taxes | E31: (line 7 divided by line 1 col 3) | I31: =IF(I30=0,0,I30/I18) -> 0.015107502 | L31: =I31 -> 0.015107502
A33: 9 | C33: Less Revenue Credits | E33: Attach H, p 1, line 7 col 5 | I33: =-'Attachment H'!I19 -> -71271.47
A34: 10 | C34: Annual Allocation Factor Revenue Credits | E34: (line 9 divided by line 1 col 3) | I34: =IF(I33=0,0,I33/I18) -> -0.0039182192 | L34: =+I34 -> -0.0039182192
A36: 11 | C36: Annual Allocation Factor for Expense | E36: Sum of line 4, 6, 8, and 10 | L36: =L23+L27+L31+L34 -> 0.053594839
C38: INCOME TAXES
A39: 12 | C39: Total Income Taxes | E39: Attach H, p 3, line 44 col 5 | I39: =+'Attachment H'!I167 -> 276731.71
A40: 13 | C40: Annual Allocation Factor for Income Taxes | E40: (line 12 divided by line 2 col 3) | I40: =IF(I39=0,0,I39/I19) -> 0.017852678 | L40: =I40 -> 0.017852678
C42: RETURN
A43: 14 | C43: Return on Rate Base | E43: Attach H, p 3, line 46 col 5 | I43: =+'Attachment H'!I170 -> 1200463.7
A44: 15 | C44: Annual Allocation Factor for Return on Rate Base | E44: (line 14 divided by line 2 col 3) | I44: =IF(I43=0,0,I43/I19) -> 0.077445014 | L44: =I44 -> 0.077445014
A46: 16 | C46: Annual Allocation Factor for Return | E46: Sum of line 13 and 15 | I46: =+I44+I40 -> 0.095297693 | L46: =L40+L44 -> 0.095297693
G55: =+G5 -> Attachment 1 | S55: Page 2 of 2
G56: =+G6 -> Project Revenue Requirement Worksheet
G57: =+G7 -> Gridliance High Plains LLC
C62: -1 | D62: -2 | E62: -3 | F62: -4 | G62: -5 | H62: -6 | I62: -7 | J62: -8 | K62: -9 | L62: -10 | M62: -11 | N62: -12 | O62: (12a) | P62: -13 | Q62: (14) | R62: (15) | S62: (16)
A63: Line No. | C63: Project Name (Notes M & N) | D63: ITEP Project Number | E63: Project Gross Plant | F63: Annual Allocation Factor for Expense | G63: Annual Expense Charge | H63: Project Net Plant | I63: Annual Allocation Factor for Return | J63: Annual Return Charge | K63: Project Depreciation/Amortization Expense | L63: Annual Revenue Requirement | M63: Incentive Return in basis Points | N63: Incentive Return | O63: Ceiling Rate | P63: Discount | Q63: Total Annual Revenue Requirement | R63: True-Up Adjustment | S63: Net Rev Req
E64: (Note C) | F64: (Page 1 line 11) | G64: (Col. 3 * Col. 4) | H64: (Notes D & I) | I64: (Page 1 line 16) | J64: (Col. 6 * Col. 7) | K64: (Notes E & I) | L64: (Sum Col. 5, 8 & 9) | M64: (Note K) | N64: (Attachment 2, Line 28 /100 * Col. 11) | O64: (Sum Col. 10 & 12) | P64: (Note J) | Q64: (Sum Col. 10 & 12 Less Col. 13) | R64: (Note F) | S64: Sum Col. 14 & 15 (Note G)
C65: Zone 10
A66: 15a | C66: Southeast Missouri Assets (excludes Nixa NTC Project) | F66: =$L$36 -> 0.053594839 | G66: =E66*F66 -> 0 | I66: =$L$46 -> 0.095297693 | J66: =H66*I66 -> 0 | L66: =G66+J66+K66 -> 0 | M66: 0 | N66: =+'2-Incentive ROE'!K$40*'1-Project Rev Req'!M66/100 -> 0 | O66: =+L66+N66 -> 0 | P66: 0 | Q66: =+L66+N66-P66 -> 0 | R66: ='3-Project True-up'!$K$20 -> 0 | S66: =+Q66+R66 -> 0
F67: =$L$36 -> 0.053594839 | G67: =E67*F67 -> 0 | I67: =$L$46 -> 0.095297693 | J67: =H67*I67 -> 0 | L67: =G67+J67+K67 -> 0 | N67: =+'2-Incentive ROE'!K$40*'1-Project Rev Req'!M67/100 -> 0 | O67: =+L67+N67 -> 0 | Q67: =+L67+N67-P67 -> 0 | S67: =+Q67+R67 -> 0
F68: =$L$36 -> 0.053594839 | G68: =E68*F68 -> 0 | I68: =$L$46 -> 0.095297693 | J68: =H68*I68 -> 0 | L68: =G68+J68+K68 -> 0 | N68: =+'2-Incentive ROE'!K$40*'1-Project Rev Req'!M68/100 -> 0 | O68: =+L68+N68 -> 0 | Q68: =+L68+N68-P68 -> 0 | S68: =+Q68+R68 -> 0
A69: 15b | F69: =$L$36 -> 0.053594839 | G69: =E69*F69 -> 0 | I69: =$L$46 -> 0.095297693 | J69: =H69*I69 -> 0 | L69: =G69+J69+K69 -> 0 | M69: 0 | N69: =+'2-Incentive ROE'!K$40*'1-Project Rev Req'!M69/100 -> 0 | O69: =+L69+N69 -> 0 | P69: 0 | Q69: =+L69+N69-P69 -> 0 | R69: ='3-Project True-up'!$K$22 -> 0 | S69: =+Q69+R69 -> 0
F70: =$L$36 -> 0.053594839 | G70: =E70*F70 -> 0 | I70: =$L$46 -> 0.095297693 | J70: =H70*I70 -> 0 | L70: =G70+J70+K70 -> 0 | N70: =+'2-Incentive ROE'!K$40*'1-Project Rev Req'!M70/100 -> 0 | O70: =+L70+N70 -> 0 | Q70: =+L70+N70-P70 -> 0 | S70: =+Q70+R70 -> 0
C71: Zone 10 Schedule 11 | F71: =$L$36 -> 0.053594839 | G71: =E71*F71 -> 0 | I71: =$L$46 -> 0.095297693 | J71: =H71*I71 -> 0 | L71: =G71+J71+K71 -> 0 | N71: =+'2-Incentive ROE'!K$40*'1-Project Rev Req'!M71/100 -> 0 | O71: =+L71+N71 -> 0 | Q71: =+L71+N71-P71 -> 0 | S71: =L71+R71 -> 0
A72: 15c | C72: Nixa NTC Project | F72: =$L$36 -> 0.053594839 | G72: =E72*F72 -> 0 | I72: =$L$46 -> 0.095297693 | J72: =H72*I72 -> 0 | L72: =G72+J72+K72 -> 0 | M72: 0 | N72: =+'2-Incentive ROE'!K$40*'1-Project Rev Req'!M72/100 -> 0 | O72: =+L72+N72 -> 0 | P72: 0 | Q72: =+L72+N72-P72 -> 0 | R72: ='3-Project True-up'!$K$24 -> 0 | S72: =L72+R72 -> 0
F73: =$L$36 -> 0.053594839 | G73: =E73*F73 -> 0 | I73: =$L$46 -> 0.095297693 | J73: =H73*I73 -> 0 | L73: =G73+J73+K73 -> 0 | N73: =+'2-Incentive ROE'!K$40*'1-Project Rev Req'!M73/100 -> 0 | O73: =+L73+N73 -> 0 | Q73: =+L73+N73-P73 -> 0 | S73: =L73+R73 -> 0
F74: =$L$36 -> 0.053594839 | G74: =E74*F74 -> 0 | I74: =$L$46 -> 0.095297693 | J74: =H74*I74 -> 0 | L74: =G74+J74+K74 -> 0 | N74: =+'2-Incentive ROE'!K$40*'1-Project Rev Req'!M74/100 -> 0 | O74: =+L74+N74 -> 0 | Q74: =+L74+N74-P74 -> 0 | S74: =L74+R74 -> 0
A75: 15d | F75: =$L$36 -> 0.053594839 | G75: =E75*F75 -> 0 | I75: =$L$46 -> 0.095297693 | J75: =H75*I75 -> 0 | L75: =G75+J75+K75 -> 0 | N75: =+'2-Incentive ROE'!K$40*'1-Project Rev Req'!M75/100 -> 0 | O75: =+L75+N75 -> 0 | Q75: =+L75+N75-P75 -> 0 | S75: =L75+R75 -> 0
F76: =$L$36 -> 0.053594839 | G76: =E76*F76 -> 0 | I76: =$L$46 -> 0.095297693 | J76: =H76*I76 -> 0 | L76: =G76+J76+K76 -> 0 | N76: =+'2-Incentive ROE'!K$40*'1-Project Rev Req'!M76/100 -> 0 | O76: =+L76+N76 -> 0 | Q76: =+L76+N76-P76 -> 0 | S76: =L76+R76 -> 0
C77: Zone 14 | F77: =$L$36 -> 0.053594839 | G77: =E77*F77 -> 0 | I77: =$L$46 -> 0.095297693 | J77: =H77*I77 -> 0 | L77: =G77+J77+K77 -> 0 | N77: =+'2-Incentive ROE'!K$40*'1-Project Rev Req'!M77/100 -> 0 | O77: =+L77+N77 -> 0 | Q77: =+L77+N77-P77 -> 0 | S77: =L77+R77 -> 0
A78: 15e | C78: Kansas Assets | E78: 17766035 | F78: =$L$36 -> 0.053594839 | G78: =E78*F78 -> 952167.77 | H78: 15135239 | I78: =$L$46 -> 0.095297693 | J78: =H78*I78 -> 1442353.3 | K78: =(E78/$E$90)*'5-P3 Support'!$M$24 -> 387793.23 | L78: =G78+J78+K78 -> 2782314.3 | M78: 0 | N78: =+'2-Incentive ROE'!K$40*'1-Project Rev Req'!M78/100 -> 0 | O78: =+L78+N78 -> 2782314.3 | P78: 0 | Q78: =+L78+N78-P78 -> 2782314.3 | R78: ='3-Project True-up'!K26 -> -414832.57 | S78: =L78+R78 -> 2367481.8
F79: =$L$36 -> 0.053594839 | G79: =E79*F79 -> 0 | I79: =$L$46 -> 0.095297693 | J79: =H79*I79 -> 0 | L79: =G79+J79+K79 -> 0 | N79: =+'2-Incentive ROE'!K$40*'1-Project Rev Req'!M79/100 -> 0 | O79: =+L79+N79 -> 0 | Q79: =+L79+N79-P79 -> 0 | S79: =L79+R79 -> 0
F80: =$L$36 -> 0.053594839 | G80: =E80*F80 -> 0 | I80: =$L$46 -> 0.095297693 | J80: =H80*I80 -> 0 | L80: =G80+J80+K80 -> 0 | N80: =+'2-Incentive ROE'!K$40*'1-Project Rev Req'!M80/100 -> 0 | O80: =+L80+N80 -> 0 | Q80: =+L80+N80-P80 -> 0 | S80: =L80+R80 -> 0
C81: Zone 14 Schedule 11 | F81: =$L$36 -> 0.053594839 | G81: =E81*F81 -> 0 | I81: =$L$46 -> 0.095297693 | J81: =H81*I81 -> 0 | L81: =G81+J81+K81 -> 0 | N81: =+'2-Incentive ROE'!K$40*'1-Project Rev Req'!M81/100 -> 0 | O81: =+L81+N81 -> 0 | Q81: =+L81+N81-P81 -> 0 | S81: =L81+R81 -> 0
A82: 15f | C82: Winfield NTC Project | E82: 423726.29 | F82: =$L$36 -> 0.053594839 | G82: =E82*F82 -> 22709.543 | H82: 365612.44 | I82: =$L$46 -> 0.095297693 | J82: =H82*I82 -> 34842.022 | K82: =(E82/$E$90)*'5-P3 Support'!$M$24 -> 9249.0075 | L82: =G82+J82+K82 -> 66800.572 | M82: 0 | N82: =+'2-Incentive ROE'!K$40*'1-Project Rev Req'!M82/100 -> 0 | O82: =+L82+N82 -> 66800.572 | P82: 0 | Q82: =+L82+N82-P82 -> 66800.572 | R82: ='3-Project True-up'!K28 -> -83631.419 | S82: =L82+R82 -> -16830.847
F83: =$L$36 -> 0.053594839 | G83: =E83*F83 -> 0 | I83: =$L$46 -> 0.095297693 | J83: =H83*I83 -> 0 | L83: =G83+J83+K83 -> 0 | N83: =+'2-Incentive ROE'!K$40*'1-Project Rev Req'!M83/100 -> 0 | O83: =+L83+N83 -> 0 | Q83: =+L83+N83-P83 -> 0 | S83: =L83+R83 -> 0
C84: Zone 10 (2020 Remaining True-up) | F84: =$L$36 -> 0.053594839 | G84: =E84*F84 -> 0 | I84: =$L$46 -> 0.095297693 | J84: =H84*I84 -> 0 | L84: =G84+J84+K84 -> 0 | N84: =+'2-Incentive ROE'!K$40*'1-Project Rev Req'!M84/100 -> 0 | O84: =+L84+N84 -> 0 | Q84: =+L84+N84-P84 -> 0 | R84: ='3-Project True-up'!K30 -> 0 | S84: =L84+R84 -> 0
C85: Zone 10 Schedule 11 (2020 Remaining True-up) | F85: =$L$36 -> 0.053594839 | G85: =E85*F85 -> 0 | I85: =$L$46 -> 0.095297693 | J85: =H85*I85 -> 0 | L85: =G85+J85+K85 -> 0 | N85: =+'2-Incentive ROE'!K$40*'1-Project Rev Req'!M85/100 -> 0 | O85: =+L85+N85 -> 0 | Q85: =+L85+N85-P85 -> 0 | R85: ='3-Project True-up'!K31 -> 0 | S85: =L85+R85 -> 0
F86: =$L$36 -> 0.053594839 | G86: =E86*F86 -> 0 | I86: =$L$46 -> 0.095297693 | J86: =H86*I86 -> 0 | L86: =G86+J86+K86 -> 0 | N86: =+'2-Incentive ROE'!K$40*'1-Project Rev Req'!M86/100 -> 0 | O86: =+L86+N86 -> 0 | Q86: =+L86+N86-P86 -> 0 | S86: =L86+R86 -> 0
F87: =$L$36 -> 0.053594839 | G87: =E87*F87 -> 0 | I87: =$L$46 -> 0.095297693 | J87: =H87*I87 -> 0 | L87: =G87+J87+K87 -> 0 | N87: =+'2-Incentive ROE'!K$40*'1-Project Rev Req'!M87/100 -> 0 | O87: =+L87+N87 -> 0 | Q87: =+L87+N87-P87 -> 0 | S87: =L87+R87 -> 0
F88: =$L$36 -> 0.053594839 | G88: =E88*F88 -> 0 | I88: =$L$46 -> 0.095297693 | J88: =H88*I88 -> 0 | L88: =G88+J88+K88 -> 0 | N88: =+'2-Incentive ROE'!K$40*'1-Project Rev Req'!M88/100 -> 0 | O88: =+L88+N88 -> 0 | Q88: =+L88+N88-P88 -> 0 | S88: =L88+R88 -> 0
S89: =L89+R89 -> 0
A90: 16 | C90: Annual Totals | E90: =SUM(E78,E82) -> 18189761 | G90: =SUM(G78,G82) -> 974877.31 | H90: =SUM(H78,H82) -> 15500851 | J90: =SUM(J66:J88) -> 1477195.4 | K90: =SUM(K66:K88) -> 397042.24 | L90: =SUM(L66:L88) -> 2849114.9 | M90: =SUM(M66:M88) -> 0 | N90: =SUM(N66:N88) -> 0 | O90: =SUM(O66:O88) -> 2849114.9 | P90: =SUM(P66:P88) -> 0 | Q90: =SUM(Q66:Q88) -> 2849114.9 | ... S90: =SUM(S66:S88) -> 2350650.9
A95: Note
A96: Letter
A97: A | C97: Gross Transmission Plant is that identified on page 2 line 2 of Attachment H
A98: B | C98: Inclusive of any CWIP or unamortized abandoned plant included in rate base when authorized by FERC order less any prefunded AFUDC, if applicable.
A99: C | C99: Project Gross Plant is the total capital investment for the project calculated in the same method as the gross plant value in line 1. This value includes subsequent capital investments required to maintain the facilities to their original capabilities.
C100: Gross plant does not include Unamortized Abandoned Plant.
A101: D | C101: Project Net Plant is the Project Gross Plant Identified in Column 3 less the associated Accumulated Depreciation. Net Plant includes CWIP and Unamortized Abandoned Plant and excludes any regulatory asset, which are to entered as a separate line item.
A102: E | C102: Project Depreciation Expense is the actual value booked for the project and included in the Depreciation Expense in Attachment H, page 3, line 16. Project Depreciation Expense includes the amortization of Abandoned Plant
A103: F | C103: True-Up Adjustment is calculated on the Project True-up Schedule for the Rate Year
A104: G | C104: The Net Rev Req is the value to be used in the SPP's rate calculation under the applicable Schedule under the SPP OATT for each project.
A105: H | C105: The Total General, Intangible and Common Depreciation Expense excludes any depreciation expense directly associated with a project and thereby included in page 2 column 9.
A106: I | C106: The Unamortized Abandoned Plant balance is included in Net Plant, and Amortization of Abandoned Plant is included in Depreciation/Amortization Expense.
A107: J | C107: The discount is the reduction in revenue, if any, that the company agreed to, for instance, to be selected to build facilities as the result of a competitive process and equals the amount by which the annual revenue requirement is reduced from the ceiling rate
A108: K | C108: Requires approval by FERC of incentive return applicable to the specified project(s)
A109: M | C109: All facilities other than those being recovered under Schedules 7, 8, 9 are to be included in Attachment 1.
A110: N | C110: Facilities that provide Wholesale Distribution Service are not to be listed as projects on lines 15, the revenue requirements associated with these facilities are calculated on Attachment 11
A111: O | C111: When an updated projected net revenue requirement is posted due to an asset acquisition as provided for in the Protocols, the difference between the updated net revenue requirement in Col (16) and the revenues collected to date will be recovered
C112: over the remaining months of the Rate Year.

Sheet 2-Incentive ROE
F3: Attachment 2 | K3: Page 1 of 1
F4: Incentive ROE
F5: =+'Attachment H'!D5 -> Gridliance High Plains LLC
A7: 1 | B7: Rate Base | C7: Attachment H, Page 2 line 37, Col.5 | K7: =+'Attachment H'!I106 -> 13991418
A9: =+A7+1 -> 2 | B9: 100 Basis Point Incentive Return | J9: $
H10: Cost
E11: $ | F11: % | J11: Weighted
A12: =+A9+1 -> 3 | B12: Long Term Debt | C12: (Attachment H, Notes Q and R) | E12: ='Attachment H'!D210 -> 24340687 | F12: ='Attachment H'!E210 -> 0.4 | H12: ='Attachment H'!G210 -> 0.06 | J12: =F12*H12 -> 0.024
A13: =+A12+1 -> 4 | B13: Preferred Stock | C13: (Attachment H, Notes Q and R) | E13: ='Attachment H'!D211 -> 0 | F13: 0 | H13: 0 | J13: =F13*H13 -> 0
A14: =+A13+1 -> 5 | B14: Common Stock | C14: (Attachment H, Notes K, Q and R) | D14: Cost = Attachment H, Page 4 Line 22, Cost plus .01 | E14: ='Attachment H'!D212 -> 76476833 | F14: ='Attachment H'!E212 -> 0.6 | H14: 0.113 | J14: =F14*H14 -> 0.0678
A15: =+A14+1 -> 6 | B15: Total (sum lines 3-5) | E15: =SUM(E12:E14) -> 1.0081752e+08 | J15: =SUM(J12:J14) -> 0.0918
A16: =+A15+1 -> 7 | B16: 100 Basis Point Incentive Return multiplied by Rate Base (line 1 * line 6) | K16: =+J15*K7 -> 1284412.2
A18: =+A16+1 -> 8 | B18: INCOME TAXES
A19: =+A18+1 -> 9 | B19: T=1 - {[(1 - SIT) * (1 - FIT)] / (1 - SIT * FIT * p)} = | E19: =IF('Attachment H'!D259>0,1-(((1-'Attachment H'!D260)*(1-'Attachment H'!D259))/(1-'Attachment H'!D259*'Attachment H'!D260*'Attachment H'!D261)),0) -> 0.2416 | I19: =+E12/E15 -> 0.24143311
A20: =+A19+1 -> 10 | B20: CIT=(T/1-T) * (1-(WCLTD/R)) = | E20: =IF(J15>0,(E19/(1-E19))*(1-J12/J15),0) -> 0.23528033 | I20: =+E14/E15 -> 0.75856689
A21: =+A20+1 -> 11 | B21: WCLTD = Line 3
A22: =+A21+1 -> 12 | B22: and FIT, SIT & p are as given in Attachment H, Note G.
A23: =+A22+1 -> 13 | B23: =" 1 / (1 - T) = (from line "&A19&")" -> 1 / (1 - T) = (from line 9) | E23: =IF(E19>0,1/(1-E19),0) -> 1.3185654
A24: =+A23+1 -> 14 | B24: Amortized Investment Tax Credit (266.8f) (enter negative) | D24: Attachment H, Page 3, Line 37 | E24: =+'Attachment H'!D160 -> 0
A25: =+A24+1 -> 15 | B25: (Excess)/Deficient Deferred Income Taxes | D25: Attachment H, Page 3, Line 38 | E25: =+'Attachment H'!D161 -> -406.68736
A26: =+A25+1 -> 16 | B26: Tax Effect of Permanent Differences (Note B) | D26: Attachment H, Page 3, Line 39 | E26: =+'Attachment H'!D162 -> 1375.8345
A27: =+A26+1 -> 17 | B27: Income Tax Calculation | D27: Attachment H, Page 3, Line 40 | E27: =+'Attachment H'!D163 -> 275453.83 | G27: NA | J27: =E27 -> 275453.83
A28: =+A27+1 -> 18 | B28: ="ITC adjustment (line "&A23&" * line "&A24&")" -> ITC adjustment (line 13 * line 14) | E28: =+E$23*E24 -> 0 | G28: NP | H28: =+'Attachment H'!G84 -> 1 | J28: =+E28*H28 -> 0
A29: =+A28+1 -> 19 | B29: ="(Excess)/Deficient Deferred Income Tax Adjustment (line "&A23&" * line "&A25&")" -> (Excess)/Deficient Deferred Income Tax Adjustment (line 13 * line 15) | E29: =+E$23*E25 -> -536.24388 | G29: NP | H29: =H28 -> 1 | J29: =+E29*H29 -> -536.24388
A30: =+A29+1 -> 20 | B30: ="Permanent Differences Tax Adjustment (line "&A23&" * "&A26&")" -> Permanent Differences Tax Adjustment (line 13 * 16) | E30: =+E$23*E26 -> 1814.1278 | G30: NP | H30: =H29 -> 1 | J30: =+E30*H30 -> 1814.1278
A31: =+A30+1 -> 21 | B31: ="Total Income Taxes (sum lines "&A27&" - "&A30&")" -> Total Income Taxes (sum lines 17 - 20) | E31: =SUM(E27:E30) -> 276731.71 | J31: =SUM(J27:J30) -> 276731.71 | K31: =+J31 -> 276731.71
A33: =+A31+1 -> 22 | B33: Return and Income Taxes with 100 basis point increase in ROE | K33: =+K31+K16 -> 1561143.9
A35: =+A33+1 -> 23 | B35: Return (Attach. H, page 3 line 46 col 5) | K35: =+'Attachment H'!I170 -> 1200463.7
A36: =+A35+1 -> 24 | B36: Income Tax (Attach. H, page 3 line 44 col 5) | K36: =+'Attachment H'!I167 -> 276731.71
A37: =+A36+1 -> 25 | B37: Return and Income Taxes without 100 basis point increase in ROE | K37: =SUM(K35:K36) -> 1477195.4
A38: =+A37+1 -> 26 | B38: Incremental Return and Income Taxes for 100 basis point increase in ROE | K38: =+K33-K37 -> 83948.507
A39: =+A38+1 -> 27 | B39: Rate Base (line 1) | K39: =+K7 -> 13991418
A40: =+A39+1 -> 28 | B40: Incremental Return and Income Taxes for 100 basis point increase in ROE divided by Rate Base | K40: =IF(K39=0,0,K38/K39) -> 0.006
A43: Notes:
A44: A | B44: Line 5 includes a 100 basis point increase in ROE that is used only to determine the increase in return and income taxes associated with
B45: a 100 basis point increase in ROE. Any actual ROE incentive must be approved by the Commission.
B46: For example, if the Commission were to grant a 137 basis point ROE incentive, the increase in return and taxes for a 100 basis point
B47: increase in ROE would be multiplied by 1.37 on Attachment 1 column 12.
A48: B | B48: The Tax Effect of Permanent Differences captures the differences in the income taxes due under the Federal and State calculations and the income taxes calculated
B49: in Attachment H that are not the result of a timing difference

Sheet 3-Project True-up
J1: Page 1 of 1
E5: Attachment 3
E6: Project True-Up
E7: =+'2-Incentive ROE'!F5 -> Gridliance High Plains LLC
D10: Revenue Requirement Projected | G10: Actual Revenue
A11: 1 | B11: Rate Year being Trued-Up | D11: For Rate Year | F11: Revenue Received3 | G11: Requirement | H11: Annual True-Up Calculation
A12: 2 | B12: 2025 | F12: 3171538.2
B13: A | C13: B | D13: C | E13: D | F13: E | G13: F | H13: G | I13: H | J13: I | K13: J
E14: % of
D15: Projected | E15: Total | F15: Revenue | G15: Actual | H15: Net | J15: Interest
B16: Project # | D16: Net Revenue | E16: Revenue | F16: Received | G16: Net Revenue | H16: Under/(Over) | I16: Prior Period | J16: Income | K16: Total True-Up
B17: Or Other Identifier | C17: Project Name | D17: Requirement1 | E17: Requirement | F17: (E, Line 2 ) x (D) | G17: Requirement2 | H17: Collection (F)-(E) | I17: Adjustment 5 | J17: (Expense)4 | K17: (G) + (H) + (I)
A18: 3 | B18: Attachment H | E18: =IF(D$39=0,0,D18/D$39) -> 0 | F18: =IF(F$12=0,0,E18*F$12) -> 0 | H18: =+G18-F18 -> 0 | I18: =$E$59*E18 -> 0 | J18: =(H18+I18)*((J$41/12)*24) -> 0 | K18: =+H18+J18+I18 -> 0
E19: =IF(D$39=0,0,D19/D$39) -> 0 | F19: =IF(F$12=0,0,E19*F$12) -> 0 | H19: =+G19-F19 -> 0 | I19: =$E$59*E19 -> 0 | J19: =(H19+I19)*((J$41/12)*24) -> 0 | K19: =+H19+J19+I19 -> 0
A20: 3a | B20: Zone 10 | C20: Southeast Missouri Assets (excludes Nixa NTC Project) | D20: 0 | E20: =IF(D$39=0,0,D20/D$39) -> 0 | F20: =IF(F$12=0,0,E20*F$12) -> 0 | G20: 0 | H20: =+G20-F20 -> 0 | I20: =$E$59*E20 -> 0 | J20: =(H20+I20)*((J$41/12)*24) -> 0 | K20: =+H20+J20+I20 -> 0
E21: =IF(D$39=0,0,D21/D$39) -> 0 | F21: =IF(F$12=0,0,E21*F$12) -> 0 | H21: =+G21-F21 -> 0 | I21: =$E$59*E21 -> 0 | J21: =(H21+I21)*((J$41/12)*24) -> 0 | K21: =+H21+J21+I21 -> 0
A22: 3b | D22: 0 | E22: =IF(D$39=0,0,D22/D$39) -> 0 | F22: =IF(F$12=0,0,E22*F$12) -> 0 | G22: 0 | H22: =+G22-F22 -> 0 | I22: =$E$59*E22 -> 0 | J22: =(H22+I22)*((J$41/12)*24) -> 0 | K22: =+H22+J22+I22 -> 0
E23: =IF(D$39=0,0,D23/D$39) -> 0 | F23: =IF(F$12=0,0,E23*F$12) -> 0 | H23: =+G23-F23 -> 0 | I23: =$E$59*E23 -> 0 | J23: =(H23+I23)*((J$41/12)*24) -> 0 | K23: =+H23+J23+I23 -> 0
A24: 3c | B24: Zone 10 Schedule 11 | C24: Nixa NTC Project | D24: 0 | E24: =IF(D$39=0,0,D24/D$39) -> 0 | F24: =IF(F$12=0,0,E24*F$12) -> 0 | G24: 0 | H24: =+G24-F24 -> 0 | I24: =$E$59*E24 -> 0 | J24: =(H24+I24)*((J$41/12)*24) -> 0 | K24: =+H24+J24+I24 -> 0
E25: =IF(D$39=0,0,D25/D$39) -> 0 | F25: =IF(F$12=0,0,E25*F$12) -> 0 | H25: =+G25-F25 -> 0 | I25: =$E$59*E25 -> 0 | J25: =(H25+I25)*((J$41/12)*24) -> 0 | K25: =+H25+J25+I25 -> 0
A26: 3d | B26: Zone 14 | C26: Kansas Assets (excludes Winfield NTC Project) | D26: 2595450.8 | E26: =IF(D$39=0,0,D26/D$39) -> 0.83222174 | F26: =IF(F$12=0,0,E26*F$12) -> 2639423.1 | G26: 2272778.3 | H26: =+G26-F26 -> -366644.75 | I26: =$E$59*E26 -> 6618.4679 | J26: =(H26+I26)*((J$41/12)*24) -> -54806.287 | K26: =+H26+J26+I26 -> -414832.57
E27: =IF(D$39=0,0,D27/D$39) -> 0 | F27: =IF(F$12=0,0,E27*F$12) -> 0 | H27: =+G27-F27 -> 0 | I27: =$E$59*E27 -> 0 | J27: =(H27+I27)*((J$41/12)*24) -> 0 | K27: =+H27+J27+I27 -> 0
A28: 3e | B28: Zone 14 Schedule 11 | C28: Winfield NTC Project | D28: 523250.22 | E28: =IF(D$39=0,0,D28/D$39) -> 0.16777826 | F28: =IF(F$12=0,0,E28*F$12) -> 532115.15 | G28: 458198.53 | H28: =+G28-F28 -> -73916.618 | I28: =$E$59*E28 -> 1334.3018 | J28: =(H28+I28)*((J$41/12)*24) -> -11049.102 | K28: =+H28+J28+I28 -> -83631.419
E29: =IF(D$39=0,0,D29/D$39) -> 0 | F29: =IF(F$12=0,0,E29*F$12) -> 0 | H29: =+G29-F29 -> 0 | I29: =$E$59*E29 -> 0 | J29: =(H29+I29)*((J$41/12)*24) -> 0 | K29: =+H29+J29+I29 -> 0
E30: =IF(D$39=0,0,D30/D$39) -> 0 | F30: =IF(F$12=0,0,E30*F$12) -> 0 | H30: =+G30-F30 -> 0 | I30: =$E$59*E30 -> 0 | J30: =(H30+I30)*((J$41/12)*24) -> 0 | K30: =+H30+J30+I30 -> 0
E31: =IF(D$39=0,0,D31/D$39) -> 0 | F31: =IF(F$12=0,0,E31*F$12) -> 0 | H31: =+G31-F31 -> 0 | I31: =$E$59*E31 -> 0 | J31: =(H31+I31)*((J$41/12)*24) -> 0 | K31: =+H31+J31+I31 -> 0
E32: =IF(D$39=0,0,D32/D$39) -> 0 | F32: =IF(F$12=0,0,E32*F$12) -> 0 | H32: =+G32-F32 -> 0 | I32: =$E$59*E32 -> 0 | J32: =(H32+I32)*((J$41/12)*24) -> 0 | K32: =+H32+J32+I32 -> 0
E33: =IF(D$39=0,0,D33/D$39) -> 0 | F33: =IF(F$12=0,0,E33*F$12) -> 0 | H33: =+G33-F33 -> 0 | I33: =$E$59*E33 -> 0 | J33: =(H33+I33)*((J$41/12)*24) -> 0 | K33: =+H33+J33+I33 -> 0
E34: =IF(D$39=0,0,D34/D$39) -> 0 | F34: =IF(F$12=0,0,E34*F$12) -> 0 | H34: =+G34-F34 -> 0 | I34: =$E$59*E34 -> 0 | J34: =(H34+I34)*((J$41/12)*24) -> 0 | K34: =+H34+J34+I34 -> 0
E35: =IF(D$39=0,0,D35/D$39) -> 0 | F35: =IF(F$12=0,0,E35*F$12) -> 0 | H35: =+G35-F35 -> 0 | I35: =$E$59*E35 -> 0 | J35: =(H35+I35)*((J$41/12)*24) -> 0 | K35: =+H35+J35+I35 -> 0
E36: =IF(D$39=0,0,D36/D$39) -> 0 | F36: =IF(F$12=0,0,E36*F$12) -> 0 | H36: =+G36-F36 -> 0 | I36: =$E$59*E36 -> 0 | J36: =(H36+I36)*((J$41/12)*24) -> 0 | K36: =+H36+J36+I36 -> 0
E37: =IF(D$39=0,0,D37/D$39) -> 0 | F37: =IF(F$12=0,0,E37*F$12) -> 0 | H37: =+G37-F37 -> 0 | I37: =$E$59*E37 -> 0 | J37: =(H37+I37)*((J$41/12)*24) -> 0 | K37: =+H37+J37+I37 -> 0
I38: =$E$59*E38 -> 0
A39: 4 | B39: Total Annual Revenue Requirements (Note A) | D39: =SUM(D18:D38) -> 3118701 | E39: =SUM(E18:E38) -> 1 | F39: =SUM(F18:F38) -> 3171538.2 | G39: =SUM(G18:G38) -> 2730976.8 | H39: =SUM(H18:H38) -> -440561.37 | I39: =SUM(I18:I38) -> 7952.7697 | J39: =SUM(J18:J38) -> -65855.39 | K39: =SUM(K18:K38) -> -498463.99
G41: Monthly Interest Rate | J41: ='6-True-Up Interest'!H15*12 -> 0.076114286
D42: =+D20+D24 -> 0 | G42: Interest Income (Expense) | J42: =+J39 -> -65855.39
B43: Notes:
B44: 1) From Attachment 1, line 15, col. 14 for the projection for the Rate Year.
B45: 2) From Attachment 1, line 15, col. 14 for that project based on the actual costs for the Rate Year.
B46: 3) The "Revenue Received" on line 2, Col. (E), is the total amount of revenue distributed to company in the year as shown on pages 328-330 of the Form No 1. The Revenue Received is input on line 2, Col. E excludes any True-Up revenues.
B47: Column E, lines 3 are the dollar amounts of Revenue Received reflecting the % in Column D. This assigns to each project a percentage of the revenue received based on the percentage of the Projected Net Revenue Requirement in Column C.
B48: 4) Interest from Attachment 6.
B49: 5) Prior Period Adjustment from line 5 is pro rata to each project, unless the error was project specific.
A55: Prior Period Adjustment
B56: (a) | C56: (b) | D56: (c) | E56: (d)
B57: =+A55 -> Prior Period Adjustment | C57: Amount | D57: Interest | E57: Total
B58: (Note B) | C58: In Dollars | D58: Note B | E58: Col. (b) + Col. (c)
A59: 5 | B59: 2024 M&S / Prepayments corrections | C59: 7952.7697 | D59: 0 | E59: =C59+D59 -> 7952.7697
A63: Notes: | B63: A | C63: For each project or Attachment H, the utility will populate the formula rate with the inputs for the True-Up Year. The revenue requirements, based on actual operating results for the True-Up Year, associated with the projects and Attachment H will then be entered in Col. (F) above. Column (E) above contains the actual revenues received associated with Attachment H and any Projects paid by SPP to the utility during the True-Up Year. Then in Col. (G), Col. (E) is subtracted from Col. (F) to calculate the True-up Adjustment. The Prior Period Adjustment from Line 5 below is input in Col. (H). Column (I) is the applicable interest rate from Attachment 6. Column (I) adds the interest on the sum of Col.(G) and (H). Col. (J) is the sum of Col. (G), (H), and (I).
B64: B | C64: Prior Period Adjustment is the amount of an adjustment to correct an error in a prior period. The FERC Refund interest rate specified in CFR 35.19(a) for the period up to the date the projected rates that are subject to True Up here went into effect.

Sheet 4- Rate Base
G1: Attachment 4 | J1: Page 1 of 2
G2: Rate Base Worksheet
G3: =+'Attachment H'!D5 -> Gridliance High Plains LLC
C6: Gross Plant In Service | E6: CWIP | F6: LHFFU | G6: Working Capital | I6: Accumulated Depreciation
A7: Line No | B7: Month | C7: Transmission | D7: General & Intangible | E7: CWIP in Rate Base | F7: Held for Future Use | G7: Materials & Supplies | H7: Prepayments | I7: Transmission | J7: General & Intangible
B8: (a) | C8: (b) | D8: (c) | E8: (d) | F8: (e) | G8: (f) | H8: (g) | I8: (h) | J8: (i)
B9: Attachment H, Page 2, Line No: | C9: 2 | D9: 4 | E9: 27 | F9: 31 | G9: 34 | H9: 35 | I9: 9 | J9: 11
C10: 207.58.g for end of year, records for other months | D10: 205.5.g & 207.99.g for end of year, records for other months | E10: (Note C) | F10: 214.x.d for end of year, records for other months | G10: 227.8.c & 227.16.c for end of year, records for other months | H10: 111.57.c for end of year, records for other months | I10: 219.25.c for end of year, records for other months | J10: 219.28.c & 200.21.c for end of year, records for other months
A11: 1 | B11: December Prior Year | C11: 18189761 | D11: 3341.7593 | E11: 0 | F11: 0 | G11: 336784.71 | H11: 24386.239 | I11: 2490388.5 | J11: 1360.6714
A12: 2 | B12: January | C12: 18189761 | D12: 3341.7593 | E12: 0 | F12: 0 | G12: 336784.71 | H12: 24386.239 | I12: 2523475.4 | J12: 1389.548
A13: 3 | B13: February | C13: 18189761 | D13: 3341.7593 | E13: 0 | F13: 0 | G13: 336784.71 | H13: 24386.239 | I13: 2556562.2 | J13: 1418.4245
A14: 4 | B14: March | C14: 18189761 | D14: 3341.7593 | E14: 0 | F14: 0 | G14: 336784.71 | H14: 24386.239 | I14: 2589649.1 | J14: 1447.3011
A15: 5 | B15: April | C15: 18189761 | D15: 3341.7593 | E15: 0 | F15: 0 | G15: 336784.71 | H15: 24386.239 | I15: 2622735.9 | J15: 1476.1777
A16: 6 | B16: May | C16: 18189761 | D16: 3341.7593 | E16: 0 | F16: 0 | G16: 336784.71 | H16: 24386.239 | I16: 2655822.8 | J16: 1505.0542
A17: 7 | B17: June | C17: 18189761 | D17: 3341.7593 | E17: 0 | F17: 0 | G17: 336784.71 | H17: 24386.239 | I17: 2688909.6 | J17: 1533.9308
A18: 8 | B18: July | C18: 18189761 | D18: 3341.7593 | E18: 0 | F18: 0 | G18: 336784.71 | H18: 24386.239 | I18: 2721996.5 | J18: 1562.8074
A19: 9 | B19: August | C19: 18189761 | D19: 3341.7593 | E19: 0 | F19: 0 | G19: 336784.71 | H19: 24386.239 | I19: 2755083.4 | J19: 1591.6839
A20: 10 | B20: September | C20: 18189761 | D20: 3341.7593 | E20: 0 | F20: 0 | G20: 336784.71 | H20: 24386.239 | I20: 2788170.2 | J20: 1620.5605
A21: 11 | B21: October | C21: 18189761 | D21: 3341.7593 | E21: 0 | F21: 0 | G21: 336784.71 | H21: 24386.239 | I21: 2821257.1 | J21: 1649.437
A22: 12 | B22: November | C22: 18189761 | D22: 3341.7593 | E22: 0 | F22: 0 | G22: 336784.71 | H22: 24386.239 | I22: 2854343.9 | J22: 1678.3136
A23: 13 | B23: December | C23: 18189761 | D23: 3341.7593 | E23: 0 | F23: 0 | G23: 336784.71 | H23: 24386.239 | I23: 2887430.8 | J23: 1707.1902
A24: 14 | B24: Average of the 13 Monthly Balances | C24: =SUM(C11:C23)/13 -> 18189761 | D24: =SUM(D11:D23)/13 -> 3341.7593 | E24: =SUM(E11:E23)/13 -> 0 | F24: =SUM(F11:F23)/13 -> 0 | G24: =SUM(G11:G23)/13 -> 336784.71 | H24: =SUM(H11:H23)/13 -> 24386.239 | I24: =SUM(I11:I23)/13 -> 2688909.6 | J24: =SUM(J11:J23)/13 -> 1533.9308
C26: Adjustments to Rate Base
A27: Line No | B27: Month | C27: Unamortized Regulatory Asset | D27: Unamortized Abandoned Plant | E27: Account No. 281 Accumulated Deferred Income Taxes (Note D) | F27: Account No. 282 Accumulated Deferred Income Taxes (Note D) | G27: Account No. 283 Accumulated Deferred Income Taxes (Note D) | H27: Account No. 190 Accumulated Deferred Income Taxes (Note D) | I27: Account No. 255 Accumulated Deferred Investment Credit
B28: (a) | C28: (b) | D28: (c) | E28: (d) | F28: (e) | G28: (f) | H28: (g) | I28: (h)
B29: Attachment H, Page 2, Line No: | C29: 28 | D29: 29 | E29: 22 | F29: 23 | G29: 24 | H29: 25 | I29: 26
C30: Notes A & E | D30: Notes B & F | E30: 272.8.b & 273.8.k | F30: Attachment 4a or 4e | G30: Attachment 4a or 4e | H30: Attachment 4a or 4e | I30: Consistent with 266.8.b & 267.8.h
A31: 15 | B31: December Prior Year | C31: 0 | D31: 0 | E31: 0 | I31: 0
A32: 16 | B32: January | C32: 0 | D32: 0 | I32: 0
A33: 17 | B33: February | C33: 0 | D33: 0 | I33: 0
A34: 18 | B34: March | C34: 0 | D34: 0 | I34: 0
A35: 19 | B35: April | C35: 0 | D35: 0 | I35: 0
A36: 20 | B36: May | C36: 0 | D36: 0 | I36: 0
A37: 21 | B37: June | C37: 0 | D37: 0 | I37: 0
A38: 22 | B38: July | C38: 0 | D38: 0 | I38: 0
A39: 23 | B39: August | C39: 0 | D39: 0 | I39: 0
A40: 24 | B40: September | C40: 0 | D40: 0 | I40: 0
A41: 25 | B41: October | C41: 0 | D41: 0 | I41: 0
A42: 26 | B42: November | C42: 0 | D42: 0 | I42: 0
A43: 27 | B43: December | C43: =+C42 -> 0 | D43: 0 | E43: 0 | I43: 0
A44: 28 | B44: Average of the 13 Monthly Balances | C44: =SUM(C31:C43)/13 -> 0 | D44: =SUM(D31:D43)/13 -> 0 | E44: =(E31+E43)/2 -> 0 | F44: ='4a-ADIT Projection'!I15 -> -1796206.4 | G44: ='4a-ADIT Projection'!I25 -> -159638.85 | H44: ='4a-ADIT Projection'!I35 -> -12965.209 | I44: =SUM(I31:I43)/13 -> 0
F47: Attachment 4
F48: Rate Base Worksheet
F49: South Central MCN LLC
B50: Unfunded Reserves (Notes G & H)
B51: (a) | C51: (b) | D51: (c) | E51: (d) | F51: (e) | G51: (f) | H51: (g) | I51: (h) | J51: Page 2 of 2
A52: 29 | B52: List of all reserves: | D52: Amount | E52: Enter 1 if NOT in a trust or reserved account, enter zero (0) if included in a trust or reserved account | F52: Enter 1 if the accrual account is included in the formula rate, enter (0) if O if the accrual account is NOT included in the formula rate | G52: Enter the percentage paid for by customers, 1 less the percent associated with an offsetting liability on the balance sheet | H52: Allocation (Plant or Labor Allocator) | I52: Amount Allocated, col. c x col. d x col. e x col. f x col. g
A53: 30a | C53: Reserve 1 | D53: 0 | E53: 0 | I53: =+H53*E53*D53*F53*G53 -> 0
A54: 30b | C54: Reserve 2 | D54: 0 | E54: 0 | I54: =+H54*E54*D54*F54*G54 -> 0
A55: 30c | C55: Reserve 3 | I55: =+H55*E55*D55*F55*G55 -> 0
A56: 30d | C56: Reserve 4 | I56: =+H56*E56*D56*F56*G56 -> 0
A57: 30e | C57: … | I57: =+H57*E57*D57*F57*G57 -> 0
A58: 30f | C58: … | D58: 0 | E58: 0 | I58: =+H58*E58*D58*F58*G58 -> 0
A59: 31 | C59: Total | D59: =SUM(D53:D58) -> 0 | I59: =SUM(I53:I58) -> 0
A63: Notes:
A64: A | B64: Recovery of regulatory asset is limited to any regulatory assets authorized by FERC.
A65: B | B65: Recovery of abandoned plant is limited to any abandoned plant recovery authorized by FERC.
A66: C | B66: Includes only CWIP authorized by the Commission for inclusion in rate base. The annual report filed pursuant to Section 7 of the Protocols will include for each project under construction (i) the CWIP balance eligible for inclusion in rate base; (ii) the CWIP balance ineligible for inclusion in rate base; and
B67: (iii) a demonstration that AFUDC is only applied to the CWIP balance that is not included in rate base. The annual report will reconcile the project-specific CWIP balances to the total Account 107 CWIP balance reported on p. 216.b of the FERC Form 1.
A68: D | B68: For rate projections and the annual true-up, ADIT is computed using the prorated end of the year balances as required by Section 1.167(l)-1(h)(6) of the IRS regulations. Attachment 4a calculates the projected ADIT balances on line 28 above based on the prorated ending ADIT balances as calculated on Attachment 4b. For the annual true-up, Attachment 4e calculates the projected ADIT balances on line 28 above based on the prorated ending ADIT balances as calculated on Attachment 4f.
A69: E | B69: Recovery of a Regulatory Asset is permitted only for pre-commercial and formation expenses, and is subject to FERC approval before the amortization of the Regulatory Asset can be included in rates. Recovery of any other regulatory assets requires authorization from the Commission. A carrying charge equal to the AFUDC rate will be applied to the Regulatory Asset prior to the rate year when costs are first recovered.
A70: F | B70: Unamortized Abandoned Plant and Amortization of Abandoned Plant will be zero until the Commission accepts or approves recovery of the cost of abandoned plant.
A71: G | B71: The Formula Rate shall include a credit to rate base for all unfunded reserves (funds collected from customers that (1) have not been set aside in a trust, escrow or restricted account; (2) whose balance are collected from customers through cost accruals to accounts that are recovered under the Formula Rate; and (3) exclude the portion of any balance offset by a balance sheet account). Each unfunded reserve will be included on lines 30 above. The allocator in Col. (g) will be the same allocator used in the formula for the cost accruals to the account that is recovered under the Formula Rate. Since reserves can be created by an offsetting balance sheet account, rather than through cost accruals, the amount to be deducted from rate base should exclude the portion offset by another balance sheet account.
A72: H | B72: Calculate using 13 month average balance, except ADIT which is calculated in Note D.

Sheet 4a-ADIT Projection
A1: Attachment 4a - Accumulated Deferred Income Taxes (ADIT) Average Worksheet (Projection)
A2: =+'Attachment H'!D5 -> Gridliance High Plains LLC
A3: Projection for the 12 Months Ended 12/31/2027
B5: (a) | C5: (b) | D5: (c) | E5: (d) | F5: (e) | G5: (f) | H5: (g) | I5: (h)
A6: Ln | B6: Beginning Balance & Monthly Changes | C6: Month | D6: Year | E6: Balance | F6: Transmission Related | G6: Plant Related | H6: Labor Related | I6: Total (Sum Col. (e), (f) & (g))
A7: ADIT-282
A8: 1 | B8: Balance-BOY (Attach 4c, Line 30) | C8: December | D8: 2026 | E8: =SUM(F8:H8) -> -1718231.5 | F8: ='4c- ADIT BOY'!E54 -> -1718231.5 | G8: ='4c- ADIT BOY'!F54 -> 0 | H8: ='4c- ADIT BOY'!G54 -> 0
A9: =A8+1 -> 2 | B9: Balance-EOY (Attach 4d, Line 30 less Line 27) | C9: December | D9: 2027 | E9: =SUM(F9:H9) -> 0 | F9: ='4d- ADIT EOY'!E54-'4d- ADIT EOY'!E51 -> 0 | G9: ='4d- ADIT EOY'!F54-'4d- ADIT EOY'!F51 -> 0 | H9: ='4d- ADIT EOY'!G54-'4d- ADIT EOY'!G51 -> 0
A10: =A9+1 -> 3 | B10: Balance-EOY-Prorated (Attach 4b, Line 14) | C10: December | D10: 2027 | E10: =SUM(F10:H10) -> -1796206.4 | F10: ='4b-ADIT Projection Proration'!H22 -> -1796206.4 | G10: ='4b-ADIT Projection Proration'!J22 -> 0 | H10: ='4b-ADIT Projection Proration'!L22 -> 0
A11: =+A10+1 -> 4 | B11: Balance-EOY-Total (Lines 2+3) | C11: December | D11: 2027 | E11: =SUM(F11:H11) -> -1796206.4 | F11: =F9+F10 -> -1796206.4 | G11: =G9+G10 -> 0 | H11: =H9+H10 -> 0
A12: =+A11+1 -> 5 | B12: Total Plant Allocator | F12: 1 | J12: 1
A13: =+A12+1 -> 6 | B13: Net Plant Allocator | G13: ='Attachment H'!G$84 -> 1 | J13: Attachment H, Page 2, Line 20
A14: =+A13+1 -> 7 | B14: Wages & Salary Allocator | H14: ='Attachment H'!I$199 -> 1 | J14: Attachment H, Page 4, Line 11
A15: =+A14+1 -> 8 | B15: Projected ADIT Total | E15: =+E11 -> -1796206.4 | F15: =+F11*F12 -> -1796206.4 | G15: =+G11*G13 -> 0 | H15: =+H11*H14 -> 0 | I15: =+F15+G15+H15 -> -1796206.4 | J15: Enter as negative Attachment 4, Page 1, Line 28 for Projection
A17: ADIT-283
A18: =A15+1 -> 9 | B18: Balance-BOY (Attach 4c, Line 44) | C18: December | D18: =D8 -> 2026 | E18: =SUM(F18:H18) -> -159638.85 | F18: ='4c- ADIT BOY'!E78 -> -159638.85 | G18: ='4c- ADIT BOY'!F78 -> 0 | H18: ='4c- ADIT BOY'!G78 -> 0
A19: =A18+1 -> 10 | B19: Balance-EOY (Attach 4d, Line 44 less Line 41) | C19: December | D19: =D9 -> 2027 | E19: =SUM(F19:H19) -> 0 | F19: ='4d- ADIT EOY'!E78-'4d- ADIT EOY'!E75 -> 0 | G19: ='4d- ADIT EOY'!F78-'4d- ADIT EOY'!F75 -> 0 | H19: ='4d- ADIT EOY'!G78-'4d- ADIT EOY'!G75 -> 0
A20: =A19+1 -> 11 | B20: Balance-EOY-Prorated (Attach 4b, Line 28) | C20: December | D20: =D10 -> 2027 | E20: =SUM(F20:H20) -> -159638.85 | F20: ='4b-ADIT Projection Proration'!H38 -> -159638.85 | G20: ='4b-ADIT Projection Proration'!J38 -> 0 | H20: ='4b-ADIT Projection Proration'!L38 -> 0
A21: =A20+1 -> 12 | B21: Balance-EOY-Total (Lines 9+10) | C21: December | D21: =D11 -> 2027 | E21: =SUM(F21:H21) -> -159638.85 | F21: =F19+F20 -> -159638.85 | G21: =G19+G20 -> 0 | H21: =H19+H20 -> 0
A22: =A21+1 -> 13 | B22: Total Plant Allocator | F22: 1 | J22: 1
A23: =A22+1 -> 14 | B23: Net Plant Allocator | G23: ='Attachment H'!G$84 -> 1 | J23: Attachment H, Page 2, Line 20
A24: =A23+1 -> 15 | B24: Wages & Salary Allocator | H24: ='Attachment H'!I$199 -> 1 | J24: Attachment H, Page 4, Line 11
A25: =A24+1 -> 16 | B25: Projected ADIT Total | E25: =E21 -> -159638.85 | F25: =+F21*F22 -> -159638.85 | G25: =+G21*G23 -> 0 | H25: =+H21*H24 -> 0 | I25: =+F25+G25+H25 -> -159638.85 | J25: Enter as negative Attachment 4, Page 1, Line 28 for Projection
A27: ADIT-190
A28: =A25+1 -> 17 | B28: Balance-BOY (Attach 4c, Line 18) | C28: December | D28: =D18 -> 2026 | E28: =SUM(F28:H28) -> -12723.166 | F28: ='4c- ADIT BOY'!E32 -> -12723.166 | G28: ='4c- ADIT BOY'!F32 -> 0 | H28: ='4c- ADIT BOY'!G32 -> 0
A29: =A28+1 -> 18 | B29: Balance-EOY (Attach 4d, Line 18 less Line 15) | C29: December | D29: =D19 -> 2027 | E29: =SUM(F29:H29) -> 0 | F29: ='4d- ADIT EOY'!E32-'4d- ADIT EOY'!E29 -> 0 | G29: ='4d- ADIT EOY'!F32-'4d- ADIT EOY'!F29 -> 0 | H29: ='4d- ADIT EOY'!G32-'4d- ADIT EOY'!G29 -> 0
A30: =A29+1 -> 19 | B30: Balance-EOY-Prorated (Attach 4b, Line 42) | C30: December | D30: =D20 -> 2027 | E30: =SUM(F30:H30) -> -12965.209 | F30: ='4b-ADIT Projection Proration'!H54 -> -12965.209 | G30: ='4b-ADIT Projection Proration'!J54 -> 0 | H30: ='4b-ADIT Projection Proration'!L54 -> 0
A31: =A30+1 -> 20 | B31: Balance-EOY-Total (Lines 17+18) | C31: December | D31: =D21 -> 2027 | E31: =SUM(F31:H31) -> -12965.209 | F31: =F29+F30 -> -12965.209 | G31: =G29+G30 -> 0 | H31: =H29+H30 -> 0
A32: =A31+1 -> 21 | B32: Total Plant Allocator | F32: 1 | J32: 1
A33: =A32+1 -> 22 | B33: Net Plant Allocator | G33: ='Attachment H'!G$84 -> 1 | J33: Attachment H, Page 2, Line 20
A34: =A33+1 -> 23 | B34: Wages & Salary Allocator | H34: ='Attachment H'!I$199 -> 1 | J34: Attachment H, Page 4, Line 11
A35: =A34+1 -> 24 | B35: Projected ADIT Total | E35: =E31 -> -12965.209 | F35: =+F31*F32 -> -12965.209 | G35: =+G31*G33 -> 0 | H35: =+H31*H34 -> 0 | I35: =+F35+G35+H35 -> -12965.209 | J35: Enter as negative Attachment 4, Page 1, Line 28 for Projection

Sheet 4b-ADIT Projection Proration
A1: Attachment 4b - Accumulated Deferred Income Taxes (ADIT) Proration Worksheet (Projection)
A2: =+'4a-ADIT Projection'!A2:J2 -> Gridliance High Plains LLC
A3: Projection for the 12 Months Ended 12/31/2027
B6: (a) | C6: (b) | D6: (c) | E6: (d) | F6: (e) | G6: (f) | H6: (g) | I6: (h) | J6: (i) | K6: (j) | L6: (k)
B7: Beginning Balance & Monthly Changes | C7: Month | D7: Year | E7: Weighting for Projection | F7: Beginning Balance/ Monthly Increment | G7: Transmission | H7: Transmission Proration (d) x (f) | I7: Plant Related | J7: Plant Proration (d) x (h) | K7: Labor Related | L7: Labor Proration (d) x (j)
A8: ADIT-282-Proration-Note A
A9: 1 | B9: Balance (Attach 4c, Line 30) | C9: December | D9: 2026 | E9: =365/365 -> 1 | F9: ='4c- ADIT BOY'!C54 -> -1718231.5 | G9: ='4c- ADIT BOY'!E54 -> -1718231.5 | H9: =E9*G9 -> -1718231.5 | I9: ='4c- ADIT BOY'!F54 -> 0 | J9: =I9*E9 -> 0 | K9: ='4c- ADIT BOY'!G54 -> 0 | L9: =E9*K9 -> 0
A10: =+A9+1 -> 2 | B10: Increment | C10: January | D10: 2027 | E10: =335/365 -> 0.91780822 | F10: =-('4c- ADIT BOY'!E50-'4d- ADIT EOY'!E50)/12 -> -14027.042 | G10: =F10 -> -14027.042 | H10: =E10*G10 -> -12874.135 | I10: 0 | J10: =I10*E10 -> 0 | K10: 0 | L10: =E10*K10 -> 0
A11: =+A10+1 -> 3 | B11: Increment | C11: February | D11: 2027 | E11: =307/365 -> 0.84109589 | F11: =F10 -> -14027.042 | G11: =F11 -> -14027.042 | H11: =E11*G11 -> -11798.087 | I11: 0 | J11: =I11*E11 -> 0 | K11: 0 | L11: =E11*K11 -> 0
A12: =+A11+1 -> 4 | B12: Increment | C12: March | D12: 2027 | E12: =276/365 -> 0.75616438 | F12: =F11 -> -14027.042 | G12: =F12 -> -14027.042 | H12: =E12*G12 -> -10606.75 | I12: 0 | J12: =I12*E12 -> 0 | K12: 0 | L12: =E12*K12 -> 0
A13: =+A12+1 -> 5 | B13: Increment | C13: April | D13: 2027 | E13: =246/365 -> 0.6739726 | F13: =F12 -> -14027.042 | G13: =F13 -> -14027.042 | H13: =E13*G13 -> -9453.8421 | I13: 0 | J13: =I13*E13 -> 0 | K13: 0 | L13: =E13*K13 -> 0
A14: =+A13+1 -> 6 | B14: Increment | C14: May | D14: 2027 | E14: =215/365 -> 0.5890411 | F14: =F13 -> -14027.042 | G14: =F14 -> -14027.042 | H14: =E14*G14 -> -8262.5043 | I14: 0 | J14: =I14*E14 -> 0 | K14: 0 | L14: =E14*K14 -> 0
A15: =+A14+1 -> 7 | B15: Increment | C15: June | D15: 2027 | E15: =185/365 -> 0.50684932 | F15: =F14 -> -14027.042 | G15: =F15 -> -14027.042 | H15: =E15*G15 -> -7109.5967 | I15: 0 | J15: =I15*E15 -> 0 | K15: 0 | L15: =E15*K15 -> 0
A16: =+A15+1 -> 8 | B16: Increment | C16: July | D16: 2027 | E16: =154/365 -> 0.42191781 | F16: =F15 -> -14027.042 | G16: =F16 -> -14027.042 | H16: =E16*G16 -> -5918.2589 | I16: 0 | J16: =I16*E16 -> 0 | K16: 0 | L16: =E16*K16 -> 0
A17: =+A16+1 -> 9 | B17: Increment | C17: August | D17: 2027 | E17: =123/365 -> 0.3369863 | F17: =F16 -> -14027.042 | G17: =F17 -> -14027.042 | H17: =E17*G17 -> -4726.921 | I17: 0 | J17: =I17*E17 -> 0 | K17: 0 | L17: =E17*K17 -> 0
A18: =+A17+1 -> 10 | B18: Increment | C18: September | D18: 2027 | E18: =93/365 -> 0.25479452 | F18: =F17 -> -14027.042 | G18: =F18 -> -14027.042 | H18: =E18*G18 -> -3574.0135 | I18: 0 | J18: =I18*E18 -> 0 | K18: 0 | L18: =E18*K18 -> 0
A19: =+A18+1 -> 11 | B19: Increment | C19: October | D19: 2027 | E19: =62/365 -> 0.16986301 | F19: =F18 -> -14027.042 | G19: =F19 -> -14027.042 | H19: =E19*G19 -> -2382.6756 | I19: 0 | J19: =I19*E19 -> 0 | K19: 0 | L19: =E19*K19 -> 0
A20: =+A19+1 -> 12 | B20: Increment | C20: November | D20: 2027 | E20: =32/365 -> 0.087671233 | F20: =F19 -> -14027.042 | G20: =F20 -> -14027.042 | H20: =E20*G20 -> -1229.7681 | I20: 0 | J20: =I20*E20 -> 0 | K20: 0 | L20: =E20*K20 -> 0
A21: =+A20+1 -> 13 | B21: Increment | C21: December | D21: 2027 | E21: =1/365 -> 0.002739726 | F21: =F20 -> -14027.042 | G21: =F21 -> -14027.042 | H21: =E21*G21 -> -38.430252 | I21: 0 | J21: =I21*E21 -> 0 | K21: 0 | L21: =E21*K21 -> 0
A22: =+A21+1 -> 14 | B22: ADIT 282-Prorated EOY Balance | F22: =SUM(F9:F21) -> -1886556 | G22: =SUM(G9:G21) -> -1886556 | H22: =SUM(H9:H21) -> -1796206.4 | I22: =SUM(I9:I21) -> 0 | J22: =SUM(J9:J21) -> 0 | K22: =SUM(K9:K21) -> 0 | L22: =SUM(L9:L21) -> 0
A24: ADIT-283-Proration-Note B
A25: =A22+1 -> 15 | B25: Balance (Attach 4c, Line 44) | C25: December | D25: =D9 -> 2026 | E25: =365/365 -> 1 | F25: ='4c- ADIT BOY'!C78 -> -159638.85 | G25: ='4c- ADIT BOY'!E78 -> -159638.85 | H25: =E25*G25 -> -159638.85 | I25: ='4c- ADIT BOY'!F74 -> 0 | J25: =I25*E25 -> 0 | K25: ='4c- ADIT BOY'!G74 -> 0 | L25: =E25*K25 -> 0
A26: =+A25+1 -> 16 | B26: Increment | C26: January | D26: =D10 -> 2027 | E26: =335/365 -> 0.91780822 | F26: 0 | G26: 0 | H26: =E26*G26 -> 0 | I26: 0 | J26: =I26*E26 -> 0 | K26: 0 | L26: =E26*K26 -> 0
A27: =+A26+1 -> 17 | B27: Increment | C27: February | D27: =D11 -> 2027 | E27: =307/365 -> 0.84109589 | F27: 0 | G27: 0 | H27: =E27*G27 -> 0 | I27: 0 | J27: =I27*E27 -> 0 | K27: 0 | L27: =E27*K27 -> 0
A28: =+A27+1 -> 18 | B28: Increment | C28: March | D28: =D12 -> 2027 | E28: =276/365 -> 0.75616438 | F28: 0 | G28: 0 | H28: =E28*G28 -> 0 | I28: 0 | J28: =I28*E28 -> 0 | K28: 0 | L28: =E28*K28 -> 0
A29: =+A28+1 -> 19 | B29: Increment | C29: April | D29: =D13 -> 2027 | E29: =246/365 -> 0.6739726 | F29: 0 | G29: 0 | H29: =E29*G29 -> 0 | I29: 0 | J29: =I29*E29 -> 0 | K29: 0 | L29: =E29*K29 -> 0
A30: =+A29+1 -> 20 | B30: Increment | C30: May | D30: =D14 -> 2027 | E30: =215/365 -> 0.5890411 | F30: 0 | G30: 0 | H30: =E30*G30 -> 0 | I30: 0 | J30: =I30*E30 -> 0 | K30: 0 | L30: =E30*K30 -> 0
A31: =+A30+1 -> 21 | B31: Increment | C31: June | D31: =D15 -> 2027 | E31: =185/365 -> 0.50684932 | F31: 0 | G31: 0 | H31: =E31*G31 -> 0 | I31: 0 | J31: =I31*E31 -> 0 | K31: 0 | L31: =E31*K31 -> 0
A32: =+A31+1 -> 22 | B32: Increment | C32: July | D32: =D16 -> 2027 | E32: =154/365 -> 0.42191781 | F32: 0 | G32: 0 | H32: =E32*G32 -> 0 | I32: 0 | J32: =I32*E32 -> 0 | K32: 0 | L32: =E32*K32 -> 0
A33: =+A32+1 -> 23 | B33: Increment | C33: August | D33: =D17 -> 2027 | E33: =123/365 -> 0.3369863 | F33: 0 | G33: 0 | H33: =E33*G33 -> 0 | I33: 0 | J33: =I33*E33 -> 0 | K33: 0 | L33: =E33*K33 -> 0
A34: =+A33+1 -> 24 | B34: Increment | C34: September | D34: =D18 -> 2027 | E34: =93/365 -> 0.25479452 | F34: 0 | G34: 0 | H34: =E34*G34 -> 0 | I34: 0 | J34: =I34*E34 -> 0 | K34: 0 | L34: =E34*K34 -> 0
A35: =+A34+1 -> 25 | B35: Increment | C35: October | D35: =D19 -> 2027 | E35: =62/365 -> 0.16986301 | F35: 0 | G35: 0 | H35: =E35*G35 -> 0 | I35: 0 | J35: =I35*E35 -> 0 | K35: 0 | L35: =E35*K35 -> 0
A36: =+A35+1 -> 26 | B36: Increment | C36: November | D36: =D20 -> 2027 | E36: =32/365 -> 0.087671233 | F36: 0 | G36: 0 | H36: =E36*G36 -> 0 | I36: 0 | J36: =I36*E36 -> 0 | K36: 0 | L36: =E36*K36 -> 0
A37: =+A36+1 -> 27 | B37: Increment | C37: December | D37: =D21 -> 2027 | E37: =1/365 -> 0.002739726 | F37: 0 | G37: 0 | H37: =E37*G37 -> 0 | I37: 0 | J37: =I37*E37 -> 0 | K37: 0 | L37: =E37*K37 -> 0
A38: =+A37+1 -> 28 | B38: ADIT 283-Prorated EOY Balance | F38: =SUM(F25:F37) -> -159638.85 | G38: =SUM(G25:G37) -> -159638.85 | H38: =SUM(H25:H37) -> -159638.85 | I38: =SUM(I25:I37) -> 0 | J38: =SUM(J25:J37) -> 0 | K38: =SUM(K25:K37) -> 0 | L38: =SUM(L25:L37) -> 0
A40: ADIT-190-Proration-Note C
A41: =A38+1 -> 29 | B41: Balance (Attach 4c, Line 18) | C41: December | D41: =D25 -> 2026 | E41: =365/365 -> 1 | F41: ='4c- ADIT BOY'!C32 -> -12723.166 | G41: ='4c- ADIT BOY'!E32 -> -12723.166 | H41: =E41*G41 -> -12723.166 | I41: ='4c- ADIT BOY'!F28 -> 0 | J41: =I41*E41 -> 0 | K41: ='4c- ADIT BOY'!G28 -> 0 | L41: =E41*K41 -> 0
A42: =+A41+1 -> 30 | B42: Increment | C42: January | D42: =D26 -> 2027 | E42: =335/365 -> 0.91780822 | F42: =('4d- ADIT EOY'!E28-'4c- ADIT BOY'!E28)/12 -> -43.541552 | G42: =F42 -> -43.541552 | H42: =E42*G42 -> -39.962794 | I42: 0 | J42: =I42*E42 -> 0 | K42: 0 | L42: =E42*K42 -> 0
A43: =+A42+1 -> 31 | B43: Increment | C43: February | D43: =D27 -> 2027 | E43: =307/365 -> 0.84109589 | F43: =$F$42 -> -43.541552 | G43: =F43 -> -43.541552 | H43: =E43*G43 -> -36.622621 | I43: 0 | J43: =I43*E43 -> 0 | K43: 0 | L43: =E43*K43 -> 0
A44: =+A43+1 -> 32 | B44: Increment | C44: March | D44: =D28 -> 2027 | E44: =276/365 -> 0.75616438 | F44: =$F$42 -> -43.541552 | G44: =F44 -> -43.541552 | H44: =E44*G44 -> -32.924571 | I44: 0 | J44: =I44*E44 -> 0 | K44: 0 | L44: =E44*K44 -> 0
A45: =+A44+1 -> 33 | B45: Increment | C45: April | D45: =D29 -> 2027 | E45: =246/365 -> 0.6739726 | F45: =$F$42 -> -43.541552 | G45: =F45 -> -43.541552 | H45: =E45*G45 -> -29.345813 | I45: 0 | J45: =I45*E45 -> 0 | K45: 0 | L45: =E45*K45 -> 0
A46: =+A45+1 -> 34 | B46: Increment | C46: May | D46: =D30 -> 2027 | E46: =215/365 -> 0.5890411 | F46: =$F$42 -> -43.541552 | G46: =F46 -> -43.541552 | H46: =E46*G46 -> -25.647764 | I46: 0 | J46: =I46*E46 -> 0 | K46: 0 | L46: =E46*K46 -> 0
A47: =+A46+1 -> 35 | B47: Increment | C47: June | D47: =D31 -> 2027 | E47: =185/365 -> 0.50684932 | F47: =$F$42 -> -43.541552 | G47: =F47 -> -43.541552 | H47: =E47*G47 -> -22.069006 | I47: 0 | J47: =I47*E47 -> 0 | K47: 0 | L47: =E47*K47 -> 0
A48: =+A47+1 -> 36 | B48: Increment | C48: July | D48: =D32 -> 2027 | E48: =154/365 -> 0.42191781 | F48: =$F$42 -> -43.541552 | G48: =F48 -> -43.541552 | H48: =E48*G48 -> -18.370956 | I48: 0 | J48: =I48*E48 -> 0 | K48: 0 | L48: =E48*K48 -> 0
A49: =+A48+1 -> 37 | B49: Increment | C49: August | D49: =D33 -> 2027 | E49: =123/365 -> 0.3369863 | F49: =$F$42 -> -43.541552 | G49: =F49 -> -43.541552 | H49: =E49*G49 -> -14.672907 | I49: 0 | J49: =I49*E49 -> 0 | K49: 0 | L49: =E49*K49 -> 0
A50: =+A49+1 -> 38 | B50: Increment | C50: September | D50: =D34 -> 2027 | E50: =93/365 -> 0.25479452 | F50: =$F$42 -> -43.541552 | G50: =F50 -> -43.541552 | H50: =E50*G50 -> -11.094149 | I50: 0 | J50: =I50*E50 -> 0 | K50: 0 | L50: =E50*K50 -> 0
A51: =+A50+1 -> 39 | B51: Increment | C51: October | D51: =D35 -> 2027 | E51: =62/365 -> 0.16986301 | F51: =$F$42 -> -43.541552 | G51: =F51 -> -43.541552 | H51: =E51*G51 -> -7.3960993 | I51: 0 | J51: =I51*E51 -> 0 | K51: 0 | L51: =E51*K51 -> 0
A52: =+A51+1 -> 40 | B52: Increment | C52: November | D52: =D36 -> 2027 | E52: =32/365 -> 0.087671233 | F52: =$F$42 -> -43.541552 | G52: =F52 -> -43.541552 | H52: =E52*G52 -> -3.8173416 | I52: 0 | J52: =I52*E52 -> 0 | K52: 0 | L52: =E52*K52 -> 0
A53: =+A52+1 -> 41 | B53: Increment | C53: December | D53: =D37 -> 2027 | E53: =1/365 -> 0.002739726 | F53: =$F$42 -> -43.541552 | G53: =F53 -> -43.541552 | H53: =E53*G53 -> -0.11929192 | I53: 0 | J53: =I53*E53 -> 0 | K53: 0 | L53: =E53*K53 -> 0
A54: =+A53+1 -> 42 | B54: ADIT 190-Prorated EOY Balance | F54: =SUM(F41:F53) -> -13245.664 | G54: =SUM(G41:G53) -> -13245.664 | H54: =SUM(H41:H53) -> -12965.209 | I54: =SUM(I41:I53) -> 0 | J54: =SUM(J41:J53) -> 0 | K54: =SUM(K41:K53) -> 0 | L54: =SUM(L41:L53) -> 0
A57: Note 1 | B57: Uses a 365 day calendar year.
A58: Note 2 | B58: Projected end of year ADIT must be based on solely on enacted tax law. No assumptions for future estimated changes in tax law may be forecasted.
A59: A | B59: Substantial portion, if not all, of the ADIT-282 balance is subject to proration. Explanation must be provided for any portion of balance not subject to proration.
A60: B | B60: Only amounts in ADIT-283 relating to Depreciation, if applicable, are subject to proration. See Line 44 in Attach 4c and 4d.
A61: C | B61: Only amounts in ADIT-190 related to NOL carryforwards, if applicable, are subject to proration. See Line 18 in Attach 4c and 4d.

Sheet 4c- ADIT BOY
B1: Attachment 4c - Accumulated Deferred Income Taxes (ADIT) Worksheet (Beginning of Year)
B2: For the 12 Months Ended 12/31/2027
A7: Ln | B7: Item | E7: Transmission Related | F7: Plant Related | G7: Labor Related
A9: 1 | B9: ADIT-282 | E9: =+E54 -> -1718231.5 | F9: =+F54 -> 0 | G9: =+G54 -> 0 | H9: Line 30
A10: =+A9+1 -> 2 | B10: ADIT-283 | E10: =+E78 -> -159638.85 | F10: =+F78 -> 0 | G10: =+G78 -> 0 | H10: Line 44
A11: =+A10+1 -> 3 | B11: ADIT-190 | E11: =E32 -> -12723.166 | F11: =F32 -> 0 | G11: =G32 -> 0 | H11: Line 18
A12: =+A11+1 -> 4 | B12: Subtotal | E12: =SUM(E9:E11) -> -1890593.5 | F12: =SUM(F9:F11) -> 0 | G12: =SUM(G9:G11) -> 0 | H12: Sum of Lines 1-4
B15: In filling out this attachment, a full and complete description of each item and justification for the allocation to Columns B-F and each separate ADIT item will be listed. Dissimilar items with amounts exceeding $100,000 will be listed separately.
B17: A | C17: B | D17: C | E17: D | F17: E | G17: F | H17: G
B18: ADIT-190 | C18: Total | D18: Gas, Prod or Other Related | E18: Transmission Related | F18: Plant Related | G18: Labor Related | H18: Justification
A19: =A12+1 -> 5
A20: =+A19+1 -> 6
A21: =+A20+1 -> 7
A22: =+A21+1 -> 8
A23: =+A22+1 -> 9
A24: =+A23+1 -> 10
A25: =+A24+1 -> 11
A26: =+A25+1 -> 12 | B26: (Excess)/Deficient Deferred Income Taxes - Protected | C26: =E26 -> 0
A27: =+A26+1 -> 13 | B27: (Excess)/Deficient Deferred Income Taxes - Unprotected | C27: =E27 -> 0 | E27: 0
A28: =+A27+1 -> 14 | B28: NOL Carryforward | C28: =E28 -> -12723.166 | E28: ='GLHP Taxes'!K18 -> -12723.166 | H28: Amount subject to Proration
A29: =+A28+1 -> 15 | B29: Subtotal - p234.b | C29: =SUBTOTAL(9,C19:C28) -> -12723.166 | D29: =SUM(D19:D28) -> 0 | E29: =SUM(E19:E28) -> -12723.166 | F29: =SUM(F19:F28) -> 0 | G29: =SUM(G19:G28) -> 0
A30: =+A29+1 -> 16 | B30: Less FASB 109 Above if not separately removed
A31: =+A30+1 -> 17 | B31: Less FASB 106 Above if not separately removed
A32: =+A31+1 -> 18 | B32: Total | C32: =+C29-C30-C31 -> -12723.166 | D32: =+D29-D30-D31 -> 0 | E32: =+E29-E30-E31 -> -12723.166 | F32: =+F29-F30-F31 -> 0 | G32: =+G29-G30-G31 -> 0
B33: Instructions for Account 190:
B34: 1. ADIT items related only to Non-Electric Operations (e.g., Gas, Water, Sewer) or Production are directly assigned to Column C
B35: 2. ADIT items related only to Transmission are directly assigned to Column D
B36: 3. ADIT items related to Plant and not in Columns C & D are included in Column E
B37: 4. ADIT items related to labor and not in Columns C & D are included in Column F
B38: 5. Deferred income taxes arise when items are included in taxable income in different periods than they are included in rates, therefore if the item giving rise to the ADIT is not included in the formula, the associated ADIT amount shall be excluded. This includes but is not limited to SFAS 109 & 158 balance sheet items and the related ADIT.
B41: A | C41: B | D41: C | E41: D | F41: E | G41: F | H41: G
B42: ADIT- 282 | C42: Total | D42: Gas, Prod or Other Related | E42: Transmission Related | F42: Plant Related | G42: Labor Related | H42: Justification
A43: =A32+1 -> 19
A44: =+A43+1 -> 20
A45: =+A44+1 -> 21
A46: =+A45+1 -> 22
A47: =+A46+1 -> 23
A48: =+A47+1 -> 24 | B48: (Excess)/Deficient Deferred Income Taxes - Protected | C48: =E48 -> 0
A49: =+A48+1 -> 25 | B49: (Excess)/Deficient Deferred Income Taxes - Unprotected | C49: =E49 -> 0 | E49: 0
A50: =+A49+1 -> 26 | B50: Plant related | C50: =E50 -> -1718231.5 | E50: ='GLHP Taxes'!K37 -> -1718231.5
A51: =+A50+1 -> 27 | B51: Subtotal - p274.b | C51: =SUBTOTAL(9,C43:C50) -> -1718231.5 | D51: =SUM(D43:D50) -> 0 | E51: =SUM(E43:E50) -> -1718231.5 | F51: =SUM(F43:F50) -> 0 | G51: =SUM(G43:G50) -> 0
A52: =+A51+1 -> 28 | B52: Less FASB 109 Above if not separately removed
A53: =+A52+1 -> 29 | B53: Less FASB 106 Above if not separately removed
A54: =+A53+1 -> 30 | B54: Total | C54: =+C51-C52-C53 -> -1718231.5 | D54: =+D51-D52-D53 -> 0 | E54: =+E51-E52-E53 -> -1718231.5 | F54: =+F51-F52-F53 -> 0 | G54: =+G51-G52-G53 -> 0
B55: Instructions for Account 282:
B56: 1. ADIT items related only to Non-Electric Operations (e.g., Gas, Water, Sewer) or Production are directly assigned to Column C
B57: 2. ADIT items related only to Transmission are directly assigned to Column D
B58: 3. ADIT items related to Plant and not in Columns C & D are included in Column E
B59: 4. ADIT items related to labor and not in Columns C & D are included in Column F
B60: 5. Deferred income taxes arise when items are included in taxable income in different periods than they are included in rates, therefore if the item giving rise to the ADIT is not included in the formula, the associated ADIT amount shall be excluded. This includes but is not limited to SFAS 109 & 158 balance sheet items and the related ADIT.
B63: A | C63: B | D63: C | E63: D | F63: E | G63: F | H63: G
B64: ADIT- 283 | C64: Total | D64: Gas, Prod or Other Related | E64: Transmission Related | F64: Plant Related | G64: Labor Related | H64: Justification
A65: =A54+1 -> 31
A66: =+A65+1 -> 32
A67: =+A66+1 -> 33
A68: =+A67+1 -> 34
A69: =+A68+1 -> 35
A70: =+A69+1 -> 36
A71: =+A70+1 -> 37
A72: =+A71+1 -> 38 | B72: (Excess)/Deficient Deferred Income Taxes - Protected | C72: =E72 -> 0 | E72: 0
A73: =+A72+1 -> 39 | B73: (Excess)/Deficient Deferred Income Taxes - Unprotected | C73: =E73 -> 0
A74: =+A73+1 -> 40 | B74: Plant related | C74: =E74 -> -159638.85 | E74: ='GLHP Taxes'!K46 -> -159638.85 | H74: Amount subject to Proration
A75: =+A74+1 -> 41 | B75: Subtotal - p276.b | C75: =SUBTOTAL(9,C65:C74) -> -159638.85 | D75: =SUM(D65:D74) -> 0 | E75: =SUM(E65:E74) -> -159638.85 | F75: =SUM(F65:F74) -> 0 | G75: =SUM(G65:G74) -> 0
A76: =+A75+1 -> 42 | B76: Less FASB 109 Above if not separately removed
A77: =+A76+1 -> 43 | B77: Less FASB 106 Above if not separately removed
A78: =+A77+1 -> 44 | B78: Total | C78: =+C75-C76-C77 -> -159638.85 | D78: =+D75-D76-D77 -> 0 | E78: =+E75-E76-E77 -> -159638.85 | F78: =+F75-F76-F77 -> 0 | G78: =+G75-G76-G77 -> 0
B79: Instructions for Account 283:
B80: 1. ADIT items related only to Non-Electric Operations (e.g., Gas, Water, Sewer) or Production are directly assigned to Column C
B81: 2. ADIT items related only to Transmission are directly assigned to Column D
B82: 3. ADIT items related to Plant and not in Columns C & D are included in Column E
B83: 4. ADIT items related to labor and not in Columns C & D are included in Column F
B84: 5. Deferred income taxes arise when items are included in taxable income in different periods than they are included in rates, therefore if the item giving rise to the ADIT is not included in the formula, the associated ADIT amount shall be excluded. This includes but is not limited to SFAS 109 & 158 balance sheet items and the related ADIT.

Sheet 4d- ADIT EOY
B1: Attachment 4d - Accumulated Deferred Income Taxes (ADIT) Worksheet (End of Year)
B2: For the 12 Months Ended 12/31/2027
A7: Ln | B7: Item | E7: Transmission Related | F7: Plant Related | G7: Labor Related
A9: 1 | B9: ADIT- 282 | E9: =+E54 -> -1886556 | F9: =+F54 -> 0 | G9: =+G54 -> 0 | H9: Line 30
A10: =+A9+1 -> 2 | B10: ADIT-283 | E10: =+E78 -> -159638.85 | F10: =+F78 -> 0 | G10: =+G78 -> 0 | H10: Line 44
A11: =+A10+1 -> 3 | B11: ADIT-190 | E11: =E32 -> -13245.664 | F11: =F32 -> 0 | G11: =G32 -> 0 | H11: Line 18
A12: =+A11+1 -> 4 | B12: Subtotal | E12: =SUM(E9:E11) -> -2059440.5 | F12: =SUM(F9:F11) -> 0 | G12: =SUM(G9:G11) -> 0 | H12: Sum of Lines 1-4
B15: In filling out this attachment, a full and complete description of each item and justification for the allocation to Columns B-F and each separate ADIT item will be listed. Dissimilar items with amounts exceeding $100,000 will be listed separately.
B17: A | C17: B | D17: C | E17: D | F17: E | G17: F | H17: G
B18: ADIT-190 | C18: Total | D18: Gas, Prod or Other Related | E18: Transmission Related | F18: Plant Related | G18: Labor Related | H18: Justification
A19: =A12+1 -> 5
A20: =+A19+1 -> 6
A21: =+A20+1 -> 7
A22: =+A21+1 -> 8
A23: =+A22+1 -> 9
A24: =+A23+1 -> 10
A25: =+A24+1 -> 11
A26: =+A25+1 -> 12 | B26: (Excess)/Deficient Deferred Income Taxes - Protected | C26: =E26 -> 0
A27: =+A26+1 -> 13 | B27: (Excess)/Deficient Deferred Income Taxes - Unprotected | C27: =E27 -> 0 | E27: 0
A28: =+A27+1 -> 14 | B28: Plant related | C28: =E28 -> -13245.664 | E28: ='GLHP Taxes'!N18 -> -13245.664 | H28: Amount subject to Proration
A29: =+A28+1 -> 15 | B29: Subtotal - p234.c | C29: =SUBTOTAL(9,C19:C28) -> -13245.664 | D29: =SUM(D19:D28) -> 0 | E29: =SUM(E19:E28) -> -13245.664 | F29: =SUM(F19:F28) -> 0 | G29: =SUM(G19:G28) -> 0
A30: =+A29+1 -> 16 | B30: Less FASB 109 Above if not separately removed
A31: =+A30+1 -> 17 | B31: Less FASB 106 Above if not separately removed
A32: =+A31+1 -> 18 | B32: Total | C32: =+C29-C30-C31 -> -13245.664 | D32: =+D29-D30-D31 -> 0 | E32: =+E29-E30-E31 -> -13245.664 | F32: =+F29-F30-F31 -> 0 | G32: =+G29-G30-G31 -> 0
B33: Instructions for Account 190:
B34: 1. ADIT items related only to Non-Electric Operations (e.g., Gas, Water, Sewer) or Production are directly assigned to Column C
B35: 2. ADIT items related only to Transmission are directly assigned to Column D
B36: 3. ADIT items related to Plant and not in Columns C & D are included in Column E
B37: 4. ADIT items related to labor and not in Columns C & D are included in Column F
B38: 5. Deferred income taxes arise when items are included in taxable income in different periods than they are included in rates, therefore if the item giving rise to the ADIT is not included in the formula, the associated ADIT amount shall be excluded. This includes but is not limited to SFAS 109 & 158 balance sheet items and the related ADIT.
B41: A | C41: B | D41: C | E41: D | F41: E | G41: F | H41: G
B42: ADIT-282 | C42: Total | D42: Gas, Prod or Other Related | E42: Transmission Related | F42: Plant Related | G42: Labor Related | H42: Justification
A43: =A32+1 -> 19
A44: =+A43+1 -> 20
A45: =+A44+1 -> 21
A46: =+A45+1 -> 22
A47: =+A46+1 -> 23
A48: =+A47+1 -> 24 | B48: (Excess)/Deficient Deferred Income Taxes - Protected | C48: =E48 -> 0
A49: =+A48+1 -> 25 | B49: (Excess)/Deficient Deferred Income Taxes - Unprotected | C49: =E49 -> 0 | E49: 0
A50: =+A49+1 -> 26 | B50: Plant related | C50: =E50 -> -1886556 | E50: ='GLHP Taxes'!N37 -> -1886556 | H50: Amount subject to Proration
A51: =+A50+1 -> 27 | B51: Subtotal - p275.k | C51: =SUBTOTAL(9,C43:C50) -> -1886556 | D51: =SUM(D43:D50) -> 0 | E51: =SUM(E43:E50) -> -1886556 | F51: =SUM(F43:F50) -> 0 | G51: =SUM(G43:G50) -> 0
A52: =+A51+1 -> 28 | B52: Less FASB 109 Above if not separately removed
A53: =+A52+1 -> 29 | B53: Less FASB 106 Above if not separately removed
A54: =+A53+1 -> 30 | B54: Total | C54: =+C51-C52-C53 -> -1886556 | D54: =+D51-D52-D53 -> 0 | E54: =+E51-E52-E53 -> -1886556 | F54: =+F51-F52-F53 -> 0 | G54: =+G51-G52-G53 -> 0
B55: Instructions for Account 282:
B56: 1. ADIT items related only to Non-Electric Operations (e.g., Gas, Water, Sewer) or Production are directly assigned to Column C
B57: 2. ADIT items related only to Transmission are directly assigned to Column D
B58: 3. ADIT items related to Plant and not in Columns C & D are included in Column E
B59: 4. ADIT items related to labor and not in Columns C & D are included in Column F
B60: 5. Deferred income taxes arise when items are included in taxable income in different periods than they are included in rates, therefore if the item giving rise to the ADIT is not included in the formula, the associated ADIT amount shall be excluded. This includes but is not limited to SFAS 109 & 158 balance sheet items and the related ADIT.
B63: A | C63: B | D63: C | E63: D | F63: E | G63: F | H63: G
B64: ADIT-283 | C64: Total | D64: Gas, Prod or Other Related | E64: Transmission Related | F64: Plant Related | G64: Labor Related | H64: Justification
A65: =A54+1 -> 31
A66: =+A65+1 -> 32
A67: =+A66+1 -> 33
A68: =+A67+1 -> 34
A69: =+A68+1 -> 35
A70: =+A69+1 -> 36
A71: =+A70+1 -> 37
A72: =+A71+1 -> 38 | B72: (Excess)/Deficient Deferred Income Taxes - Protected | C72: =E72 -> 0 | E72: 0
A73: =+A72+1 -> 39 | B73: (Excess)/Deficient Deferred Income Taxes - Unprotected | C73: =E73 -> 0 | E73: 0
A74: =+A73+1 -> 40 | B74: Plant related | C74: =E74 -> -159638.85 | E74: ='GLHP Taxes'!N46 -> -159638.85 | H74: Amount subject to Proration
A75: =+A74+1 -> 41 | B75: Subtotal - p277.k | C75: =SUBTOTAL(9,C65:C74) -> -159638.85 | D75: =SUM(D65:D74) -> 0 | E75: =SUM(E65:E74) -> -159638.85 | F75: =SUM(F65:F74) -> 0 | G75: =SUM(G65:G74) -> 0
A76: =+A75+1 -> 42 | B76: Less FASB 109 Above if not separately removed
A77: =+A76+1 -> 43 | B77: Less FASB 106 Above if not separately removed
A78: =+A77+1 -> 44 | B78: Total | C78: =+C75-C76-C77 -> -159638.85 | D78: =+D75-D76-D77 -> 0 | E78: =+E75-E76-E77 -> -159638.85 | F78: =+F75-F76-F77 -> 0 | G78: =+G75-G76-G77 -> 0
B79: Instructions for Account 283:
B80: 1. ADIT items related only to Non-Electric Operations (e.g., Gas, Water, Sewer) or Production are directly assigned to Column C
B81: 2. ADIT items related only to Transmission are directly assigned to Column D
B82: 3. ADIT items related to Plant and not in Columns C & D are included in Column E
B83: 4. ADIT items related to labor and not in Columns C & D are included in Column F
B84: 5. Deferred income taxes arise when items are included in taxable income in different periods than they are included in rates, therefore if the item giving rise to the ADIT is not included in the formula, the associated ADIT amount shall be excluded. This includes but is not limited to SFAS 109 & 158 balance sheet items and the related ADIT.

Sheet 4e-ADIT True-up
A1: Attachment 4e - Accumulated Deferred Income Taxes (ADIT) Average Worksheet (True-Up)
A2: =+'Attachment H'!D5 -> Gridliance High Plains LLC
A3: For the 12 Months Ended 12/31/2027
B5: (a) | C5: (b) | D5: (c) | E5: (d) | F5: (e) | G5: (f) | H5: (g) | I5: (h)
A6: Ln | B6: Beginning Balance & Monthly Changes | C6: Month | D6: Year | E6: Balance | F6: Transmission Related | G6: Plant Related | H6: Labor Related | I6: Total (Sum Col. (e), (f) & (g))
A7: ADIT-282
A8: 1 | B8: Balance-BOY (Attach 4c, Line 30) | C8: December | D8: 2023 | E8: =SUM(F8:H8) -> -1718231.5 | F8: ='4c- ADIT BOY'!E54 -> -1718231.5 | G8: ='4c- ADIT BOY'!F54 -> 0 | H8: ='4c- ADIT BOY'!G54 -> 0
A9: =A8+1 -> 2 | B9: Balance-EOY (Attach 4d, Line 30 less Line 27) | C9: December | D9: 2024 | E9: =SUM(F9:H9) -> 0 | F9: ='4d- ADIT EOY'!E54-'4d- ADIT EOY'!E51 -> 0 | G9: ='4d- ADIT EOY'!F54-'4d- ADIT EOY'!F51 -> 0 | H9: ='4d- ADIT EOY'!G54-'4d- ADIT EOY'!G51 -> 0
A10: =+A9+1 -> 3 | B10: Balance-EOY-Prorated (Attach 4f, Line 14) | C10: December | D10: 2024 | E10: =SUM(F10:H10) -> 90349.523 | F10: ='4f-ADIT True-up Proration'!N21 -> 90349.523 | G10: ='4f-ADIT True-up Proration'!W21 -> 0 | H10: ='4f-ADIT True-up Proration'!AF21 -> 0
A11: =+A10+1 -> 4 | B11: Balance-EOY-Total (Lines 2+3) | E11: =SUM(F11:H11) -> 90349.523 | F11: =F9+F10 -> 90349.523 | G11: =G9+G10 -> 0 | H11: =H9+H10 -> 0
A12: =+A11+1 -> 5 | B12: Total Plant Allocator | F12: 1 | J12: 1
A13: =+A12+1 -> 6 | B13: Net Plant Allocator | G13: ='Attachment H'!G$84 -> 1 | J13: Attachment H, Page 2, Line 20
A14: =+A13+1 -> 7 | B14: Wages & Salary Allocator | H14: ='Attachment H'!I$199 -> 1 | J14: Attachment H, Page 4, Line 11
A15: =+A14+1 -> 8 | B15: Projected ADIT Total | E15: =+E11 -> 90349.523 | F15: =F11*F12 -> 90349.523 | G15: =+G11*G13 -> 0 | H15: =+H11*H14 -> 0 | I15: =+F15+G15+H15 -> 90349.523 | J15: Enter as negative Attachment 4, Page 1, Line 28 for True-up
A17: ADIT-283
A18: =A15+1 -> 9 | B18: Balance-BOY (Attach 4c, Line 44) | C18: December | D18: =D8 -> 2023 | E18: =SUM(F18:H18) -> -159638.85 | F18: ='4c- ADIT BOY'!E78 -> -159638.85 | G18: ='4c- ADIT BOY'!F78 -> 0 | H18: ='4c- ADIT BOY'!G78 -> 0
A19: =A18+1 -> 10 | B19: Balance-EOY (Attach 4d, Line 44 less Line 41) | C19: December | D19: =D9 -> 2024 | E19: =SUM(F19:H19) -> 0 | F19: ='4d- ADIT EOY'!E78-'4d- ADIT EOY'!E75 -> 0 | G19: ='4d- ADIT EOY'!F78-'4d- ADIT EOY'!F75 -> 0 | H19: ='4d- ADIT EOY'!G78-'4d- ADIT EOY'!G75 -> 0
A20: =A19+1 -> 11 | B20: Balance-EOY-Prorated (Attach 4f, Line 28) | C20: December | D20: =D10 -> 2024 | E20: =SUM(F20:H20) -> 0 | F20: ='4f-ADIT True-up Proration'!N37 -> 0 | G20: ='4f-ADIT True-up Proration'!W37 -> 0 | H20: ='4f-ADIT True-up Proration'!AF37 -> 0
A21: =A20+1 -> 12 | B21: Balance-EOY-Total (Lines 2+3) | E21: =SUM(F21:H21) -> 0 | F21: =F19+F20 -> 0 | G21: =G19+G20 -> 0 | H21: =H19+H20 -> 0
A22: =A21+1 -> 13 | B22: Total Plant Allocator | F22: 1 | J22: 1
A23: =A22+1 -> 14 | B23: Net Plant Allocator | G23: ='Attachment H'!G$84 -> 1 | J23: Attachment H, Page 2, Line 20
A24: =A23+1 -> 15 | B24: Wages & Salary Allocator | H24: ='Attachment H'!I$199 -> 1 | J24: Attachment H, Page 4, Line 11
A25: =A24+1 -> 16 | B25: Projected ADIT Total | E25: =+E21 -> 0 | F25: =+F21*F22 -> 0 | G25: =+G21*G23 -> 0 | H25: =+H21*H24 -> 0 | I25: =+F25+G25+H25 -> 0 | J25: Enter as negative Attachment 4, Page 1, Line 28 for True-up
A27: ADIT-190
A28: =A25+1 -> 17 | B28: Balance-BOY (Attach 4c, Line 18) | C28: December | D28: =D18 -> 2023 | E28: =SUM(F28:H28) -> -12723.166 | F28: ='4c- ADIT BOY'!E32 -> -12723.166 | G28: ='4c- ADIT BOY'!F32 -> 0 | H28: ='4c- ADIT BOY'!G32 -> 0
A29: =A28+1 -> 18 | B29: Balance-EOY (Attach 4d, Line 18 less Line 15) | C29: December | D29: =D19 -> 2024 | E29: =SUM(F29:H29) -> 0 | F29: ='4d- ADIT EOY'!E32-'4d- ADIT EOY'!E29 -> 0 | G29: ='4d- ADIT EOY'!F32-'4d- ADIT EOY'!F29 -> 0 | H29: ='4d- ADIT EOY'!G32-'4d- ADIT EOY'!G29 -> 0
A30: =A29+1 -> 19 | B30: Balance-EOY-Prorated (Attach 4f, Line 42) | C30: December | D30: =D20 -> 2024 | E30: =SUM(F30:H30) -> 280.45531 | F30: ='4f-ADIT True-up Proration'!N53 -> 280.45531 | G30: ='4f-ADIT True-up Proration'!W53 -> 0 | H30: ='4f-ADIT True-up Proration'!AF53 -> 0
A31: =A30+1 -> 20 | B31: Balance-EOY-Total (Lines 2+3) | E31: =SUM(F31:H31) -> 280.45531 | F31: =F29+F30 -> 280.45531 | G31: =G29+G30 -> 0 | H31: =H29+H30 -> 0
A32: =A31+1 -> 21 | B32: Total Plant Allocator | F32: 1 | J32: 1
A33: =A32+1 -> 22 | B33: Net Plant Allocator | G33: ='Attachment H'!G$84 -> 1 | J33: Attachment H, Page 2, Line 20
A34: =A33+1 -> 23 | B34: Wages & Salary Allocator | H34: ='Attachment H'!I$199 -> 1 | J34: Attachment H, Page 4, Line 11
A35: =A34+1 -> 24 | B35: Projected ADIT Total | E35: =+E31 -> 280.45531 | F35: =+F31*F32 -> 280.45531 | G35: =+G31*G33 -> 0 | H35: =+H31*H34 -> 0 | I35: =+F35+G35+H35 -> 280.45531 | J35: Enter as negative Attachment 4, Page 1, Line 28 for True-up

Sheet 4f-ADIT True-up Proration
A1: Attachment 4f - Accumulated Deferred Income Taxes (ADIT) Proration Worksheet (True-up)
A2: =+'Attachment H'!D5 -> Gridliance High Plains LLC
A3: For the 12 Months Ended 12/31/2027
F5: Transmission | O5: Plant Related | X5: Labor Related
B6: (a) | C6: (b) | D6: (c) | E6: (d) | F6: (e) | G6: (f) | H6: (g) | I6: (f) | J6: (g) | K6: (h) | L6: (i) | M6: (j) | N6: (k) | O6: (e) | P6: (f) | Q6: (g) | R6: (f) | S6: (g) | T6: (h) | U6: (i) | V6: (j) | W6: (k) | X6: (e) | Y6: (f) | Z6: (g) | AA6: (f) | AB6: (g) | AC6: (h) | AD6: (i) | AE6: (j) | AF6: (k)
B7: Beginning Balance & Monthly Changes | C7: Month | D7: Year | E7: Weighting for Projection | F7: Monthly Increment | G7: Proration (d) x (e) | H7: Prorated Projected Balance (Cumulative Sum of f) | I7: Actual Monthly Activity | J7: Difference between projected and actual activity | K7: Partially prorate actual activity above Monthly projection | L7: Partially prorate actual activity below Monthly projection but increases ADIT | M7: Partially prorate actual activity below Monthly projection and is a reduction to ADIT | N7: Partially prorated actual balance | O7: Monthly Increment | P7: Proration (d) x (e) | Q7: Prorated Projected Balance (Cumulative Sum of f) | R7: Actual Monthly Activity | S7: Difference between projected and actual activity | T7: Partially prorate actual activity above Monthly projection | U7: Partially prorate actual activity below Monthly projection but increases ADIT | V7: Partially prorate actual activity below Monthly projection and is a reduction to ADIT | W7: Partially prorated actual balance | X7: Monthly Increment | Y7: Proration (d) x (e) | Z7: Prorated Projected Balance (Cumulative Sum of f) | AA7: Actual Monthly Activity | AB7: Difference between projected and actual activity | AC7: Partially prorate actual activity above Monthly projection | AD7: Partially prorate actual activity below Monthly projection but increases ADIT | AE7: Partially prorate actual activity below Monthly projection and is a reduction to ADIT | AF7: Partially prorated actual balance
A8: ADIT-282-Proration-Note A
A9: 1 | B9: Balance (Attach 4c, Line 30) | C9: December | D9: 2023 | E9: =365/365 -> 1 | H9: ='4c- ADIT BOY'!E54 -> -1718231.5 | N9: 0 | Q9: ='4c- ADIT BOY'!F54 -> 0 | W9: 0 | Z9: ='4c- ADIT BOY'!G54 -> 0 | AF9: 0
A10: =+A9+1 -> 2 | B10: Increment | C10: January | D10: 2024 | E10: =335/365 -> 0.91780822 | F10: ='4b-ADIT Projection Proration'!G10 -> -14027.042 | G10: =$E10*F10 -> -12874.135 | H10: =+G10+H9 -> -1731105.6 | I10: 0 | J10: =I10-F10 -> 14027.042 | K10: =IF(J10>=0,+J10,0) -> 14027.042 | L10: =IF(K10>0,0,IF(I10<0,0,(-(J10)*($E10)))) -> 0 | M10: =IF(K10>0,0,IF(I10>0,0,(-(J10)*($E10)))) -> 0 | N10: =IF(I10<0,N9+M10,N9+$G10+K10-L10) -> 1152.9076 | O10: ='4b-ADIT Projection Proration'!I10 -> 0 | P10: =$E10*O10 -> 0 | Q10: =+P10+Q9 -> 0 | R10: 0 | S10: =R10-O10 -> 0 | T10: =IF(S10>=0,+S10,0) -> 0 | U10: =IF(T10>0,0,IF(R10<0,0,(-(S10)*($E10)))) -> 0 | V10: =IF(T10>0,0,IF(R10>0,0,(-(S10)*($E10)))) -> 0 | W10: =IF(R10<0,W9+V10,W9+P10+T10-U10) -> 0 | X10: ='4b-ADIT Projection Proration'!K10 -> 0 | Y10: =$E10*X10 -> 0 | Z10: =+Y10+Z9 -> 0 | AA10: 0 | AB10: =AA10-X10 -> 0 | AC10: =IF(AB10>=0,+AB10,0) -> 0 | AD10: =IF(AC10>0,0,IF(AA10<0,0,(-(AB10)*($E10)))) -> 0 | AE10: =IF(AC10>0,0,IF(AA10>0,0,(-(AB10)*($E10)))) -> 0 | AF10: =IF(AA10<0,AF9+AE10,AF9+Y10+AC10-AD10) -> 0
A11: =+A10+1 -> 3 | B11: Increment | C11: February | D11: 2024 | E11: =307/365 -> 0.84109589 | F11: ='4b-ADIT Projection Proration'!G11 -> -14027.042 | G11: =$E11*F11 -> -11798.087 | H11: =+G11+H10 -> -1742903.7 | I11: 0 | J11: =I11-F11 -> 14027.042 | K11: =IF(J11>=0,+J11,0) -> 14027.042 | L11: =IF(K11>0,0,IF(I11<0,0,(-(J11)*($E11)))) -> 0 | M11: =IF(K11>0,0,IF(I11>0,0,(-(J11)*($E11)))) -> 0 | N11: =IF(I11<0,N10+M11,N10+$G11+K11-L11) -> 3381.8622 | O11: ='4b-ADIT Projection Proration'!I11 -> 0 | P11: =$E11*O11 -> 0 | Q11: =+P11+Q10 -> 0 | R11: 0 | S11: =R11-O11 -> 0 | T11: =IF(S11>=0,+S11,0) -> 0 | U11: =IF(T11>0,0,IF(R11<0,0,(-(S11)*($E11)))) -> 0 | V11: =IF(T11>0,0,IF(R11>0,0,(-(S11)*($E11)))) -> 0 | W11: =IF(R11<0,W10+V11,W10+P11+T11-U11) -> 0 | X11: ='4b-ADIT Projection Proration'!K11 -> 0 | Y11: =$E11*X11 -> 0 | Z11: =+Y11+Z10 -> 0 | AA11: 0 | AB11: =AA11-X11 -> 0 | AC11: =IF(AB11>=0,+AB11,0) -> 0 | AD11: =IF(AC11>0,0,IF(AA11<0,0,(-(AB11)*($E11)))) -> 0 | AE11: =IF(AC11>0,0,IF(AA11>0,0,(-(AB11)*($E11)))) -> 0 | AF11: =IF(AA11<0,AF10+AE11,AF10+Y11+AC11-AD11) -> 0
A12: =+A11+1 -> 4 | B12: Increment | C12: March | D12: 2024 | E12: =276/365 -> 0.75616438 | F12: ='4b-ADIT Projection Proration'!G12 -> -14027.042 | G12: =$E12*F12 -> -10606.75 | H12: =+G12+H11 -> -1753510.4 | I12: 0 | J12: =I12-F12 -> 14027.042 | K12: =IF(J12>=0,+J12,0) -> 14027.042 | L12: =IF(K12>0,0,IF(I12<0,0,(-(J12)*($E12)))) -> 0 | M12: =IF(K12>0,0,IF(I12>0,0,(-(J12)*($E12)))) -> 0 | N12: =IF(I12<0,N11+M12,N11+$G12+K12-L12) -> 6802.1547 | O12: ='4b-ADIT Projection Proration'!I12 -> 0 | P12: =$E12*O12 -> 0 | Q12: =+P12+Q11 -> 0 | R12: 0 | S12: =R12-O12 -> 0 | T12: =IF(S12>=0,+S12,0) -> 0 | U12: =IF(T12>0,0,IF(R12<0,0,(-(S12)*($E12)))) -> 0 | V12: =IF(T12>0,0,IF(R12>0,0,(-(S12)*($E12)))) -> 0 | W12: =IF(R12<0,W11+V12,W11+P12+T12-U12) -> 0 | X12: ='4b-ADIT Projection Proration'!K12 -> 0 | Y12: =$E12*X12 -> 0 | Z12: =+Y12+Z11 -> 0 | AA12: 0 | AB12: =AA12-X12 -> 0 | AC12: =IF(AB12>=0,+AB12,0) -> 0 | AD12: =IF(AC12>0,0,IF(AA12<0,0,(-(AB12)*($E12)))) -> 0 | AE12: =IF(AC12>0,0,IF(AA12>0,0,(-(AB12)*($E12)))) -> 0 | AF12: =IF(AA12<0,AF11+AE12,AF11+Y12+AC12-AD12) -> 0
A13: =+A12+1 -> 5 | B13: Increment | C13: April | D13: 2024 | E13: =246/365 -> 0.6739726 | F13: ='4b-ADIT Projection Proration'!G13 -> -14027.042 | G13: =$E13*F13 -> -9453.8421 | H13: =+G13+H12 -> -1762964.3 | I13: 0 | J13: =I13-F13 -> 14027.042 | K13: =IF(J13>=0,+J13,0) -> 14027.042 | L13: =IF(K13>0,0,IF(I13<0,0,(-(J13)*($E13)))) -> 0 | M13: =IF(K13>0,0,IF(I13>0,0,(-(J13)*($E13)))) -> 0 | N13: =IF(I13<0,N12+M13,N12+$G13+K13-L13) -> 11375.355 | O13: ='4b-ADIT Projection Proration'!I13 -> 0 | P13: =$E13*O13 -> 0 | Q13: =+P13+Q12 -> 0 | R13: 0 | S13: =R13-O13 -> 0 | T13: =IF(S13>=0,+S13,0) -> 0 | U13: =IF(T13>0,0,IF(R13<0,0,(-(S13)*($E13)))) -> 0 | V13: =IF(T13>0,0,IF(R13>0,0,(-(S13)*($E13)))) -> 0 | W13: =IF(R13<0,W12+V13,W12+P13+T13-U13) -> 0 | X13: ='4b-ADIT Projection Proration'!K13 -> 0 | Y13: =$E13*X13 -> 0 | Z13: =+Y13+Z12 -> 0 | AA13: 0 | AB13: =AA13-X13 -> 0 | AC13: =IF(AB13>=0,+AB13,0) -> 0 | AD13: =IF(AC13>0,0,IF(AA13<0,0,(-(AB13)*($E13)))) -> 0 | AE13: =IF(AC13>0,0,IF(AA13>0,0,(-(AB13)*($E13)))) -> 0 | AF13: =IF(AA13<0,AF12+AE13,AF12+Y13+AC13-AD13) -> 0
A14: =+A13+1 -> 6 | B14: Increment | C14: May | D14: 2024 | E14: =215/365 -> 0.5890411 | F14: ='4b-ADIT Projection Proration'!G14 -> -14027.042 | G14: =$E14*F14 -> -8262.5043 | H14: =+G14+H13 -> -1771226.8 | I14: 0 | J14: =I14-F14 -> 14027.042 | K14: =IF(J14>=0,+J14,0) -> 14027.042 | L14: =IF(K14>0,0,IF(I14<0,0,(-(J14)*($E14)))) -> 0 | M14: =IF(K14>0,0,IF(I14>0,0,(-(J14)*($E14)))) -> 0 | N14: =IF(I14<0,N13+M14,N13+$G14+K14-L14) -> 17139.893 | O14: ='4b-ADIT Projection Proration'!I14 -> 0 | P14: =$E14*O14 -> 0 | Q14: =+P14+Q13 -> 0 | R14: 0 | S14: =R14-O14 -> 0 | T14: =IF(S14>=0,+S14,0) -> 0 | U14: =IF(T14>0,0,IF(R14<0,0,(-(S14)*($E14)))) -> 0 | V14: =IF(T14>0,0,IF(R14>0,0,(-(S14)*($E14)))) -> 0 | W14: =IF(R14<0,W13+V14,W13+P14+T14-U14) -> 0 | X14: ='4b-ADIT Projection Proration'!K14 -> 0 | Y14: =$E14*X14 -> 0 | Z14: =+Y14+Z13 -> 0 | AA14: 0 | AB14: =AA14-X14 -> 0 | AC14: =IF(AB14>=0,+AB14,0) -> 0 | AD14: =IF(AC14>0,0,IF(AA14<0,0,(-(AB14)*($E14)))) -> 0 | AE14: =IF(AC14>0,0,IF(AA14>0,0,(-(AB14)*($E14)))) -> 0 | AF14: =IF(AA14<0,AF13+AE14,AF13+Y14+AC14-AD14) -> 0
A15: =+A14+1 -> 7 | B15: Increment | C15: June | D15: 2024 | E15: =185/365 -> 0.50684932 | F15: ='4b-ADIT Projection Proration'!G15 -> -14027.042 | G15: =$E15*F15 -> -7109.5967 | H15: =+G15+H14 -> -1778336.4 | I15: 0 | J15: =I15-F15 -> 14027.042 | K15: =IF(J15>=0,+J15,0) -> 14027.042 | L15: =IF(K15>0,0,IF(I15<0,0,(-(J15)*($E15)))) -> 0 | M15: =IF(K15>0,0,IF(I15>0,0,(-(J15)*($E15)))) -> 0 | N15: =IF(I15<0,N14+M15,N14+$G15+K15-L15) -> 24057.338 | O15: ='4b-ADIT Projection Proration'!I15 -> 0 | P15: =$E15*O15 -> 0 | Q15: =+P15+Q14 -> 0 | R15: 0 | S15: =R15-O15 -> 0 | T15: =IF(S15>=0,+S15,0) -> 0 | U15: =IF(T15>0,0,IF(R15<0,0,(-(S15)*($E15)))) -> 0 | V15: =IF(T15>0,0,IF(R15>0,0,(-(S15)*($E15)))) -> 0 | W15: =IF(R15<0,W14+V15,W14+P15+T15-U15) -> 0 | X15: ='4b-ADIT Projection Proration'!K15 -> 0 | Y15: =$E15*X15 -> 0 | Z15: =+Y15+Z14 -> 0 | AA15: 0 | AB15: =AA15-X15 -> 0 | AC15: =IF(AB15>=0,+AB15,0) -> 0 | AD15: =IF(AC15>0,0,IF(AA15<0,0,(-(AB15)*($E15)))) -> 0 | AE15: =IF(AC15>0,0,IF(AA15>0,0,(-(AB15)*($E15)))) -> 0 | AF15: =IF(AA15<0,AF14+AE15,AF14+Y15+AC15-AD15) -> 0
A16: =+A15+1 -> 8 | B16: Increment | C16: July | D16: 2024 | E16: =154/365 -> 0.42191781 | F16: ='4b-ADIT Projection Proration'!G16 -> -14027.042 | G16: =$E16*F16 -> -5918.2589 | H16: =+G16+H15 -> -1784254.6 | I16: 0 | J16: =I16-F16 -> 14027.042 | K16: =IF(J16>=0,+J16,0) -> 14027.042 | L16: =IF(K16>0,0,IF(I16<0,0,(-(J16)*($E16)))) -> 0 | M16: =IF(K16>0,0,IF(I16>0,0,(-(J16)*($E16)))) -> 0 | N16: =IF(I16<0,N15+M16,N15+$G16+K16-L16) -> 32166.121 | O16: ='4b-ADIT Projection Proration'!I16 -> 0 | P16: =$E16*O16 -> 0 | Q16: =+P16+Q15 -> 0 | R16: 0 | S16: =R16-O16 -> 0 | T16: =IF(S16>=0,+S16,0) -> 0 | U16: =IF(T16>0,0,IF(R16<0,0,(-(S16)*($E16)))) -> 0 | V16: =IF(T16>0,0,IF(R16>0,0,(-(S16)*($E16)))) -> 0 | W16: =IF(R16<0,W15+V16,W15+P16+T16-U16) -> 0 | X16: ='4b-ADIT Projection Proration'!K16 -> 0 | Y16: =$E16*X16 -> 0 | Z16: =+Y16+Z15 -> 0 | AA16: 0 | AB16: =AA16-X16 -> 0 | AC16: =IF(AB16>=0,+AB16,0) -> 0 | AD16: =IF(AC16>0,0,IF(AA16<0,0,(-(AB16)*($E16)))) -> 0 | AE16: =IF(AC16>0,0,IF(AA16>0,0,(-(AB16)*($E16)))) -> 0 | AF16: =IF(AA16<0,AF15+AE16,AF15+Y16+AC16-AD16) -> 0
A17: =+A16+1 -> 9 | B17: Increment | C17: August | D17: 2024 | E17: =123/365 -> 0.3369863 | F17: ='4b-ADIT Projection Proration'!G17 -> -14027.042 | G17: =$E17*F17 -> -4726.921 | H17: =+G17+H16 -> -1788981.6 | I17: 0 | J17: =I17-F17 -> 14027.042 | K17: =IF(J17>=0,+J17,0) -> 14027.042 | L17: =IF(K17>0,0,IF(I17<0,0,(-(J17)*($E17)))) -> 0 | M17: =IF(K17>0,0,IF(I17>0,0,(-(J17)*($E17)))) -> 0 | N17: =IF(I17<0,N16+M17,N16+$G17+K17-L17) -> 41466.242 | O17: ='4b-ADIT Projection Proration'!I17 -> 0 | P17: =$E17*O17 -> 0 | Q17: =+P17+Q16 -> 0 | R17: 0 | S17: =R17-O17 -> 0 | T17: =IF(S17>=0,+S17,0) -> 0 | U17: =IF(T17>0,0,IF(R17<0,0,(-(S17)*($E17)))) -> 0 | V17: =IF(T17>0,0,IF(R17>0,0,(-(S17)*($E17)))) -> 0 | W17: =IF(R17<0,W16+V17,W16+P17+T17-U17) -> 0 | X17: ='4b-ADIT Projection Proration'!K17 -> 0 | Y17: =$E17*X17 -> 0 | Z17: =+Y17+Z16 -> 0 | AA17: 0 | AB17: =AA17-X17 -> 0 | AC17: =IF(AB17>=0,+AB17,0) -> 0 | AD17: =IF(AC17>0,0,IF(AA17<0,0,(-(AB17)*($E17)))) -> 0 | AE17: =IF(AC17>0,0,IF(AA17>0,0,(-(AB17)*($E17)))) -> 0 | AF17: =IF(AA17<0,AF16+AE17,AF16+Y17+AC17-AD17) -> 0
A18: =+A17+1 -> 10 | B18: Increment | C18: September | D18: 2024 | E18: =93/365 -> 0.25479452 | F18: ='4b-ADIT Projection Proration'!G18 -> -14027.042 | G18: =$E18*F18 -> -3574.0135 | H18: =+G18+H17 -> -1792555.6 | I18: 0 | J18: =I18-F18 -> 14027.042 | K18: =IF(J18>=0,+J18,0) -> 14027.042 | L18: =IF(K18>0,0,IF(I18<0,0,(-(J18)*($E18)))) -> 0 | M18: =IF(K18>0,0,IF(I18>0,0,(-(J18)*($E18)))) -> 0 | N18: =IF(I18<0,N17+M18,N17+$G18+K18-L18) -> 51919.271 | O18: ='4b-ADIT Projection Proration'!I18 -> 0 | P18: =$E18*O18 -> 0 | Q18: =+P18+Q17 -> 0 | R18: 0 | S18: =R18-O18 -> 0 | T18: =IF(S18>=0,+S18,0) -> 0 | U18: =IF(T18>0,0,IF(R18<0,0,(-(S18)*($E18)))) -> 0 | V18: =IF(T18>0,0,IF(R18>0,0,(-(S18)*($E18)))) -> 0 | W18: =IF(R18<0,W17+V18,W17+P18+T18-U18) -> 0 | X18: ='4b-ADIT Projection Proration'!K18 -> 0 | Y18: =$E18*X18 -> 0 | Z18: =+Y18+Z17 -> 0 | AA18: 0 | AB18: =AA18-X18 -> 0 | AC18: =IF(AB18>=0,+AB18,0) -> 0 | AD18: =IF(AC18>0,0,IF(AA18<0,0,(-(AB18)*($E18)))) -> 0 | AE18: =IF(AC18>0,0,IF(AA18>0,0,(-(AB18)*($E18)))) -> 0 | AF18: =IF(AA18<0,AF17+AE18,AF17+Y18+AC18-AD18) -> 0
A19: =+A18+1 -> 11 | B19: Increment | C19: October | D19: 2024 | E19: =62/365 -> 0.16986301 | F19: ='4b-ADIT Projection Proration'!G19 -> -14027.042 | G19: =$E19*F19 -> -2382.6756 | H19: =+G19+H18 -> -1794938.2 | I19: 0 | J19: =I19-F19 -> 14027.042 | K19: =IF(J19>=0,+J19,0) -> 14027.042 | L19: =IF(K19>0,0,IF(I19<0,0,(-(J19)*($E19)))) -> 0 | M19: =IF(K19>0,0,IF(I19>0,0,(-(J19)*($E19)))) -> 0 | N19: =IF(I19<0,N18+M19,N18+$G19+K19-L19) -> 63563.637 | O19: ='4b-ADIT Projection Proration'!I19 -> 0 | P19: =$E19*O19 -> 0 | Q19: =+P19+Q18 -> 0 | R19: 0 | S19: =R19-O19 -> 0 | T19: =IF(S19>=0,+S19,0) -> 0 | U19: =IF(T19>0,0,IF(R19<0,0,(-(S19)*($E19)))) -> 0 | V19: =IF(T19>0,0,IF(R19>0,0,(-(S19)*($E19)))) -> 0 | W19: =IF(R19<0,W18+V19,W18+P19+T19-U19) -> 0 | X19: ='4b-ADIT Projection Proration'!K19 -> 0 | Y19: =$E19*X19 -> 0 | Z19: =+Y19+Z18 -> 0 | AA19: 0 | AB19: =AA19-X19 -> 0 | AC19: =IF(AB19>=0,+AB19,0) -> 0 | AD19: =IF(AC19>0,0,IF(AA19<0,0,(-(AB19)*($E19)))) -> 0 | AE19: =IF(AC19>0,0,IF(AA19>0,0,(-(AB19)*($E19)))) -> 0 | AF19: =IF(AA19<0,AF18+AE19,AF18+Y19+AC19-AD19) -> 0
A20: =+A19+1 -> 12 | B20: Increment | C20: November | D20: 2024 | E20: =32/365 -> 0.087671233 | F20: ='4b-ADIT Projection Proration'!G20 -> -14027.042 | G20: =$E20*F20 -> -1229.7681 | H20: =+G20+H19 -> -1796168 | I20: 0 | J20: =I20-F20 -> 14027.042 | K20: =IF(J20>=0,+J20,0) -> 14027.042 | L20: =IF(K20>0,0,IF(I20<0,0,(-(J20)*($E20)))) -> 0 | M20: =IF(K20>0,0,IF(I20>0,0,(-(J20)*($E20)))) -> 0 | N20: =IF(I20<0,N19+M20,N19+$G20+K20-L20) -> 76360.911 | O20: ='4b-ADIT Projection Proration'!I20 -> 0 | P20: =$E20*O20 -> 0 | Q20: =+P20+Q19 -> 0 | R20: 0 | S20: =R20-O20 -> 0 | T20: =IF(S20>=0,+S20,0) -> 0 | U20: =IF(T20>0,0,IF(R20<0,0,(-(S20)*($E20)))) -> 0 | V20: =IF(T20>0,0,IF(R20>0,0,(-(S20)*($E20)))) -> 0 | W20: =IF(R20<0,W19+V20,W19+P20+T20-U20) -> 0 | X20: ='4b-ADIT Projection Proration'!K20 -> 0 | Y20: =$E20*X20 -> 0 | Z20: =+Y20+Z19 -> 0 | AA20: 0 | AB20: =AA20-X20 -> 0 | AC20: =IF(AB20>=0,+AB20,0) -> 0 | AD20: =IF(AC20>0,0,IF(AA20<0,0,(-(AB20)*($E20)))) -> 0 | AE20: =IF(AC20>0,0,IF(AA20>0,0,(-(AB20)*($E20)))) -> 0 | AF20: =IF(AA20<0,AF19+AE20,AF19+Y20+AC20-AD20) -> 0
A21: =+A20+1 -> 13 | B21: Increment | C21: December | D21: 2024 | E21: =1/365 -> 0.002739726 | F21: ='4b-ADIT Projection Proration'!G21 -> -14027.042 | G21: =$E21*F21 -> -38.430252 | H21: =+G21+H20 -> -1796206.4 | I21: 0 | J21: =I21-F21 -> 14027.042 | K21: =IF(J21>=0,+J21,0) -> 14027.042 | L21: =IF(K21>0,0,IF(I21<0,0,(-(J21)*($E21)))) -> 0 | M21: =IF(K21>0,0,IF(I21>0,0,(-(J21)*($E21)))) -> 0 | N21: =IF(I21<0,N20+M21,N20+$G21+K21-L21) -> 90349.523 | O21: ='4b-ADIT Projection Proration'!I21 -> 0 | P21: =$E21*O21 -> 0 | Q21: =+P21+Q20 -> 0 | R21: 0 | S21: =R21-O21 -> 0 | T21: =IF(S21>=0,+S21,0) -> 0 | U21: =IF(T21>0,0,IF(R21<0,0,(-(S21)*($E21)))) -> 0 | V21: =IF(T21>0,0,IF(R21>0,0,(-(S21)*($E21)))) -> 0 | W21: =IF(R21<0,W20+V21,W20+P21+T21-U21) -> 0 | X21: ='4b-ADIT Projection Proration'!K21 -> 0 | Y21: =$E21*X21 -> 0 | Z21: =+Y21+Z20 -> 0 | AA21: 0 | AB21: =AA21-X21 -> 0 | AC21: =IF(AB21>=0,+AB21,0) -> 0 | AD21: =IF(AC21>0,0,IF(AA21<0,0,(-(AB21)*($E21)))) -> 0 | AE21: =IF(AC21>0,0,IF(AA21>0,0,(-(AB21)*($E21)))) -> 0 | AF21: =IF(AA21<0,AF20+AE21,AF20+Y21+AC21-AD21) -> 0
A22: =+A21+1 -> 14 | B22: ADIT 282-Prorated EOY Balance | F22: =SUM(F9:F21) -> -168324.51 | G22: =SUM(G9:G21) -> -77974.982 | I22: =SUM(I9:I21) -> 0 | J22: =SUM(J9:J21) -> 168324.51 | K22: =SUM(K9:K21) -> 168324.51 | L22: =SUM(L9:L21) -> 0 | M22: =SUM(M9:M21) -> 0 | O22: =SUM(O9:O21) -> 0 | P22: =SUM(P9:P21) -> 0 | R22: =SUM(R9:R21) -> 0 | S22: =SUM(S9:S21) -> 0 | T22: =SUM(T9:T21) -> 0 | U22: =SUM(U9:U21) -> 0 | V22: =SUM(V9:V21) -> 0 | X22: =SUM(X9:X21) -> 0 | Y22: =SUM(Y9:Y21) -> 0 | AA22: =SUM(AA9:AA21) -> 0 | AB22: =SUM(AB9:AB21) -> 0 | AC22: =SUM(AC9:AC21) -> 0 | AD22: =SUM(AD9:AD21) -> 0 | AE22: =SUM(AE9:AE21) -> 0
A24: ADIT-283-Proration-Note B
A25: =A22+1 -> 15 | B25: Balance (Attach 4c, Line 44) | C25: December | D25: =D9 -> 2023 | E25: =365/365 -> 1 | H25: ='4c- ADIT BOY'!E74 -> -159638.85 | Q25: ='4c- ADIT BOY'!F74 -> 0 | Z25: ='4c- ADIT BOY'!G74 -> 0
A26: =+A25+1 -> 16 | B26: Increment | C26: January | D26: =D10 -> 2024 | E26: =335/365 -> 0.91780822 | F26: ='4b-ADIT Projection Proration'!G26 -> 0 | G26: =$E26*F26 -> 0 | H26: =+G26+H25 -> -159638.85 | I26: 0 | J26: =I26-F26 -> 0 | K26: =IF(J26>=0,+J26,0) -> 0 | L26: =IF(K26>0,0,IF(I26<0,0,(-(J26)*($E26)))) -> 0 | M26: =IF(K26>0,0,IF(I26>0,0,(-(J26)*($E26)))) -> 0 | N26: =IF(I26<0,N25+M26,N25+$G26+K26-L26) -> 0 | O26: ='4b-ADIT Projection Proration'!I26 -> 0 | P26: =$E26*O26 -> 0 | Q26: =+P26+Q25 -> 0 | R26: 0 | S26: =R26-O26 -> 0 | T26: =IF(S26>=0,+S26,0) -> 0 | U26: =IF(T26>0,0,IF(R26<0,0,(-(S26)*($E26)))) -> 0 | V26: =IF(T26>0,0,IF(R26>0,0,(-(S26)*($E26)))) -> 0 | W26: =IF(R26<0,W25+V26,W25+P26+T26-U26) -> 0 | X26: ='4b-ADIT Projection Proration'!K26 -> 0 | Y26: =$E26*X26 -> 0 | Z26: =+Y26+Z25 -> 0 | AA26: 0 | AB26: =AA26-X26 -> 0 | AC26: =IF(AB26>=0,+AB26,0) -> 0 | AD26: =IF(AC26>0,0,IF(AA26<0,0,(-(AB26)*($E26)))) -> 0 | AE26: =IF(AC26>0,0,IF(AA26>0,0,(-(AB26)*($E26)))) -> 0 | AF26: =IF(AA26<0,AF25+AE26,AF25+Y26+AC26-AD26) -> 0
A27: =+A26+1 -> 17 | B27: Increment | C27: February | D27: =D11 -> 2024 | E27: =307/365 -> 0.84109589 | F27: ='4b-ADIT Projection Proration'!G27 -> 0 | G27: =$E27*F27 -> 0 | H27: =+G27+H26 -> -159638.85 | I27: 0 | J27: =I27-F27 -> 0 | K27: =IF(J27>=0,+J27,0) -> 0 | L27: =IF(K27>0,0,IF(I27<0,0,(-(J27)*($E27)))) -> 0 | M27: =IF(K27>0,0,IF(I27>0,0,(-(J27)*($E27)))) -> 0 | N27: =IF(I27<0,N26+M27,N26+$G27+K27-L27) -> 0 | O27: ='4b-ADIT Projection Proration'!I27 -> 0 | P27: =$E27*O27 -> 0 | Q27: =+P27+Q26 -> 0 | R27: 0 | S27: =R27-O27 -> 0 | T27: =IF(S27>=0,+S27,0) -> 0 | U27: =IF(T27>0,0,IF(R27<0,0,(-(S27)*($E27)))) -> 0 | V27: =IF(T27>0,0,IF(R27>0,0,(-(S27)*($E27)))) -> 0 | W27: =IF(R27<0,W26+V27,W26+P27+T27-U27) -> 0 | X27: ='4b-ADIT Projection Proration'!K27 -> 0 | Y27: =$E27*X27 -> 0 | Z27: =+Y27+Z26 -> 0 | AA27: 0 | AB27: =AA27-X27 -> 0 | AC27: =IF(AB27>=0,+AB27,0) -> 0 | AD27: =IF(AC27>0,0,IF(AA27<0,0,(-(AB27)*($E27)))) -> 0 | AE27: =IF(AC27>0,0,IF(AA27>0,0,(-(AB27)*($E27)))) -> 0 | AF27: =IF(AA27<0,AF26+AE27,AF26+Y27+AC27-AD27) -> 0
A28: =+A27+1 -> 18 | B28: Increment | C28: March | D28: =D12 -> 2024 | E28: =276/365 -> 0.75616438 | F28: ='4b-ADIT Projection Proration'!G28 -> 0 | G28: =$E28*F28 -> 0 | H28: =+G28+H27 -> -159638.85 | I28: 0 | J28: =I28-F28 -> 0 | K28: =IF(J28>=0,+J28,0) -> 0 | L28: =IF(K28>0,0,IF(I28<0,0,(-(J28)*($E28)))) -> 0 | M28: =IF(K28>0,0,IF(I28>0,0,(-(J28)*($E28)))) -> 0 | N28: =IF(I28<0,N27+M28,N27+$G28+K28-L28) -> 0 | O28: ='4b-ADIT Projection Proration'!I28 -> 0 | P28: =$E28*O28 -> 0 | Q28: =+P28+Q27 -> 0 | R28: 0 | S28: =R28-O28 -> 0 | T28: =IF(S28>=0,+S28,0) -> 0 | U28: =IF(T28>0,0,IF(R28<0,0,(-(S28)*($E28)))) -> 0 | V28: =IF(T28>0,0,IF(R28>0,0,(-(S28)*($E28)))) -> 0 | W28: =IF(R28<0,W27+V28,W27+P28+T28-U28) -> 0 | X28: ='4b-ADIT Projection Proration'!K28 -> 0 | Y28: =$E28*X28 -> 0 | Z28: =+Y28+Z27 -> 0 | AA28: 0 | AB28: =AA28-X28 -> 0 | AC28: =IF(AB28>=0,+AB28,0) -> 0 | AD28: =IF(AC28>0,0,IF(AA28<0,0,(-(AB28)*($E28)))) -> 0 | AE28: =IF(AC28>0,0,IF(AA28>0,0,(-(AB28)*($E28)))) -> 0 | AF28: =IF(AA28<0,AF27+AE28,AF27+Y28+AC28-AD28) -> 0
A29: =+A28+1 -> 19 | B29: Increment | C29: April | D29: =D13 -> 2024 | E29: =246/365 -> 0.6739726 | F29: ='4b-ADIT Projection Proration'!G29 -> 0 | G29: =$E29*F29 -> 0 | H29: =+G29+H28 -> -159638.85 | I29: 0 | J29: =I29-F29 -> 0 | K29: =IF(J29>=0,+J29,0) -> 0 | L29: =IF(K29>0,0,IF(I29<0,0,(-(J29)*($E29)))) -> 0 | M29: =IF(K29>0,0,IF(I29>0,0,(-(J29)*($E29)))) -> 0 | N29: =IF(I29<0,N28+M29,N28+$G29+K29-L29) -> 0 | O29: ='4b-ADIT Projection Proration'!I29 -> 0 | P29: =$E29*O29 -> 0 | Q29: =+P29+Q28 -> 0 | R29: 0 | S29: =R29-O29 -> 0 | T29: =IF(S29>=0,+S29,0) -> 0 | U29: =IF(T29>0,0,IF(R29<0,0,(-(S29)*($E29)))) -> 0 | V29: =IF(T29>0,0,IF(R29>0,0,(-(S29)*($E29)))) -> 0 | W29: =IF(R29<0,W28+V29,W28+P29+T29-U29) -> 0 | X29: ='4b-ADIT Projection Proration'!K29 -> 0 | Y29: =$E29*X29 -> 0 | Z29: =+Y29+Z28 -> 0 | AA29: 0 | AB29: =AA29-X29 -> 0 | AC29: =IF(AB29>=0,+AB29,0) -> 0 | AD29: =IF(AC29>0,0,IF(AA29<0,0,(-(AB29)*($E29)))) -> 0 | AE29: =IF(AC29>0,0,IF(AA29>0,0,(-(AB29)*($E29)))) -> 0 | AF29: =IF(AA29<0,AF28+AE29,AF28+Y29+AC29-AD29) -> 0
A30: =+A29+1 -> 20 | B30: Increment | C30: May | D30: =D14 -> 2024 | E30: =215/365 -> 0.5890411 | F30: ='4b-ADIT Projection Proration'!G30 -> 0 | G30: =$E30*F30 -> 0 | H30: =+G30+H29 -> -159638.85 | I30: 0 | J30: =I30-F30 -> 0 | K30: =IF(J30>=0,+J30,0) -> 0 | L30: =IF(K30>0,0,IF(I30<0,0,(-(J30)*($E30)))) -> 0 | M30: =IF(K30>0,0,IF(I30>0,0,(-(J30)*($E30)))) -> 0 | N30: =IF(I30<0,N29+M30,N29+$G30+K30-L30) -> 0 | O30: ='4b-ADIT Projection Proration'!I30 -> 0 | P30: =$E30*O30 -> 0 | Q30: =+P30+Q29 -> 0 | R30: 0 | S30: =R30-O30 -> 0 | T30: =IF(S30>=0,+S30,0) -> 0 | U30: =IF(T30>0,0,IF(R30<0,0,(-(S30)*($E30)))) -> 0 | V30: =IF(T30>0,0,IF(R30>0,0,(-(S30)*($E30)))) -> 0 | W30: =IF(R30<0,W29+V30,W29+P30+T30-U30) -> 0 | X30: ='4b-ADIT Projection Proration'!K30 -> 0 | Y30: =$E30*X30 -> 0 | Z30: =+Y30+Z29 -> 0 | AA30: 0 | AB30: =AA30-X30 -> 0 | AC30: =IF(AB30>=0,+AB30,0) -> 0 | AD30: =IF(AC30>0,0,IF(AA30<0,0,(-(AB30)*($E30)))) -> 0 | AE30: =IF(AC30>0,0,IF(AA30>0,0,(-(AB30)*($E30)))) -> 0 | AF30: =IF(AA30<0,AF29+AE30,AF29+Y30+AC30-AD30) -> 0
A31: =+A30+1 -> 21 | B31: Increment | C31: June | D31: =D15 -> 2024 | E31: =185/365 -> 0.50684932 | F31: ='4b-ADIT Projection Proration'!G31 -> 0 | G31: =$E31*F31 -> 0 | H31: =+G31+H30 -> -159638.85 | I31: 0 | J31: =I31-F31 -> 0 | K31: =IF(J31>=0,+J31,0) -> 0 | L31: =IF(K31>0,0,IF(I31<0,0,(-(J31)*($E31)))) -> 0 | M31: =IF(K31>0,0,IF(I31>0,0,(-(J31)*($E31)))) -> 0 | N31: =IF(I31<0,N30+M31,N30+$G31+K31-L31) -> 0 | O31: ='4b-ADIT Projection Proration'!I31 -> 0 | P31: =$E31*O31 -> 0 | Q31: =+P31+Q30 -> 0 | R31: 0 | S31: =R31-O31 -> 0 | T31: =IF(S31>=0,+S31,0) -> 0 | U31: =IF(T31>0,0,IF(R31<0,0,(-(S31)*($E31)))) -> 0 | V31: =IF(T31>0,0,IF(R31>0,0,(-(S31)*($E31)))) -> 0 | W31: =IF(R31<0,W30+V31,W30+P31+T31-U31) -> 0 | X31: ='4b-ADIT Projection Proration'!K31 -> 0 | Y31: =$E31*X31 -> 0 | Z31: =+Y31+Z30 -> 0 | AA31: 0 | AB31: =AA31-X31 -> 0 | AC31: =IF(AB31>=0,+AB31,0) -> 0 | AD31: =IF(AC31>0,0,IF(AA31<0,0,(-(AB31)*($E31)))) -> 0 | AE31: =IF(AC31>0,0,IF(AA31>0,0,(-(AB31)*($E31)))) -> 0 | AF31: =IF(AA31<0,AF30+AE31,AF30+Y31+AC31-AD31) -> 0
A32: =+A31+1 -> 22 | B32: Increment | C32: July | D32: =D16 -> 2024 | E32: =154/365 -> 0.42191781 | F32: ='4b-ADIT Projection Proration'!G32 -> 0 | G32: =$E32*F32 -> 0 | H32: =+G32+H31 -> -159638.85 | I32: 0 | J32: =I32-F32 -> 0 | K32: =IF(J32>=0,+J32,0) -> 0 | L32: =IF(K32>0,0,IF(I32<0,0,(-(J32)*($E32)))) -> 0 | M32: =IF(K32>0,0,IF(I32>0,0,(-(J32)*($E32)))) -> 0 | N32: =IF(I32<0,N31+M32,N31+$G32+K32-L32) -> 0 | O32: ='4b-ADIT Projection Proration'!I32 -> 0 | P32: =$E32*O32 -> 0 | Q32: =+P32+Q31 -> 0 | R32: 0 | S32: =R32-O32 -> 0 | T32: =IF(S32>=0,+S32,0) -> 0 | U32: =IF(T32>0,0,IF(R32<0,0,(-(S32)*($E32)))) -> 0 | V32: =IF(T32>0,0,IF(R32>0,0,(-(S32)*($E32)))) -> 0 | W32: =IF(R32<0,W31+V32,W31+P32+T32-U32) -> 0 | X32: ='4b-ADIT Projection Proration'!K32 -> 0 | Y32: =$E32*X32 -> 0 | Z32: =+Y32+Z31 -> 0 | AA32: 0 | AB32: =AA32-X32 -> 0 | AC32: =IF(AB32>=0,+AB32,0) -> 0 | AD32: =IF(AC32>0,0,IF(AA32<0,0,(-(AB32)*($E32)))) -> 0 | AE32: =IF(AC32>0,0,IF(AA32>0,0,(-(AB32)*($E32)))) -> 0 | AF32: =IF(AA32<0,AF31+AE32,AF31+Y32+AC32-AD32) -> 0
A33: =+A32+1 -> 23 | B33: Increment | C33: August | D33: =D17 -> 2024 | E33: =123/365 -> 0.3369863 | F33: ='4b-ADIT Projection Proration'!G33 -> 0 | G33: =$E33*F33 -> 0 | H33: =+G33+H32 -> -159638.85 | I33: 0 | J33: =I33-F33 -> 0 | K33: =IF(J33>=0,+J33,0) -> 0 | L33: =IF(K33>0,0,IF(I33<0,0,(-(J33)*($E33)))) -> 0 | M33: =IF(K33>0,0,IF(I33>0,0,(-(J33)*($E33)))) -> 0 | N33: =IF(I33<0,N32+M33,N32+$G33+K33-L33) -> 0 | O33: ='4b-ADIT Projection Proration'!I33 -> 0 | P33: =$E33*O33 -> 0 | Q33: =+P33+Q32 -> 0 | R33: 0 | S33: =R33-O33 -> 0 | T33: =IF(S33>=0,+S33,0) -> 0 | U33: =IF(T33>0,0,IF(R33<0,0,(-(S33)*($E33)))) -> 0 | V33: =IF(T33>0,0,IF(R33>0,0,(-(S33)*($E33)))) -> 0 | W33: =IF(R33<0,W32+V33,W32+P33+T33-U33) -> 0 | X33: ='4b-ADIT Projection Proration'!K33 -> 0 | Y33: =$E33*X33 -> 0 | Z33: =+Y33+Z32 -> 0 | AA33: 0 | AB33: =AA33-X33 -> 0 | AC33: =IF(AB33>=0,+AB33,0) -> 0 | AD33: =IF(AC33>0,0,IF(AA33<0,0,(-(AB33)*($E33)))) -> 0 | AE33: =IF(AC33>0,0,IF(AA33>0,0,(-(AB33)*($E33)))) -> 0 | AF33: =IF(AA33<0,AF32+AE33,AF32+Y33+AC33-AD33) -> 0
A34: =+A33+1 -> 24 | B34: Increment | C34: September | D34: =D18 -> 2024 | E34: =93/365 -> 0.25479452 | F34: ='4b-ADIT Projection Proration'!G34 -> 0 | G34: =$E34*F34 -> 0 | H34: =+G34+H33 -> -159638.85 | I34: 0 | J34: =I34-F34 -> 0 | K34: =IF(J34>=0,+J34,0) -> 0 | L34: =IF(K34>0,0,IF(I34<0,0,(-(J34)*($E34)))) -> 0 | M34: =IF(K34>0,0,IF(I34>0,0,(-(J34)*($E34)))) -> 0 | N34: =IF(I34<0,N33+M34,N33+$G34+K34-L34) -> 0 | O34: ='4b-ADIT Projection Proration'!I34 -> 0 | P34: =$E34*O34 -> 0 | Q34: =+P34+Q33 -> 0 | R34: 0 | S34: =R34-O34 -> 0 | T34: =IF(S34>=0,+S34,0) -> 0 | U34: =IF(T34>0,0,IF(R34<0,0,(-(S34)*($E34)))) -> 0 | V34: =IF(T34>0,0,IF(R34>0,0,(-(S34)*($E34)))) -> 0 | W34: =IF(R34<0,W33+V34,W33+P34+T34-U34) -> 0 | X34: ='4b-ADIT Projection Proration'!K34 -> 0 | Y34: =$E34*X34 -> 0 | Z34: =+Y34+Z33 -> 0 | AA34: 0 | AB34: =AA34-X34 -> 0 | AC34: =IF(AB34>=0,+AB34,0) -> 0 | AD34: =IF(AC34>0,0,IF(AA34<0,0,(-(AB34)*($E34)))) -> 0 | AE34: =IF(AC34>0,0,IF(AA34>0,0,(-(AB34)*($E34)))) -> 0 | AF34: =IF(AA34<0,AF33+AE34,AF33+Y34+AC34-AD34) -> 0
A35: =+A34+1 -> 25 | B35: Increment | C35: October | D35: =D19 -> 2024 | E35: =62/365 -> 0.16986301 | F35: ='4b-ADIT Projection Proration'!G35 -> 0 | G35: =$E35*F35 -> 0 | H35: =+G35+H34 -> -159638.85 | I35: 0 | J35: =I35-F35 -> 0 | K35: =IF(J35>=0,+J35,0) -> 0 | L35: =IF(K35>0,0,IF(I35<0,0,(-(J35)*($E35)))) -> 0 | M35: =IF(K35>0,0,IF(I35>0,0,(-(J35)*($E35)))) -> 0 | N35: =IF(I35<0,N34+M35,N34+$G35+K35-L35) -> 0 | O35: ='4b-ADIT Projection Proration'!I35 -> 0 | P35: =$E35*O35 -> 0 | Q35: =+P35+Q34 -> 0 | R35: 0 | S35: =R35-O35 -> 0 | T35: =IF(S35>=0,+S35,0) -> 0 | U35: =IF(T35>0,0,IF(R35<0,0,(-(S35)*($E35)))) -> 0 | V35: =IF(T35>0,0,IF(R35>0,0,(-(S35)*($E35)))) -> 0 | W35: =IF(R35<0,W34+V35,W34+P35+T35-U35) -> 0 | X35: ='4b-ADIT Projection Proration'!K35 -> 0 | Y35: =$E35*X35 -> 0 | Z35: =+Y35+Z34 -> 0 | AA35: 0 | AB35: =AA35-X35 -> 0 | AC35: =IF(AB35>=0,+AB35,0) -> 0 | AD35: =IF(AC35>0,0,IF(AA35<0,0,(-(AB35)*($E35)))) -> 0 | AE35: =IF(AC35>0,0,IF(AA35>0,0,(-(AB35)*($E35)))) -> 0 | AF35: =IF(AA35<0,AF34+AE35,AF34+Y35+AC35-AD35) -> 0
A36: =+A35+1 -> 26 | B36: Increment | C36: November | D36: =D20 -> 2024 | E36: =32/365 -> 0.087671233 | F36: ='4b-ADIT Projection Proration'!G36 -> 0 | G36: =$E36*F36 -> 0 | H36: =+G36+H35 -> -159638.85 | I36: 0 | J36: =I36-F36 -> 0 | K36: =IF(J36>=0,+J36,0) -> 0 | L36: =IF(K36>0,0,IF(I36<0,0,(-(J36)*($E36)))) -> 0 | M36: =IF(K36>0,0,IF(I36>0,0,(-(J36)*($E36)))) -> 0 | N36: =IF(I36<0,N35+M36,N35+$G36+K36-L36) -> 0 | O36: ='4b-ADIT Projection Proration'!I36 -> 0 | P36: =$E36*O36 -> 0 | Q36: =+P36+Q35 -> 0 | R36: 0 | S36: =R36-O36 -> 0 | T36: =IF(S36>=0,+S36,0) -> 0 | U36: =IF(T36>0,0,IF(R36<0,0,(-(S36)*($E36)))) -> 0 | V36: =IF(T36>0,0,IF(R36>0,0,(-(S36)*($E36)))) -> 0 | W36: =IF(R36<0,W35+V36,W35+P36+T36-U36) -> 0 | X36: ='4b-ADIT Projection Proration'!K36 -> 0 | Y36: =$E36*X36 -> 0 | Z36: =+Y36+Z35 -> 0 | AA36: 0 | AB36: =AA36-X36 -> 0 | AC36: =IF(AB36>=0,+AB36,0) -> 0 | AD36: =IF(AC36>0,0,IF(AA36<0,0,(-(AB36)*($E36)))) -> 0 | AE36: =IF(AC36>0,0,IF(AA36>0,0,(-(AB36)*($E36)))) -> 0 | AF36: =IF(AA36<0,AF35+AE36,AF35+Y36+AC36-AD36) -> 0
A37: =+A36+1 -> 27 | B37: Increment | C37: December | D37: =D21 -> 2024 | E37: =1/365 -> 0.002739726 | F37: ='4b-ADIT Projection Proration'!G37 -> 0 | G37: =$E37*F37 -> 0 | H37: =+G37+H36 -> -159638.85 | I37: 0 | J37: =I37-F37 -> 0 | K37: =IF(J37>=0,+J37,0) -> 0 | L37: =IF(K37>0,0,IF(I37<0,0,(-(J37)*($E37)))) -> 0 | M37: =IF(K37>0,0,IF(I37>0,0,(-(J37)*($E37)))) -> 0 | N37: =IF(I37<0,N36+M37,N36+$G37+K37-L37) -> 0 | O37: ='4b-ADIT Projection Proration'!I37 -> 0 | P37: =$E37*O37 -> 0 | Q37: =+P37+Q36 -> 0 | R37: 0 | S37: =R37-O37 -> 0 | T37: =IF(S37>=0,+S37,0) -> 0 | U37: =IF(T37>0,0,IF(R37<0,0,(-(S37)*($E37)))) -> 0 | V37: =IF(T37>0,0,IF(R37>0,0,(-(S37)*($E37)))) -> 0 | W37: =IF(R37<0,W36+V37,W36+P37+T37-U37) -> 0 | X37: ='4b-ADIT Projection Proration'!K37 -> 0 | Y37: =$E37*X37 -> 0 | Z37: =+Y37+Z36 -> 0 | AA37: 0 | AB37: =AA37-X37 -> 0 | AC37: =IF(AB37>=0,+AB37,0) -> 0 | AD37: =IF(AC37>0,0,IF(AA37<0,0,(-(AB37)*($E37)))) -> 0 | AE37: =IF(AC37>0,0,IF(AA37>0,0,(-(AB37)*($E37)))) -> 0 | AF37: =IF(AA37<0,AF36+AE37,AF36+Y37+AC37-AD37) -> 0
A38: =+A37+1 -> 28 | B38: ADIT 283-Prorated EOY Balance | F38: =SUM(F25:F37) -> 0 | G38: =SUM(G25:G37) -> 0 | I38: =SUM(I25:I37) -> 0 | J38: =SUM(J25:J37) -> 0 | K38: =SUM(K25:K37) -> 0 | L38: =SUM(L25:L37) -> 0 | M38: =SUM(M25:M37) -> 0 | O38: =SUM(O25:O37) -> 0 | P38: =SUM(P25:P37) -> 0 | R38: =SUM(R25:R37) -> 0 | S38: =SUM(S25:S37) -> 0 | T38: =SUM(T25:T37) -> 0 | U38: =SUM(U25:U37) -> 0 | V38: =SUM(V25:V37) -> 0 | X38: =SUM(X25:X37) -> 0 | Y38: =SUM(Y25:Y37) -> 0 | AA38: =SUM(AA25:AA37) -> 0 | AB38: =SUM(AB25:AB37) -> 0 | AC38: =SUM(AC25:AC37) -> 0 | AD38: =SUM(AD25:AD37) -> 0 | AE38: =SUM(AE25:AE37) -> 0
A40: ADIT-190-Proration-Note C
A41: =A38+1 -> 29 | B41: Balance (Attach 4c, Line 18) | C41: December | D41: =D25 -> 2023 | E41: =365/365 -> 1 | H41: ='4c- ADIT BOY'!E28 -> -12723.166 | Q41: ='4c- ADIT BOY'!F28 -> 0 | Z41: ='4c- ADIT BOY'!G28 -> 0
A42: =+A41+1 -> 30 | B42: Increment | C42: January | D42: =D26 -> 2024 | E42: =335/365 -> 0.91780822 | F42: ='4b-ADIT Projection Proration'!G42 -> -43.541552 | G42: =$E42*F42 -> -39.962794 | H42: =+G42+H41 -> -12763.129 | I42: 0 | J42: =I42-F42 -> 43.541552 | K42: =IF(J42>=0,+J42,0) -> 43.541552 | L42: =IF(K42>0,0,IF(I42<0,0,(-(J42)*($E42)))) -> 0 | M42: =IF(K42>0,0,IF(I42>0,0,(-(J42)*($E42)))) -> 0 | N42: =IF(I42<0,N41+M42,N41+$G42+K42-L42) -> 3.5787577 | O42: ='4b-ADIT Projection Proration'!I42 -> 0 | P42: =$E42*O42 -> 0 | Q42: =+P42+Q41 -> 0 | R42: 0 | S42: =R42-O42 -> 0 | T42: =IF(S42>=0,+S42,0) -> 0 | U42: =IF(T42>0,0,IF(R42<0,0,(-(S42)*($E42)))) -> 0 | V42: =IF(T42>0,0,IF(R42>0,0,(-(S42)*($E42)))) -> 0 | W42: =IF(R42<0,W41+V42,W41+P42+T42-U42) -> 0 | X42: ='4b-ADIT Projection Proration'!K42 -> 0 | Y42: =$E42*X42 -> 0 | Z42: =+Y42+Z41 -> 0 | AA42: 0 | AB42: =AA42-X42 -> 0 | AC42: =IF(AB42>=0,+AB42,0) -> 0 | AD42: =IF(AC42>0,0,IF(AA42<0,0,(-(AB42)*($E42)))) -> 0 | AE42: =IF(AC42>0,0,IF(AA42>0,0,(-(AB42)*($E42)))) -> 0 | AF42: =IF(AA42<0,AF41+AE42,AF41+Y42+AC42-AD42) -> 0
A43: =+A42+1 -> 31 | B43: Increment | C43: February | D43: =D27 -> 2024 | E43: =307/365 -> 0.84109589 | F43: ='4b-ADIT Projection Proration'!G43 -> -43.541552 | G43: =$E43*F43 -> -36.622621 | H43: =+G43+H42 -> -12799.751 | I43: 0 | J43: =I43-F43 -> 43.541552 | K43: =IF(J43>=0,+J43,0) -> 43.541552 | L43: =IF(K43>0,0,IF(I43<0,0,(-(J43)*($E43)))) -> 0 | M43: =IF(K43>0,0,IF(I43>0,0,(-(J43)*($E43)))) -> 0 | N43: =IF(I43<0,N42+M43,N42+$G43+K43-L43) -> 10.497689 | O43: ='4b-ADIT Projection Proration'!I43 -> 0 | P43: =$E43*O43 -> 0 | Q43: =+P43+Q42 -> 0 | R43: 0 | S43: =R43-O43 -> 0 | T43: =IF(S43>=0,+S43,0) -> 0 | U43: =IF(T43>0,0,IF(R43<0,0,(-(S43)*($E43)))) -> 0 | V43: =IF(T43>0,0,IF(R43>0,0,(-(S43)*($E43)))) -> 0 | W43: =IF(R43<0,W42+V43,W42+P43+T43-U43) -> 0 | X43: ='4b-ADIT Projection Proration'!K43 -> 0 | Y43: =$E43*X43 -> 0 | Z43: =+Y43+Z42 -> 0 | AA43: 0 | AB43: =AA43-X43 -> 0 | AC43: =IF(AB43>=0,+AB43,0) -> 0 | AD43: =IF(AC43>0,0,IF(AA43<0,0,(-(AB43)*($E43)))) -> 0 | AE43: =IF(AC43>0,0,IF(AA43>0,0,(-(AB43)*($E43)))) -> 0 | AF43: =IF(AA43<0,AF42+AE43,AF42+Y43+AC43-AD43) -> 0
A44: =+A43+1 -> 32 | B44: Increment | C44: March | D44: =D28 -> 2024 | E44: =276/365 -> 0.75616438 | F44: ='4b-ADIT Projection Proration'!G44 -> -43.541552 | G44: =$E44*F44 -> -32.924571 | H44: =+G44+H43 -> -12832.676 | I44: 0 | J44: =I44-F44 -> 43.541552 | K44: =IF(J44>=0,+J44,0) -> 43.541552 | L44: =IF(K44>0,0,IF(I44<0,0,(-(J44)*($E44)))) -> 0 | M44: =IF(K44>0,0,IF(I44>0,0,(-(J44)*($E44)))) -> 0 | N44: =IF(I44<0,N43+M44,N43+$G44+K44-L44) -> 21.11467 | O44: ='4b-ADIT Projection Proration'!I44 -> 0 | P44: =$E44*O44 -> 0 | Q44: =+P44+Q43 -> 0 | R44: 0 | S44: =R44-O44 -> 0 | T44: =IF(S44>=0,+S44,0) -> 0 | U44: =IF(T44>0,0,IF(R44<0,0,(-(S44)*($E44)))) -> 0 | V44: =IF(T44>0,0,IF(R44>0,0,(-(S44)*($E44)))) -> 0 | W44: =IF(R44<0,W43+V44,W43+P44+T44-U44) -> 0 | X44: ='4b-ADIT Projection Proration'!K44 -> 0 | Y44: =$E44*X44 -> 0 | Z44: =+Y44+Z43 -> 0 | AA44: 0 | AB44: =AA44-X44 -> 0 | AC44: =IF(AB44>=0,+AB44,0) -> 0 | AD44: =IF(AC44>0,0,IF(AA44<0,0,(-(AB44)*($E44)))) -> 0 | AE44: =IF(AC44>0,0,IF(AA44>0,0,(-(AB44)*($E44)))) -> 0 | AF44: =IF(AA44<0,AF43+AE44,AF43+Y44+AC44-AD44) -> 0
A45: =+A44+1 -> 33 | B45: Increment | C45: April | D45: =D29 -> 2024 | E45: =246/365 -> 0.6739726 | F45: ='4b-ADIT Projection Proration'!G45 -> -43.541552 | G45: =$E45*F45 -> -29.345813 | H45: =+G45+H44 -> -12862.022 | I45: 0 | J45: =I45-F45 -> 43.541552 | K45: =IF(J45>=0,+J45,0) -> 43.541552 | L45: =IF(K45>0,0,IF(I45<0,0,(-(J45)*($E45)))) -> 0 | M45: =IF(K45>0,0,IF(I45>0,0,(-(J45)*($E45)))) -> 0 | N45: =IF(I45<0,N44+M45,N44+$G45+K45-L45) -> 35.310409 | O45: ='4b-ADIT Projection Proration'!I45 -> 0 | P45: =$E45*O45 -> 0 | Q45: =+P45+Q44 -> 0 | R45: 0 | S45: =R45-O45 -> 0 | T45: =IF(S45>=0,+S45,0) -> 0 | U45: =IF(T45>0,0,IF(R45<0,0,(-(S45)*($E45)))) -> 0 | V45: =IF(T45>0,0,IF(R45>0,0,(-(S45)*($E45)))) -> 0 | W45: =IF(R45<0,W44+V45,W44+P45+T45-U45) -> 0 | X45: ='4b-ADIT Projection Proration'!K45 -> 0 | Y45: =$E45*X45 -> 0 | Z45: =+Y45+Z44 -> 0 | AA45: 0 | AB45: =AA45-X45 -> 0 | AC45: =IF(AB45>=0,+AB45,0) -> 0 | AD45: =IF(AC45>0,0,IF(AA45<0,0,(-(AB45)*($E45)))) -> 0 | AE45: =IF(AC45>0,0,IF(AA45>0,0,(-(AB45)*($E45)))) -> 0 | AF45: =IF(AA45<0,AF44+AE45,AF44+Y45+AC45-AD45) -> 0
A46: =+A45+1 -> 34 | B46: Increment | C46: May | D46: =D30 -> 2024 | E46: =215/365 -> 0.5890411 | F46: ='4b-ADIT Projection Proration'!G46 -> -43.541552 | G46: =$E46*F46 -> -25.647764 | H46: =+G46+H45 -> -12887.669 | I46: 0 | J46: =I46-F46 -> 43.541552 | K46: =IF(J46>=0,+J46,0) -> 43.541552 | L46: =IF(K46>0,0,IF(I46<0,0,(-(J46)*($E46)))) -> 0 | M46: =IF(K46>0,0,IF(I46>0,0,(-(J46)*($E46)))) -> 0 | N46: =IF(I46<0,N45+M46,N45+$G46+K46-L46) -> 53.204198 | O46: ='4b-ADIT Projection Proration'!I46 -> 0 | P46: =$E46*O46 -> 0 | Q46: =+P46+Q45 -> 0 | R46: 0 | S46: =R46-O46 -> 0 | T46: =IF(S46>=0,+S46,0) -> 0 | U46: =IF(T46>0,0,IF(R46<0,0,(-(S46)*($E46)))) -> 0 | V46: =IF(T46>0,0,IF(R46>0,0,(-(S46)*($E46)))) -> 0 | W46: =IF(R46<0,W45+V46,W45+P46+T46-U46) -> 0 | X46: ='4b-ADIT Projection Proration'!K46 -> 0 | Y46: =$E46*X46 -> 0 | Z46: =+Y46+Z45 -> 0 | AA46: 0 | AB46: =AA46-X46 -> 0 | AC46: =IF(AB46>=0,+AB46,0) -> 0 | AD46: =IF(AC46>0,0,IF(AA46<0,0,(-(AB46)*($E46)))) -> 0 | AE46: =IF(AC46>0,0,IF(AA46>0,0,(-(AB46)*($E46)))) -> 0 | AF46: =IF(AA46<0,AF45+AE46,AF45+Y46+AC46-AD46) -> 0
A47: =+A46+1 -> 35 | B47: Increment | C47: June | D47: =D31 -> 2024 | E47: =185/365 -> 0.50684932 | F47: ='4b-ADIT Projection Proration'!G47 -> -43.541552 | G47: =$E47*F47 -> -22.069006 | H47: =+G47+H46 -> -12909.738 | I47: 0 | J47: =I47-F47 -> 43.541552 | K47: =IF(J47>=0,+J47,0) -> 43.541552 | L47: =IF(K47>0,0,IF(I47<0,0,(-(J47)*($E47)))) -> 0 | M47: =IF(K47>0,0,IF(I47>0,0,(-(J47)*($E47)))) -> 0 | N47: =IF(I47<0,N46+M47,N46+$G47+K47-L47) -> 74.676744 | O47: ='4b-ADIT Projection Proration'!I47 -> 0 | P47: =$E47*O47 -> 0 | Q47: =+P47+Q46 -> 0 | R47: 0 | S47: =R47-O47 -> 0 | T47: =IF(S47>=0,+S47,0) -> 0 | U47: =IF(T47>0,0,IF(R47<0,0,(-(S47)*($E47)))) -> 0 | V47: =IF(T47>0,0,IF(R47>0,0,(-(S47)*($E47)))) -> 0 | W47: =IF(R47<0,W46+V47,W46+P47+T47-U47) -> 0 | X47: ='4b-ADIT Projection Proration'!K47 -> 0 | Y47: =$E47*X47 -> 0 | Z47: =+Y47+Z46 -> 0 | AA47: 0 | AB47: =AA47-X47 -> 0 | AC47: =IF(AB47>=0,+AB47,0) -> 0 | AD47: =IF(AC47>0,0,IF(AA47<0,0,(-(AB47)*($E47)))) -> 0 | AE47: =IF(AC47>0,0,IF(AA47>0,0,(-(AB47)*($E47)))) -> 0 | AF47: =IF(AA47<0,AF46+AE47,AF46+Y47+AC47-AD47) -> 0
A48: =+A47+1 -> 36 | B48: Increment | C48: July | D48: =D32 -> 2024 | E48: =154/365 -> 0.42191781 | F48: ='4b-ADIT Projection Proration'!G48 -> -43.541552 | G48: =$E48*F48 -> -18.370956 | H48: =+G48+H47 -> -12928.109 | I48: 0 | J48: =I48-F48 -> 43.541552 | K48: =IF(J48>=0,+J48,0) -> 43.541552 | L48: =IF(K48>0,0,IF(I48<0,0,(-(J48)*($E48)))) -> 0 | M48: =IF(K48>0,0,IF(I48>0,0,(-(J48)*($E48)))) -> 0 | N48: =IF(I48<0,N47+M48,N47+$G48+K48-L48) -> 99.84734 | O48: ='4b-ADIT Projection Proration'!I48 -> 0 | P48: =$E48*O48 -> 0 | Q48: =+P48+Q47 -> 0 | R48: 0 | S48: =R48-O48 -> 0 | T48: =IF(S48>=0,+S48,0) -> 0 | U48: =IF(T48>0,0,IF(R48<0,0,(-(S48)*($E48)))) -> 0 | V48: =IF(T48>0,0,IF(R48>0,0,(-(S48)*($E48)))) -> 0 | W48: =IF(R48<0,W47+V48,W47+P48+T48-U48) -> 0 | X48: ='4b-ADIT Projection Proration'!K48 -> 0 | Y48: =$E48*X48 -> 0 | Z48: =+Y48+Z47 -> 0 | AA48: 0 | AB48: =AA48-X48 -> 0 | AC48: =IF(AB48>=0,+AB48,0) -> 0 | AD48: =IF(AC48>0,0,IF(AA48<0,0,(-(AB48)*($E48)))) -> 0 | AE48: =IF(AC48>0,0,IF(AA48>0,0,(-(AB48)*($E48)))) -> 0 | AF48: =IF(AA48<0,AF47+AE48,AF47+Y48+AC48-AD48) -> 0
A49: =+A48+1 -> 37 | B49: Increment | C49: August | D49: =D33 -> 2024 | E49: =123/365 -> 0.3369863 | F49: ='4b-ADIT Projection Proration'!G49 -> -43.541552 | G49: =$E49*F49 -> -14.672907 | H49: =+G49+H48 -> -12942.782 | I49: 0 | J49: =I49-F49 -> 43.541552 | K49: =IF(J49>=0,+J49,0) -> 43.541552 | L49: =IF(K49>0,0,IF(I49<0,0,(-(J49)*($E49)))) -> 0 | M49: =IF(K49>0,0,IF(I49>0,0,(-(J49)*($E49)))) -> 0 | N49: =IF(I49<0,N48+M49,N48+$G49+K49-L49) -> 128.71599 | O49: ='4b-ADIT Projection Proration'!I49 -> 0 | P49: =$E49*O49 -> 0 | Q49: =+P49+Q48 -> 0 | R49: 0 | S49: =R49-O49 -> 0 | T49: =IF(S49>=0,+S49,0) -> 0 | U49: =IF(T49>0,0,IF(R49<0,0,(-(S49)*($E49)))) -> 0 | V49: =IF(T49>0,0,IF(R49>0,0,(-(S49)*($E49)))) -> 0 | W49: =IF(R49<0,W48+V49,W48+P49+T49-U49) -> 0 | X49: ='4b-ADIT Projection Proration'!K49 -> 0 | Y49: =$E49*X49 -> 0 | Z49: =+Y49+Z48 -> 0 | AA49: 0 | AB49: =AA49-X49 -> 0 | AC49: =IF(AB49>=0,+AB49,0) -> 0 | AD49: =IF(AC49>0,0,IF(AA49<0,0,(-(AB49)*($E49)))) -> 0 | AE49: =IF(AC49>0,0,IF(AA49>0,0,(-(AB49)*($E49)))) -> 0 | AF49: =IF(AA49<0,AF48+AE49,AF48+Y49+AC49-AD49) -> 0
A50: =+A49+1 -> 38 | B50: Increment | C50: September | D50: =D34 -> 2024 | E50: =93/365 -> 0.25479452 | F50: ='4b-ADIT Projection Proration'!G50 -> -43.541552 | G50: =$E50*F50 -> -11.094149 | H50: =+G50+H49 -> -12953.876 | I50: 0 | J50: =I50-F50 -> 43.541552 | K50: =IF(J50>=0,+J50,0) -> 43.541552 | L50: =IF(K50>0,0,IF(I50<0,0,(-(J50)*($E50)))) -> 0 | M50: =IF(K50>0,0,IF(I50>0,0,(-(J50)*($E50)))) -> 0 | N50: =IF(I50<0,N49+M50,N49+$G50+K50-L50) -> 161.16339 | O50: ='4b-ADIT Projection Proration'!I50 -> 0 | P50: =$E50*O50 -> 0 | Q50: =+P50+Q49 -> 0 | R50: 0 | S50: =R50-O50 -> 0 | T50: =IF(S50>=0,+S50,0) -> 0 | U50: =IF(T50>0,0,IF(R50<0,0,(-(S50)*($E50)))) -> 0 | V50: =IF(T50>0,0,IF(R50>0,0,(-(S50)*($E50)))) -> 0 | W50: =IF(R50<0,W49+V50,W49+P50+T50-U50) -> 0 | X50: ='4b-ADIT Projection Proration'!K50 -> 0 | Y50: =$E50*X50 -> 0 | Z50: =+Y50+Z49 -> 0 | AA50: 0 | AB50: =AA50-X50 -> 0 | AC50: =IF(AB50>=0,+AB50,0) -> 0 | AD50: =IF(AC50>0,0,IF(AA50<0,0,(-(AB50)*($E50)))) -> 0 | AE50: =IF(AC50>0,0,IF(AA50>0,0,(-(AB50)*($E50)))) -> 0 | AF50: =IF(AA50<0,AF49+AE50,AF49+Y50+AC50-AD50) -> 0
A51: =+A50+1 -> 39 | B51: Increment | C51: October | D51: =D35 -> 2024 | E51: =62/365 -> 0.16986301 | F51: ='4b-ADIT Projection Proration'!G51 -> -43.541552 | G51: =$E51*F51 -> -7.3960993 | H51: =+G51+H50 -> -12961.272 | I51: 0 | J51: =I51-F51 -> 43.541552 | K51: =IF(J51>=0,+J51,0) -> 43.541552 | L51: =IF(K51>0,0,IF(I51<0,0,(-(J51)*($E51)))) -> 0 | M51: =IF(K51>0,0,IF(I51>0,0,(-(J51)*($E51)))) -> 0 | N51: =IF(I51<0,N50+M51,N50+$G51+K51-L51) -> 197.30884 | O51: ='4b-ADIT Projection Proration'!I51 -> 0 | P51: =$E51*O51 -> 0 | Q51: =+P51+Q50 -> 0 | R51: 0 | S51: =R51-O51 -> 0 | T51: =IF(S51>=0,+S51,0) -> 0 | U51: =IF(T51>0,0,IF(R51<0,0,(-(S51)*($E51)))) -> 0 | V51: =IF(T51>0,0,IF(R51>0,0,(-(S51)*($E51)))) -> 0 | W51: =IF(R51<0,W50+V51,W50+P51+T51-U51) -> 0 | X51: ='4b-ADIT Projection Proration'!K51 -> 0 | Y51: =$E51*X51 -> 0 | Z51: =+Y51+Z50 -> 0 | AA51: 0 | AB51: =AA51-X51 -> 0 | AC51: =IF(AB51>=0,+AB51,0) -> 0 | AD51: =IF(AC51>0,0,IF(AA51<0,0,(-(AB51)*($E51)))) -> 0 | AE51: =IF(AC51>0,0,IF(AA51>0,0,(-(AB51)*($E51)))) -> 0 | AF51: =IF(AA51<0,AF50+AE51,AF50+Y51+AC51-AD51) -> 0
A52: =+A51+1 -> 40 | B52: Increment | C52: November | D52: =D36 -> 2024 | E52: =32/365 -> 0.087671233 | F52: ='4b-ADIT Projection Proration'!G52 -> -43.541552 | G52: =$E52*F52 -> -3.8173416 | H52: =+G52+H51 -> -12965.09 | I52: 0 | J52: =I52-F52 -> 43.541552 | K52: =IF(J52>=0,+J52,0) -> 43.541552 | L52: =IF(K52>0,0,IF(I52<0,0,(-(J52)*($E52)))) -> 0 | M52: =IF(K52>0,0,IF(I52>0,0,(-(J52)*($E52)))) -> 0 | N52: =IF(I52<0,N51+M52,N51+$G52+K52-L52) -> 237.03305 | O52: ='4b-ADIT Projection Proration'!I52 -> 0 | P52: =$E52*O52 -> 0 | Q52: =+P52+Q51 -> 0 | R52: 0 | S52: =R52-O52 -> 0 | T52: =IF(S52>=0,+S52,0) -> 0 | U52: =IF(T52>0,0,IF(R52<0,0,(-(S52)*($E52)))) -> 0 | V52: =IF(T52>0,0,IF(R52>0,0,(-(S52)*($E52)))) -> 0 | W52: =IF(R52<0,W51+V52,W51+P52+T52-U52) -> 0 | X52: ='4b-ADIT Projection Proration'!K52 -> 0 | Y52: =$E52*X52 -> 0 | Z52: =+Y52+Z51 -> 0 | AA52: 0 | AB52: =AA52-X52 -> 0 | AC52: =IF(AB52>=0,+AB52,0) -> 0 | AD52: =IF(AC52>0,0,IF(AA52<0,0,(-(AB52)*($E52)))) -> 0 | AE52: =IF(AC52>0,0,IF(AA52>0,0,(-(AB52)*($E52)))) -> 0 | AF52: =IF(AA52<0,AF51+AE52,AF51+Y52+AC52-AD52) -> 0
A53: =+A52+1 -> 41 | B53: Increment | C53: December | D53: =D37 -> 2024 | E53: =1/365 -> 0.002739726 | F53: ='4b-ADIT Projection Proration'!G53 -> -43.541552 | G53: =$E53*F53 -> -0.11929192 | H53: =+G53+H52 -> -12965.209 | I53: 0 | J53: =I53-F53 -> 43.541552 | K53: =IF(J53>=0,+J53,0) -> 43.541552 | L53: =IF(K53>0,0,IF(I53<0,0,(-(J53)*($E53)))) -> 0 | M53: =IF(K53>0,0,IF(I53>0,0,(-(J53)*($E53)))) -> 0 | N53: =IF(I53<0,N52+M53,N52+$G53+K53-L53) -> 280.45531 | O53: ='4b-ADIT Projection Proration'!I53 -> 0 | P53: =$E53*O53 -> 0 | Q53: =+P53+Q52 -> 0 | R53: 0 | S53: =R53-O53 -> 0 | T53: =IF(S53>=0,+S53,0) -> 0 | U53: =IF(T53>0,0,IF(R53<0,0,(-(S53)*($E53)))) -> 0 | V53: =IF(T53>0,0,IF(R53>0,0,(-(S53)*($E53)))) -> 0 | W53: =IF(R53<0,W52+V53,W52+P53+T53-U53) -> 0 | X53: ='4b-ADIT Projection Proration'!K53 -> 0 | Y53: =$E53*X53 -> 0 | Z53: =+Y53+Z52 -> 0 | AA53: 0 | AB53: =AA53-X53 -> 0 | AC53: =IF(AB53>=0,+AB53,0) -> 0 | AD53: =IF(AC53>0,0,IF(AA53<0,0,(-(AB53)*($E53)))) -> 0 | AE53: =IF(AC53>0,0,IF(AA53>0,0,(-(AB53)*($E53)))) -> 0 | AF53: =IF(AA53<0,AF52+AE53,AF52+Y53+AC53-AD53) -> 0
A54: =+A53+1 -> 42 | B54: ADIT 190-Prorated EOY Balance | F54: =SUM(F41:F53) -> -522.49862 | G54: =SUM(G41:G53) -> -242.04331 | I54: =SUM(I41:I53) -> 0 | J54: =SUM(J41:J53) -> 522.49862 | K54: =SUM(K41:K53) -> 522.49862 | L54: =SUM(L41:L53) -> 0 | M54: =SUM(M41:M53) -> 0 | O54: =SUM(O41:O53) -> 0 | P54: =SUM(P41:P53) -> 0 | R54: =SUM(R41:R53) -> 0 | S54: =SUM(S41:S53) -> 0 | T54: =SUM(T41:T53) -> 0 | U54: =SUM(U41:U53) -> 0 | V54: =SUM(V41:V53) -> 0 | X54: =SUM(X41:X53) -> 0 | Y54: =SUM(Y41:Y53) -> 0 | AA54: =SUM(AA41:AA53) -> 0 | AB54: =SUM(AB41:AB53) -> 0 | AC54: =SUM(AC41:AC53) -> 0 | AD54: =SUM(AD41:AD53) -> 0 | AE54: =SUM(AE41:AE53) -> 0
A57: Note 1 | B57: Uses a 365 day calendar year.
A58: Note 2 | B58: Projected end of year ADIT must be based on solely on enacted tax law. No assumptions for future estimated changes in tax law may be forecasted.
A59: A | B59: Substantial portion, if not all, of the ADIT-282 balance is subject to proration. Explanation must be provided for any portion of balance not subject to proration.
A60: B | B60: Only amounts in ADIT-283 relating to Depreciation, if applicable, are subject to proration. See Line 44 in Attach 4c and 4d.
A61: C | B61: Only amounts in ADIT-190 related to NOL carryforwards, if applicable, are subject to proration. See Line 18 in Attach 4c and 4d.

Sheet 5-P3 Support
G1: Attachment 5 | M1: Page 1 of 2
G2: Attachment H, Pages 3 and 4, Worksheet
G3: =+'Attachment H'!D5 -> Gridliance High Plains LLC
A6: Line No. | B6: Month | C6: Transmission O&M Expenses | D6: Account No. 566 (Misc. Trans. Expense) | E6: Account No. 565 | F6: A&G Expenses | G6: FERC Annual Fees | H6: EPRI & Reg. Comm. Exp. & Non-safety Ad. | I6: Transmission Related Reg. Comm. Exp. | J6: Transmission Lease Payments | K6: Amortization of Regulatory Asset | L6: Miscellaneous Transmission Expense (less amortization of regulatory asset) | M6: Depreciation Expense - Transmission
C7: (a) | D7: (b) | E7: (c) | F7: (d) | G7: (e) | H7: (f) | I7: (g) | J7: (h) | K7: (i) | L7: (j) | M7: (k)
B8: Attachment H, Page 3, Line No.: | C8: 1 | D8: 2 | E8: 3 | F8: 4 | G8: 5 | H8: 6 | I8: 7 | J8: 9 | K8: 11 | L8: 12 | M8: 16
B9: Form No. 1 | C9: 321.112.b | D9: 321.97.b | E9: 321.96.b | F9: 323.197.b | G9: (Note E) | H9: =+G9 -> (Note E) | I9: =+H9 -> (Note E) | J9: Portion of Transmission O&M | K9: Portion of Account 566 | L9: Balance of Account 566 | M9: 336.7.b, d & e
A12: 1 | B12: January | C12: 28499.211 | D12: 0 | E12: 0 | F12: 35660.06 | G12: 0 | H12: 0 | I12: 0 | J12: 0 | K12: 0 | L12: 0 | M12: 33086.853
A13: 2 | B13: February | C13: 27936.28 | D13: 0 | E13: 0 | F13: 35157.058 | G13: 0 | H13: 0 | I13: 0 | J13: 0 | K13: 0 | L13: 0 | M13: 33086.853
A14: 3 | B14: March | C14: 28724.317 | D14: 0 | E14: 0 | F14: 36099.439 | G14: 0 | H14: 0 | I14: 0 | J14: 0 | K14: 0 | L14: 0 | M14: 33086.853
A15: 4 | B15: April | C15: 28639.892 | D15: 0 | E15: 0 | F15: 35601.378 | G15: 0 | H15: 0 | I15: 0 | J15: 0 | K15: 0 | L15: 0 | M15: 33086.853
A16: 5 | B16: May | C16: 28334.562 | D16: 0 | E16: 0 | F16: 35437.996 | G16: 0 | H16: 0 | I16: 0 | J16: 0 | K16: 0 | L16: 0 | M16: 33086.853
A17: 6 | B17: June | C17: 28638.133 | D17: 0 | E17: 0 | F17: 35968.71 | G17: 0 | H17: 0 | I17: 0 | J17: 0 | K17: 0 | L17: 0 | M17: 33086.853
A18: 7 | B18: July | C18: 28931.746 | D18: 0 | E18: 0 | F18: 35834.898 | G18: 0 | H18: 0 | I18: 0 | J18: 0 | K18: 0 | L18: 0 | M18: 33086.853
A19: 8 | B19: August | C19: 28304.928 | D19: 0 | E19: 0 | F19: 35295.672 | G19: 0 | H19: 0 | I19: 0 | J19: 0 | K19: 0 | L19: 0 | M19: 33086.853
A20: 9 | B20: September | C20: 28623.164 | D20: 0 | E20: 0 | F20: 35936.954 | G20: 0 | H20: 0 | I20: 0 | J20: 0 | K20: 0 | L20: 0 | M20: 33086.853
A21: 10 | B21: October | C21: 28613.96 | D21: 0 | E21: 0 | F21: 35579.802 | G21: 0 | H21: 0 | I21: 0 | J21: 0 | K21: 0 | L21: 0 | M21: 33086.853
A22: 11 | B22: November | C22: 28311.34 | D22: 0 | E22: 0 | F22: 35695.151 | G22: 0 | H22: 0 | I22: 0 | J22: 0 | K22: 0 | L22: 0 | M22: 33086.853
A23: 12 | B23: December | C23: 28883.333 | D23: 0 | E23: 0 | F23: 36478.337 | G23: 0 | H23: 0 | I23: 0 | J23: 0 | K23: 0 | L23: 0 | M23: 33086.855
A24: 13 | B24: Total | C24: =SUM(C12:C23) -> 342440.87 | D24: =SUM(D12:D23) -> 0 | E24: =SUM(E12:E23) -> 0 | F24: =SUM(F12:F23) -> 428745.45 | G24: =SUM(G12:G23) -> 0 | H24: =SUM(H12:H23) -> 0 | I24: =SUM(I12:I23) -> 0 | J24: =SUM(J12:J23) -> 0 | ... M24: =SUM(M12:M23) -> 397042.24
C27: Depreciation Expense - General & Intangible | D27: Amortization of Abandoned Plant | E27: Payroll Taxes | F27: Highway & Vehicle Taxes | G27: Property Taxes | H27: Gross Receipts Taxes | I27: Other Taxes | J27: Payments in lieu of Taxes | K27: Amortized Investment Tax Credit (266.8f) | L27: (Excess)/Deficient Deferred Income Taxes | M27: Tax Effect of Permanent Differences
C28: (a) | D28: (b) | E28: (c) | F28: (d) | G28: (e) | H28: (f) | I28: (g) | J28: (h) | K28: (i) | L28: (j) | M28: (k)
B29: Attachment H, Page 3, Line Number | C29: 17 | D29: 19 | E29: 23 | F29: 24 | G29: 26 | H29: 27 | I29: 28 | J29: 29 | K29: 37 | L29: 38 | M29: 39
B30: Form No. 1 | C30: 336.10.b, d & e, 336.1.b, d & e | D30: (Note S) | E30: 263.i | F30: =+E30 -> 263.i | G30: =+F30 -> 263.i | H30: =+G30 -> 263.i | I30: =+H30 -> 263.i | J30: =+I30 -> 263.i | K30: 266.8.f | L30: (Note G) | M30: (Note W)
A33: 14 | B33: January | C33: 13.408436 | D33: 0 | E33: 0 | F33: 0 | G33: 22900.154 | H33: 0 | I33: 0 | J33: 0 | K33: 0 | L33: =-'GLHP Excess Deferreds'!D7/12 -> 33.890613 | M33: ='GLHP Taxes'!K69/12 -> 114.65287
A34: 15 | B34: February | C34: 13.408436 | D34: 0 | E34: 0 | F34: 0 | G34: 22900.154 | H34: 0 | I34: 0 | J34: 0 | K34: 0 | L34: =L33 -> 33.890613 | M34: =M33 -> 114.65287
A35: 16 | B35: March | C35: 13.408436 | D35: 0 | E35: 0 | F35: 0 | G35: 22900.154 | H35: 0 | I35: 0 | J35: 0 | K35: 0 | L35: =L34 -> 33.890613 | M35: =M34 -> 114.65287
A36: 17 | B36: April | C36: 13.408436 | D36: 0 | E36: 0 | F36: 0 | G36: 22900.154 | H36: 0 | I36: 0 | J36: 0 | K36: 0 | L36: =L35 -> 33.890613 | M36: =M35 -> 114.65287
A37: 18 | B37: May | C37: 13.408436 | D37: 0 | E37: 0 | F37: 0 | G37: 22900.154 | H37: 0 | I37: 0 | J37: 0 | K37: 0 | L37: =L36 -> 33.890613 | M37: =M36 -> 114.65287
A38: 19 | B38: June | C38: 13.408436 | D38: 0 | E38: 0 | F38: 0 | G38: 22900.154 | H38: 0 | I38: 0 | J38: 0 | K38: 0 | L38: =L37 -> 33.890613 | M38: =M37 -> 114.65287
A39: 20 | B39: July | C39: 13.408436 | D39: 0 | E39: 0 | F39: 0 | G39: 22900.154 | H39: 0 | I39: 0 | J39: 0 | K39: 0 | L39: =L38 -> 33.890613 | M39: =M38 -> 114.65287
A40: 21 | B40: August | C40: 13.408436 | D40: 0 | E40: 0 | F40: 0 | G40: 22900.154 | H40: 0 | I40: 0 | J40: 0 | K40: 0 | L40: =L39 -> 33.890613 | M40: =M39 -> 114.65287
A41: 22 | B41: September | C41: 13.408436 | D41: 0 | E41: 0 | F41: 0 | G41: 22900.154 | H41: 0 | I41: 0 | J41: 0 | K41: 0 | L41: =L40 -> 33.890613 | M41: =M40 -> 114.65287
A42: 23 | B42: October | C42: 13.408436 | D42: 0 | E42: 0 | F42: 0 | G42: 22900.154 | H42: 0 | I42: 0 | J42: 0 | K42: 0 | L42: =L41 -> 33.890613 | M42: =M41 -> 114.65287
A43: 24 | B43: November | C43: 13.408436 | D43: 0 | E43: 0 | F43: 0 | G43: 22900.154 | H43: 0 | I43: 0 | J43: 0 | K43: 0 | L43: =L42 -> 33.890613 | M43: =M42 -> 114.65287
A44: 25 | B44: December | C44: 13.114396 | D44: 0 | E44: 0 | F44: 0 | G44: 22900.154 | H44: 0 | I44: 0 | J44: 0 | K44: 0 | L44: =L43 -> 33.890613 | M44: =M43 -> 114.65287
A45: 26 | B45: Total | C45: =SUM(C33:C44) -> 160.60719 | D45: =SUM(D33:D44) -> 0 | E45: =SUM(E33:E44) -> 0 | F45: =SUM(F33:F44) -> 0 | G45: =SUM(G33:G44) -> 274801.85 | H45: =SUM(H33:H44) -> 0 | I45: =SUM(I33:I44) -> 0 | J45: =SUM(J33:J44) -> 0 | ... M45: =SUM(M33:M44) -> 1375.8345
G46: Attachment 5 | M46: Page 2 of 2
G47: Attachment H, Pages 3 and 4, Worksheet
G48: South Central MCN LLC
C51: Bundled Sales for Resale included on page 4 of Attachment H | D51: ACCOUNT 454 (RENT FROM ELECTRIC PROPERTY) | E51: Transmission charges for all transmission transactions | F51: Transmission charges associated with Project detailed on the Project Rev Req Schedule Col. 10. | G51: Account No. 457.1 Scheduling
C52: (a) | D52: (b) | E52: (c) | F52: (d) | G52: (e)
B53: Attachment H, Page 4, Line No: | C53: 27 | D53: 29 | E53: 31 | F53: 32 | G53: Attach H, p 1 line 4
C54: (Note L) | D54: (Note M) | E54: Portion of Account 456.1 | F54: =+E54 -> Portion of Account 456.1
A56: =+A42+1 -> 24 | B56: January | C56: 0 | D56: 0 | E56: 7496.14 | F56: 0 | G56: 0
A57: =+A56+1 -> 25 | B57: February | C57: 0 | D57: 0 | E57: 6279.62 | F57: 0 | G57: 0
A58: =+A57+1 -> 26 | B58: March | C58: 0 | D58: 0 | E58: 5254.3 | F58: 0 | G58: 0
A59: =+A58+1 -> 27 | B59: April | C59: 0 | D59: 0 | E59: 5235.33 | F59: 0 | G59: 0
A60: =+A59+1 -> 28 | B60: May | C60: 0 | D60: 0 | E60: 5138.6 | F60: 0 | G60: 0
A61: =+A60+1 -> 29 | B61: June | C61: 0 | D61: 0 | E61: 7056.46 | F61: 0 | G61: 0
A62: =+A61+1 -> 30 | B62: July | C62: 0 | D62: 0 | E62: 6631.57 | F62: 0 | G62: 0
A63: =+A62+1 -> 31 | B63: August | C63: 0 | D63: 0 | E63: 7089.51 | F63: 0 | G63: 0
A64: =+A63+1 -> 32 | B64: September | C64: 0 | D64: 0 | E64: 5788.91 | F64: 0 | G64: 0
A65: =+A64+1 -> 33 | B65: October | C65: 0 | D65: 0 | E65: 5869.87 | F65: 0 | G65: 0
A66: =+A65+1 -> 34 | B66: November | C66: 0 | D66: 0 | E66: 4882.89 | F66: 0 | G66: 0
A67: =+A66+1 -> 35 | B67: December | C67: 0 | D67: 0 | E67: 4548.27 | F67: 0 | G67: 0
A68: =+A67+1 -> 36 | B68: Total | C68: =SUM(C56:C67) -> 0 | D68: =SUM(D56:D67) -> 0 | E68: =SUM(E56:E67) -> 71271.47 | F68: =SUM(F56:F67) -> 0 | G68: =SUM(G56:G67) -> 0
A69: =+A68+1 -> 37
A70: =+A69+1 -> 38 | B70: RETURN (R)
B71: Notes K, Q & R from Attachment H
J72: $
A73: =+A70+1 -> 39 | D73: Long Term Interest (117, sum of 62.c through 67.c) | J73: 1460441.2
A75: =+A73+1 -> 40 | D75: Preferred Dividends (118.29c) (positive number) | J75: 0
A77: =+A75+1 -> 41 | D77: Proprietary Capital (112.16.c) | J77: =+'Attachment H'!D212 -> 76476833
A78: =+A77+1 -> 42 | D78: Less Preferred Stock (112.3.c) | J78: 0
A79: =+A78+1 -> 43 | D79: Less Account 216.1 (112.12.c) (enter negative) | J79: 0
A80: =+A79+1 -> 44 | D80: Common Stock | E80: (sum lines 41-43) | J80: =+J77-J78-J79 -> 76476833
I83: Cost
F84: $ | G84: % | K84: Weighted
A85: =+A80+1 -> 45 | B85: Long Term Debt | C85: Note A | F85: ='Attachment H'!D210 -> 24340687 | G85: ='Attachment H'!E210 -> 0.4 | I85: =IFERROR(J73/'Attachment H'!D210,0) -> 0.06 | K85: =G85*I85 -> 0.024 | L85: =WCLTD
A86: =+A85+1 -> 46 | B86: Preferred Stock (112.3.c) | C86: Note B | F86: ='Attachment H'!D211 -> 0 | G86: ='Attachment H'!E211 -> 0 | I86: 0 | K86: =G86*I86 -> 0
A87: =+A86+1 -> 47 | B87: Common Stock | C87: Note C | F87: ='Attachment H'!D212 -> 76476833 | G87: ='Attachment H'!E212 -> 0.6 | I87: =+'Attachment H'!G212 -> 0.103 | K87: =G87*I87 -> 0.0618
A88: =+A87+1 -> 48 | B88: Total | C88: (Sum of Lines 45-47) | F88: =SUM(F85:F87) -> 1.0081752e+08 | K88: =SUM(K85:K87) -> 0.0858 | L88: =R
A90: Note:
A91: A | B91: Long Term Debt balance will reflect the 13 month average of the balances, of which the 1st and 13th are found on page 112 lines 18.c & d to 21.c & d in the Form No. 1, the cost is calculated by dividing line 39 by the Long Term Debt balance in line 45.
A92: B | B92: Preferred Stock balance will reflect the 13 month average of the balances, of which the 1st and 13th are found on page 112 line 3.c & d in the Form No. 1
A93: C | B93: Common Stock balance will reflect the 13 month average of the balances, of which the 1st and 13th are found on page 112 lines 3.c & d, 12.c & d, and 16.c & d in the Form No. 1 as shown on lines 41-44 above

Sheet 6-True-Up Interest
I1: Attachment 6 | Q1: Page 1 of 1
I2: True-Up Interest Rate
I3: =+'Attachment H'!D5 -> Gridliance High Plains LLC
C5: Quarter (Note A) | E5: Interest rate for the Quarter pursuant to Section 35.19(a)
A6: 1 | C6: 4th Qtr | D6: 2024 | E6: 0.0071
A7: 2 | C7: 1st Qtr. | D7: 2025 | E7: 0.0067
A8: 3 | C8: 2nd Qtr | D8: 2025 | E8: 0.0063
A9: 4 | C9: 3rd Qtr | D9: 2025 | E9: 0.0063
A10: 5 | C10: 4th Qtr | D10: 2025 | E10: 0.0063
A11: 6 | C11: 1st Qtr. | D11: 2026 | E11: 0.006
A12: 7 | C12: 2nd Qtr | D12: 2026 | E12: 0.0057
A15: 8 | B15: Avg. Monthly FERC Rate | E15: =AVERAGE(E6:E12) -> 0.0063428571 | H15: =+E15 -> 0.0063428571
A17: Note A:
A18: Lines 1-7 are the FERC interest rate under section 35.19(a) of the regulations for the period shown.
A19: Line 8 is the average of lines 1-7.
A23: 9 | B23: Year
A24: 10
B25: A | C25: B | D25: C | E25: D | F25: E | G25: F | H25: G | I25: H | J25: I | K25: J | L25: K | M25: L | N25: M | O25: N | P25: O | Q25: P
B28: Project # | D28: Date Payments Received | P28: Interest | Q28: Interest
B29: Or Other Identifier | C29: Project Name | D29: January | E29: February | F29: March | G29: April | H29: May | I29: June | J29: July | K29: August | L29: September | M29: October | N29: November | O29: December | P29: Rate (line 8) | Q29: (Note B)
A30: 11 | B30: Attachment H
A31: 11a | P31: =+H15 -> 0.0063428571 | Q31: =+P31*(D31+E31*0.91667+F31*0.83333+G31*0.75+H31*0.66667+I31*7/12+J31*6/12+K31*5/12+L31*4/12+M31*3/12+N31*2/12+O31*1/12)+P31*1.5*SUM(D31:O31) -> 0
A32: 11b | P32: =+P31 -> 0.0063428571 | Q32: =+P32*(D32+E32*0.91667+F32*0.83333+G32*0.75+H32*0.66667+I32*7/12+J32*6/12+K32*5/12+L32*4/12+M32*3/12+N32*2/12+O32*1/12)+P32*1.5*SUM(D32:O32) -> 0
A33: 11c | P33: =+P32 -> 0.0063428571 | Q33: =+P33*(D33+E33*0.91667+F33*0.83333+G33*0.75+H33*0.66667+I33*7/12+J33*6/12+K33*5/12+L33*4/12+M33*3/12+N33*2/12+O33*1/12)+P33*1.5*SUM(D33:O33) -> 0
A34: … | P34: =+P33 -> 0.0063428571 | Q34: =+P34*(D34+E34*0.91667+F34*0.83333+G34*0.75+H34*0.66667+I34*7/12+J34*6/12+K34*5/12+L34*4/12+M34*3/12+N34*2/12+O34*1/12)+P34*1.5*SUM(D34:O34) -> 0
P35: =+P34 -> 0.0063428571 | Q35: =+P35*(D35+E35*0.91667+F35*0.83333+G35*0.75+H35*0.66667+I35*7/12+J35*6/12+K35*5/12+L35*4/12+M35*3/12+N35*2/12+O35*1/12)+P35*1.5*SUM(D35:O35) -> 0
P36: =+P35 -> 0.0063428571 | Q36: =+P36*(D36+E36*0.91667+F36*0.83333+G36*0.75+H36*0.66667+I36*7/12+J36*6/12+K36*5/12+L36*4/12+M36*3/12+N36*2/12+O36*1/12)+P36*1.5*SUM(D36:O36) -> 0
P37: =+P36 -> 0.0063428571 | Q37: =+P37*(D37+E37*0.91667+F37*0.83333+G37*0.75+H37*0.66667+I37*7/12+J37*6/12+K37*5/12+L37*4/12+M37*3/12+N37*2/12+O37*1/12)+P37*1.5*SUM(D37:O37) -> 0
P38: =+P37 -> 0.0063428571 | Q38: =+P38*(D38+E38*0.91667+F38*0.83333+G38*0.75+H38*0.66667+I38*7/12+J38*6/12+K38*5/12+L38*4/12+M38*3/12+N38*2/12+O38*1/12)+P38*1.5*SUM(D38:O38) -> 0
P39: =+P38 -> 0.0063428571 | Q39: =+P39*(D39+E39*0.91667+F39*0.83333+G39*0.75+H39*0.66667+I39*7/12+J39*6/12+K39*5/12+L39*4/12+M39*3/12+N39*2/12+O39*1/12)+P39*1.5*SUM(D39:O39) -> 0
P40: =+P39 -> 0.0063428571 | Q40: =+P40*(D40+E40*0.91667+F40*0.83333+G40*0.75+H40*0.66667+I40*7/12+J40*6/12+K40*5/12+L40*4/12+M40*3/12+N40*2/12+O40*1/12)+P40*1.5*SUM(D40:O40) -> 0
P41: =+P40 -> 0.0063428571 | Q41: =+P41*(D41+E41*0.91667+F41*0.83333+G41*0.75+H41*0.66667+I41*7/12+J41*6/12+K41*5/12+L41*4/12+M41*3/12+N41*2/12+O41*1/12)+P41*1.5*SUM(D41:O41) -> 0
P42: =+P41 -> 0.0063428571 | Q42: =+P42*(D42+E42*0.91667+F42*0.83333+G42*0.75+H42*0.66667+I42*7/12+J42*6/12+K42*5/12+L42*4/12+M42*3/12+N42*2/12+O42*1/12)+P42*1.5*SUM(D42:O42) -> 0
P43: =+P42 -> 0.0063428571 | Q43: =+P43*(D43+E43*0.91667+F43*0.83333+G43*0.75+H43*0.66667+I43*7/12+J43*6/12+K43*5/12+L43*4/12+M43*3/12+N43*2/12+O43*1/12)+P43*1.5*SUM(D43:O43) -> 0
P44: =+P43 -> 0.0063428571 | Q44: =+P44*(D44+E44*0.91667+F44*0.83333+G44*0.75+H44*0.66667+I44*7/12+J44*6/12+K44*5/12+L44*4/12+M44*3/12+N44*2/12+O44*1/12)+P44*1.5*SUM(D44:O44) -> 0
P45: =+P44 -> 0.0063428571 | Q45: =+P45*(D45+E45*0.91667+F45*0.83333+G45*0.75+H45*0.66667+I45*7/12+J45*6/12+K45*5/12+L45*4/12+M45*3/12+N45*2/12+O45*1/12)+P45*1.5*SUM(D45:O45) -> 0
P46: =+P45 -> 0.0063428571 | Q46: =+P46*(D46+E46*0.91667+F46*0.83333+G46*0.75+H46*0.66667+I46*7/12+J46*6/12+K46*5/12+L46*4/12+M46*3/12+N46*2/12+O46*1/12)+P46*1.5*SUM(D46:O46) -> 0
... P49: =+P48 -> 0.0063428571 | Q49: =+P49*(D49+E49*0.91667+F49*0.83333+G49*0.75+H49*0.66667+I49*7/12+J49*6/12+K49*5/12+L49*4/12+M49*3/12+N49*2/12+O49*1/12)+P49*1.5*SUM(D49:O49) -> 0
B52: Note B
B53: Interest is calculated by taking the interest rate in line 8 and applying it monthly to the balances in Column C-N (i.e., for January 12/12* Column O, February 11/12* Column O, etc.)
B54: plus the interest rate in line 8 times 1.5 times the sum of the balances for January through December. Multiplying the monthly balances times the interest rate provides the interest in the year of the over or under collection and
B55: adding the interest rate in line 8 times 1.5 times the sum of the the balances for January through December provides the interest for the balance of the 24 month period

Sheet 7 - PBOP
C1: Attachment 7 | I1: Page 1 of 1
C2: PBOPs
C3: =+'Attachment H'!D5 -> Gridliance High Plains LLC
B5: Calculation of PBOP Expenses
B6: (a) | D6: (b) | E6: (c) | F6: (d) | G6: (e) | H6: (f) | I6: (g)
A8: 1 | D8: SCMCN | E8: Affiliate | F8: Affiliate | G8: Affiliate | H8: Affiliate | I8: Total
A9: 2 | B9: Total PBOP expenses (Note A) | D9: 0 | E9: 0 | F9: 0 | G9: 0 | H9: 0
A10: 3 | B10: Labor dollars (total labor from budget) | D10: 0 | E10: 0 | F10: 0 | G10: 0 | H10: 0
A11: 4 | B11: Cost per labor dollar (line2 / line3) | D11: =IF(D9=0,0,D9/D10) -> 0 | E11: =IF(E9=0,0,E9/E10) -> 0 | F11: =IF(F9=0,0,F9/F10) -> 0 | G11: =IF(G9=0,0,G9/G10) -> 0 | H11: =IF(H9=0,0,H9/H10) -> 0
A12: 5 | B12: labor expensed (labor not capitalized) by SCMCN in current year, 354.28.b. | D12: 0 | E12: 0 | F12: 0 | G12: 0 | H12: 0
A13: 6 | B13: PBOP Expense for current year | D13: =D11*D12 -> 0 | E13: =E11*E12 -> 0 | F13: =F11*F12 -> 0 | G13: =G11*G12 -> 0 | H13: =H11*H12 -> 0 | I13: =SUM(D13:H13) -> 0
A14: 7 | B14: Lines 2-3 cannot change absent approval or acceptance by FERC in a separate proceeding.
A16: 8 | B16: PBOP amount included in Company's O&M and A&G expenses included in FERC Account Nos. 500-935 | I16: =SUM(D16:H16) -> 0
A18: Note
A19: Letter
A20: A | B20: There will be zero PBOP expenses in the SCMCN rates until SCMCN files for recovery of its PBOP expenses. Line 8 removes all SCMCN or affiliate BPOP expenses in FERC Accounts 500-935.

Sheet 8-Construction Loan
J1: Page 1 of 1
A2: Attachment 8
A3: Financing Costs for Long Term Debt using the Internal Rate of Return Methodology
A4: =+'Attachment H'!D5 -> Gridliance High Plains LLC
B6: To be utilized until a project is placed in service
B7: Consistent with GAAP, the Origination Fees and Commitments Fees will be amortized using the standard Internal Rate of Return formula below.
B8: Each year, the amounts withdrawn, the interest paid in the year, Origination Fees, Commitments Fees, and total loan amount will be updated on this attachment.
B10: Table 1
A12: 1 | B12: Total Loan Amount | F12: 0
B13: Table 2
A14: 2 | B14: Internal Rate of Return (Note 1) | F14: =IFERROR(ROUND(XIRR(J55:J71,B55:B71,0.08),4),0) -> 0
A15: =+A14+1 -> 3 | B15: Based on following Financial Formula (Note 2):
A16: =+A15+1 -> 4
A17: =+A16+1 -> 5
A18: =+A17+1 -> 6 | B18: NPV = 0 =
A19: =+A18+1 -> 7
A20: =+A19+1 -> 8
B22: Table 3
A23: =+A20+1 -> 9
A24: =+A23+1 -> 10 | B24: Origination Fees | E24: Rates/Fees | F24: Amount
A25: =+A24+1 -> 11 | B25: Underwriting Discount
A26: =+A25+1 -> 12 | B26: Arrangement Fee
A27: =+A26+1 -> 13 | B27: Upfront Fee
A28: =+A27+1 -> 14 | B28: Rating Agency Fee | E28: 0 | F28: =E28 -> 0
A29: =+A28+1 -> 15 | B29: Legal Fees | E29: 0 | F29: 0
A30: 15a | E30: 0 | F30: 0
A31: =+A29+1 -> 16 | B31: Total Issuance Expense | F31: =SUM(F25:F29) -> 0
A33: =+A31+1 -> 17
A34: =+A33+1 -> 18 | B34: Annual Rating Agency Fee | E34: 0 | F34: 0
A35: =+A34+1 -> 19 | B35: Annual Bank Agency Fee | E35: 0 | F35: 0
A36: 21 | B36: Revolving Credit Commitment Fee | F36: =+E36 -> 0
A37: 21a
B39: Table 4
A40: 22 | C40: 2015 | D40: =+C40+1 -> 2016 | E40: =+D40+1 -> 2017 | F40: =+E40+1 -> 2018 | G40: =+F40+1 -> 2019 | H40: =+G40+1 -> 2020 | I40: =+H40+1 -> 2021
A41: =+A40+1 -> 23 | B41: LIBOR Rate
A42: =+A41+1 -> 24 | B42: Spread
A43: =+A42+1 -> 25 | B43: Interest Rate | C43: =SUM(C41:C42) -> 0 | D43: =SUM(D41:D42) -> 0 | E43: =SUM(E41:E42) -> 0 | F43: =SUM(F41:F42) -> 0 | G43: =SUM(G41:G42) -> 0 | H43: =SUM(H41:H42) -> 0 | I43: =SUM(I41:I42) -> 0
B45: Table 5
A46: =+A43+1 -> 26 | B46: (A) | C46: (B) | D46: ( C) | E46: (D) | F46: (E) | G46: (F) | H46: (G) | I46: (H) | J46: (I)
A47: =+A46+1 -> 27 | B47: Year | D47: Quarterly Construction Expenditures ( $000's) | E47: Principle Drawn In Quarter ($000's) | F47: Principle Drawn To Date ($000's) | G47: Interest & Principal Payments ($000's) | H47: Origination Fees ($000's) | I47: Commitment, Utilization & Ratings Fees ($000's) | J47: Net Cash Flows ($000's)
A48: =+A47+1 -> 28 | D48: Estimated | E48: Estimated | F48: Cumulative Col. D | G48: Interest Rate from Line 25 (Note 3) | H48: Input in first Qtr of Loan | I48: Lines 17 - 21x | J48: (D-F-G-H)
A49: =+A48+1 -> 29
A50: =+A49+1 -> 30
A51: =+A50+1 -> 31 | F51: =+D51*0.4 -> 0 | G51: 0 | J51: =E51-G51-H51-I51 -> 0
A52: =+A51+1 -> 32 | F52: =SUM($E$51:E52) -> 0 | G52: =F51*SUMIF($C$40:$I$40,YEAR(B51),$C$43:$I$43)*((B52-B51)/365) -> 0 | J52: =E52-G52-H52-I52 -> 0
A53: =+A52+1 -> 33 | F53: =SUM($E$51:E53) -> 0 | G53: =F52*SUMIF($C$40:$I$40,YEAR(B52),$C$43:$I$43)*((B53-B52)/365) -> 0 | J53: =E53-G53-H53-I53 -> 0
A54: =+A53+1 -> 34 | F54: =SUM($E$51:E54) -> 0 | G54: =F53*SUMIF($C$40:$I$40,YEAR(B53),$C$43:$I$43)*((B54-B53)/365) -> 0 | J54: =E54-G54-H54-I54 -> 0
A55: =+A54+1 -> 35 | F55: =SUM($E$51:E55) -> 0 | G55: =F54*SUMIF($C$40:$I$40,YEAR(B54),$C$43:$I$43)*((B55-B54)/365) -> 0 | H55: =F31/1000 -> 0 | I55: =($F$12/1000-F54)*$E$36/4 -> 0 | J55: =E55-G55-H55-I55 -> 0
A56: =+A55+1 -> 36 | F56: =SUM($E$51:E56) -> 0 | G56: =F55*SUMIF($C$40:$I$40,YEAR(B55),$C$43:$I$43)*((B56-B55)/365) -> 0 | I56: =($F$12/1000-F55)*$E$36/4+$F$35/1000+$F$34/1000 -> 0 | J56: =E56-G56-H56-I56 -> 0
A57: =+A56+1 -> 37 | F57: =SUM($E$51:E57) -> 0 | G57: =F56*SUMIF($C$40:$I$40,YEAR(B56),$C$43:$I$43)*((B57-B56)/365) -> 0 | I57: =($F$12/1000-F56)*$E$36/4+$F$35/1000+$F$34/1000 -> 0 | J57: =E57-G57-H57-I57 -> 0
A58: =+A57+1 -> 38 | F58: =SUM($E$51:E58) -> 0 | G58: =F57*SUMIF($C$40:$I$40,YEAR(B57),$C$43:$I$43)*((B58-B57)/365) -> 0 | I58: =($F$12/1000-F57)*$E$36/4+$F$35/1000+$F$34/1000 -> 0 | J58: =E58-G58-H58-I58 -> 0
A59: =+A58+1 -> 39 | F59: =SUM($E$51:E59) -> 0 | G59: =F58*SUMIF($C$40:$I$40,YEAR(B58),$C$43:$I$43)*((B59-B58)/365) -> 0 | I59: =($F$12/1000-F58)*$E$36/4+$F$35/1000+$F$34/1000 -> 0 | J59: =E59-G59-H59-I59 -> 0
A60: =+A59+1 -> 40 | F60: =SUM($E$51:E60) -> 0 | G60: =F59*SUMIF($C$40:$I$40,YEAR(B59),$C$43:$I$43)*((B60-B59)/365) -> 0 | I60: =($F$12/1000-F59)*$E$36/4+$F$35/1000+$F$34/1000 -> 0 | J60: =E60-G60-H60-I60 -> 0
A61: =+A60+1 -> 41 | F61: =SUM($E$51:E61) -> 0 | G61: =F60*SUMIF($C$40:$I$40,YEAR(B60),$C$43:$I$43)*((B61-B60)/365) -> 0 | I61: =($F$12/1000-F60)*$E$36/4+$F$35/1000+$F$34/1000 -> 0 | J61: =E61-G61-H61-I61 -> 0
A62: =+A61+1 -> 42 | F62: =SUM($E$51:E62) -> 0 | G62: =F61*SUMIF($C$40:$I$40,YEAR(B61),$C$43:$I$43)*((B62-B61)/365) -> 0 | I62: =($F$12/1000-F61)*$E$36/4+$F$35/1000+$F$34/1000 -> 0 | J62: =E62-G62-H62-I62 -> 0
A63: =+A62+1 -> 43 | F63: =SUM($E$51:E63) -> 0 | G63: =F62*SUMIF($C$40:$I$40,YEAR(B62),$C$43:$I$43)*((B63-B62)/365) -> 0 | I63: =($F$12/1000-F62)*$E$36/4+$F$35/1000+$F$34/1000 -> 0 | J63: =E63-G63-H63-I63 -> 0
A64: =+A63+1 -> 44 | F64: =SUM($E$51:E64) -> 0 | G64: =F63*SUMIF($C$40:$I$40,YEAR(B63),$C$43:$I$43)*((B64-B63)/365) -> 0 | I64: =($F$12/1000-F63)*$E$36/4+$F$35/1000+$F$34/1000 -> 0 | J64: =E64-G64-H64-I64 -> 0
A65: =+A64+1 -> 45 | F65: =SUM($E$51:E65) -> 0 | G65: =F64*SUMIF($C$40:$I$40,YEAR(B64),$C$43:$I$43)*((B65-B64)/365) -> 0 | I65: =($F$12/1000-F64)*$E$36/4+$F$35/1000+$F$34/1000 -> 0 | J65: =E65-G65-H65-I65 -> 0
A66: =+A65+1 -> 46 | F66: =SUM($E$51:E66) -> 0 | G66: =F65*SUMIF($C$40:$I$40,YEAR(B65),$C$43:$I$43)*((B66-B65)/365) -> 0 | I66: =($F$12/1000-F65)*$E$36/4+$F$35/1000+$F$34/1000 -> 0 | J66: =E66-G66-H66-I66 -> 0
A67: =+A66+1 -> 47 | F67: =SUM($E$51:E67) -> 0 | G67: =F66*SUMIF($C$40:$I$40,YEAR(B66),$C$43:$I$43)*((B67-B66)/365) -> 0 | I67: =($F$12/1000-F66)*$E$36/4+$F$35/1000+$F$34/1000 -> 0 | J67: =E67-G67-H67-I67 -> 0
... A70: =+A69+1 -> 50 | F70: =SUM($E$51:E70) -> 0 | G70: =F69*SUMIF($C$40:$I$40,YEAR(B69),$C$43:$I$43)*((B70-B69)/365) -> 0 | I70: =($F$12/1000-F69)*$E$36/4+$F$35/1000+$F$34/1000 -> 0 | J70: =E70-G70-H70-I70 -> 0
A71: =+A70+1 -> 51 | F71: =SUM($E$51:E71) -> 0 | G71: =F70*SUMIF($C$40:$I$40,YEAR(B70),$C$43:$I$43)*((B71-B70)/365)+F71 -> 0 | I71: =($F$12/1000-F70)*$E$36/4+$F$35/1000+$F$34/1000 -> 0 | J71: =E71-G71-H71-I71 -> 0
A72: =+A71+1 -> 52
A73: =+A72+1 -> 53
A74: =+A73+1 -> 54
A75: =+A74+1 -> 55
A76: =+A75+1 -> 56
A77: =+A76+1 -> 57
A78: =+A77+1 -> 58
A80: Notes
B81: ="1 The IRR is the input to Debt Cost shown on Attachment H, Page 4, Line "&'Attachment H'!A210&" during the construction period, after obtaining project financing, in accordance with Note Q of Attachment H." -> 1 The IRR is the input to Debt Cost shown on Attachment H, Page 4, Line 20 during the construction period, after obtaining project financing, in accordance with Note Q of Attachment H.
B82: 2. The IRR is a discount rate that makes the net present value of a series of cash flows equal to zero. The IRR equation is shown on line 6.
B83: N is the last quarter the loan would be outstanding
B84: t is each quarter
B85: Ct is the cash flow (Table 5, Col. I in each quarter)
B86: Alternatively the equation can be written as 0 = C0 + C1/(1+IRR) + C2/(1+IRR)2 + C3/(1+IRR)3 + . . . +Cn/(1+IRR)n and solved for IRR
B87: The Excel ™ formula on line 2 is : (round(XIRR(first quarter of loan Col A of Table 5:last quarter of loan Col A of Table 5, first quarter of loan Col I of Table 5: last quarter of loan Col I of Table 5, 8%),4)
B88: The 8% in the above formula is a seed number to ensure the formula produces a positive number.
B89: 3. Line 1 reflects the loan amount, the maximum amount that can be drawn on
B90: 4. Lines 11-21a include the fees associated with the loan. They are estimated based on current bank condition and are updated with the actual fees
B91: once the actual fees are known.
B92: 5. The estimate of the average 3 month Libor forward rate for the year on line 23 is that published by Bloomberg Finance L.P. during August of the prior year and is trued-up to actual
B93: average 3 month Libor rate for the year under the loan.
... B99: 11. Table 5, Col. H is calculated as follows:
C100: A x (line 21, Col. (b)/4) + sum of line 17, Col. (c) through line 21x, Col. (c)
B101: Where A = | C101: Loan amount in line 1 less the amount drawn down (Table 5, Col. (E)) in the prior quarter
B102: 12. The inputs shall be estimated based on the current market conditions and is subject to true up for all inputs , e.g., fees, interest rates, spread, and Table 3 once the
B103: amounts are known
B104: 13. Prior to obtaining long term debt, the cost of debt, will be 1.99%. If SCMCN obtains project financing, the long term debt rate will be determined using the methodology in Attachment 8 and Attachment 8 contains a hypothetical example of the internal rate of return methodology; the methodology will be applied to actual amounts for use in Attachment H. Once SCMCN has long term debt, SCMCN will use the its actual cost of long term debt determined in Attachment 5. The capital structure will be 60% equity and 40% debt during the construction period, after any asset is placed in service, it will be based on the actual capital structure.

Sheet 9 - Const Loan True-up
H1: Attachment 9 | P1: Page 1 of 3
H2: Hypothetical Example of Final True-Up of Interest Rates and Interest Calculations for the Construction Loan
H3: ='Attachment H'!D5 -> Gridliance High Plains LLC
B7: SUMMARY
B8: (a) | D8: (b) | F8: (c) | H8: (d) | J8: (e) | L8: (f) | N8: (g) | P8: (h)
B9: YEAR | D9: Cost of Debt Used in Determining the Actual Net Revenue Requirement in Attachment H, page 4, line 20 | F9: Cost of Debt for the Construction Loan Calculated on Attachment 8 Once the Loan is Paid Off: | H9: Actual Net Revenue Requirement in Attachment 3, col. (G) for the year | J9: Actual Net Revenue Requirement if the Cost of Debt in Col. (c) had been Used | L9: Over (Under) Recovery Col. (d) less Col. (e) | N9: Refund/Surcharge Interest Rate Calculated on Attachment 6 for the Rate Year | P9: Total Amount of Construction Loan Related True-Up with Interest (Refund)/Owed (Total Amount of True-Up Adjustment below for the Rate Year)
A10: 1 | L10: =H10-J10 -> 0 | P10: =N71 -> 0
A11: 2 | L11: =H11-J11 -> 0 | P11: =N120 -> 0
A12: 3 | L12: =H12-J12 -> 0 | P12: =N164 -> 0
A13: 4 | L13: =H13-J13 -> 0 | P13: =N211 -> 0
A14: 5 | C14: * | L14: =H14-J14 -> 0 | P14: =N253 -> 0
A15: 6 | C15: ** | L15: =H15-J15 -> 0
A16: 7 | P16: =SUM(P10:P15) -> 0
A17: 8 | B17: The Hypothetical Example:
A18: 9 | B18: * Assumes that the construction loan is retired on Sept 1, 2020
A19: 10 | B19: ** Assumes permanent debt structure is put in place on Sept 1, 2020 with effective rate of 6.5%
A20: 11
A21: 12
A22: 13
A23: 14
A24: 15
A25: 16 | B25: Calculation of Applicable Interest Expense for each ATRR period
A26: 17 | B26: Interest Rate on Amount of Refunds or Surcharges from 35.19a | F26: Over (Under) Recovery | H26: Hypothetical Monthly Interest Rate | J26: Months | L26: Calculated Interest | N26: Amortization | P26: Surcharge (Refund) Owed
A27: 18 | H27: From Column (g)
A28: 19 | F28: Column (f) above Divided by the | H28: Above for the | L28: Col (c) x Col (d) x
A29: 20 | F29: Number of Months the Rate was in Effect | H29: Rate Year | J29: Weighting | L29: Col (e) x -1
A30: 21 | B30: Calculation of Interest for 2015 True-Up Period
A31: 22 | L31: Monthly
A32: 23
A33: 24 | B33: January | D33: Year 2015 | J33: 12 | L33: =H33*F33*J33*-1 -> 0 | P33: =(-L33+F33)*-1 -> 0
A34: 25 | B34: February | D34: =D33 -> Year 2015 | J34: =+J33-1 -> 11 | L34: =H34*F34*J34*-1 -> 0 | P34: =(-L34+F34)*-1 -> 0
A35: 26 | B35: March | D35: =D34 -> Year 2015 | J35: =+J34-1 -> 10 | L35: =H35*F35*J35*-1 -> 0 | P35: =(-L35+F35)*-1 -> 0
A36: 27 | B36: April | D36: =D35 -> Year 2015 | J36: =+J35-1 -> 9 | L36: =H36*F36*J36*-1 -> 0 | P36: =(-L36+F36)*-1 -> 0
A37: 28 | B37: May | D37: =D36 -> Year 2015 | J37: =+J36-1 -> 8 | L37: =H37*F37*J37*-1 -> 0 | P37: =(-L37+F37)*-1 -> 0
A38: 29 | B38: June | D38: =D37 -> Year 2015 | J38: =+J37-1 -> 7 | L38: =H38*F38*J38*-1 -> 0 | P38: =(-L38+F38)*-1 -> 0
A39: 30 | B39: July | D39: =D38 -> Year 2015 | J39: =+J38-1 -> 6 | L39: =H39*F39*J39*-1 -> 0 | P39: =(-L39+F39)*-1 -> 0
A40: 31 | B40: August | D40: =D39 -> Year 2015 | J40: =+J39-1 -> 5 | L40: =H40*F40*J40*-1 -> 0 | P40: =(-L40+F40)*-1 -> 0
A41: 32 | B41: September | D41: =D40 -> Year 2015 | J41: =+J40-1 -> 4 | L41: =H41*F41*J41*-1 -> 0 | P41: =(-L41+F41)*-1 -> 0
A42: 33 | B42: October | D42: =D41 -> Year 2015 | J42: =+J41-1 -> 3 | L42: =H42*F42*J42*-1 -> 0 | P42: =(-L42+F42)*-1 -> 0
A43: 34 | B43: November | D43: =D42 -> Year 2015 | J43: =+J42-1 -> 2 | L43: =H43*F43*J43*-1 -> 0 | P43: =(-L43+F43)*-1 -> 0
A44: 35 | B44: December | D44: =D43 -> Year 2015 | J44: =+J43-1 -> 1 | L44: =H44*F44*J44*-1 -> 0 | P44: =(-L44+F44)*-1 -> 0
A45: 36 | L45: =SUM(L33:L44) -> 0 | P45: =SUM(P33:P44) -> 0
A46: 37
A47: 38 | L47: Annual
A48: 39
A49: 40 | B49: January through December | D49: Year 2016 | F49: =P45 -> 0 | J49: 12 | L49: =+J49*H49*F49 -> 0 | P49: =+F49+L49 -> 0
A50: 41 | B50: January through December | D50: Year 2017 | F50: =P49 -> 0 | J50: 12 | L50: =+J50*H50*F50 -> 0 | P50: =+F50+L50 -> 0
A51: 42 | B51: January through December | D51: Year 2018 | F51: =P50 -> 0 | J51: 12 | L51: =+J51*H51*F51 -> 0 | P51: =+F51+L51 -> 0
A52: 43 | B52: January through December | D52: Year 2019 | F52: =P51 -> 0 | J52: 12 | L52: =+J52*H52*F52 -> 0 | P52: =+F52+L52 -> 0
A53: 44 | B53: January through December | D53: Year 2020 | F53: =P52 -> 0 | J53: 12 | L53: =+J53*H53*F53 -> 0 | P53: =+F53+L53 -> 0
A54: 45
A55: 46
A56: 47 | B56: Over (Under) Recovery Plus Interest Amortized and Recovered Over 12 Months | L56: Monthly
A57: 48 | B57: January | D57: Year 2021 | F57: =-P53 -> 0 | L57: =-H57*F57 -> 0 | N57: =-PMT(H57,12,P53) -> 0 | P57: =(+F57+F57*H57+N57)*-1 -> 0
A58: 49 | B58: February | D58: =+D57 -> Year 2021 | F58: =-P57 -> 0 | L58: =-H58*F58 -> 0 | N58: =N57 -> 0 | P58: =(+F58+F58*H58+N58)*-1 -> 0
A59: 50 | B59: March | D59: =+D58 -> Year 2021 | F59: =-P58 -> 0 | L59: =-H59*F59 -> 0 | N59: =N58 -> 0 | P59: =(+F59+F59*H59+N59)*-1 -> 0
A60: 51 | B60: April | D60: =+D59 -> Year 2021 | F60: =-P59 -> 0 | L60: =-H60*F60 -> 0 | N60: =N59 -> 0 | P60: =(+F60+F60*H60+N60)*-1 -> 0
A61: 52 | B61: May | D61: =+D60 -> Year 2021 | F61: =-P60 -> 0 | L61: =-H61*F61 -> 0 | N61: =N60 -> 0 | P61: =(+F61+F61*H61+N61)*-1 -> 0
A62: 53 | B62: June | D62: =D61 -> Year 2021 | F62: =-P61 -> 0 | L62: =-H62*F62 -> 0 | N62: =N61 -> 0 | P62: =(+F62+F62*H62+N62)*-1 -> 0
A63: 54 | B63: July | D63: =+D62 -> Year 2021 | F63: =-P62 -> 0 | L63: =-H63*F63 -> 0 | N63: =N62 -> 0 | P63: =(+F63+F63*H63+N63)*-1 -> 0
A64: 55 | B64: August | D64: =+D63 -> Year 2021 | F64: =-P63 -> 0 | L64: =-H64*F64 -> 0 | N64: =N63 -> 0 | P64: =(+F64+F64*H64+N64)*-1 -> 0
A65: 56 | B65: September | D65: =+D64 -> Year 2021 | F65: =-P64 -> 0 | L65: =-H65*F65 -> 0 | N65: =N64 -> 0 | P65: =(+F65+F65*H65+N65)*-1 -> 0
A66: 57 | B66: October | D66: =+D65 -> Year 2021 | F66: =-P65 -> 0 | L66: =-H66*F66 -> 0 | N66: =N65 -> 0 | P66: =(+F66+F66*H66+N66)*-1 -> 0
A67: 58 | B67: November | D67: =+D66 -> Year 2021 | F67: =-P66 -> 0 | L67: =-H67*F67 -> 0 | N67: =N66 -> 0 | P67: =(+F67+F67*H67+N67)*-1 -> 0
A68: 59 | B68: December | D68: =+D67 -> Year 2021 | F68: =-P67 -> 0 | L68: =-H68*F68 -> 0 | N68: =N67 -> 0 | P68: =(+F68+F68*H68+N68)*-1 -> 0
A69: 60 | L69: =SUM(L57:L68) -> 0
A70: 61
A71: 62 | B71: Total Amount of True-Up Adjustment for 2015 ATRR | F71: (Sum lines 48-59, column f) | N71: =SUM(N57:N68) -> 0
A72: 63 | B72: Less Over (Under) Recovery | F72: (Line 1, Column f) | N72: =L10 -> 0
A73: 64 | B73: Total Interest | F73: (Line 62 + line 63) | N73: =(N71+N72) -> 0
A74: 65
A75: 66 | P75: Page 2 of 3
A76: 67 | B76: Attachment 9 - Hypothetical Example of Final True-Up of Interest Rates and Interest Calculations for the Construction Loan
A77: 68 | B77: =+H3 -> Gridliance High Plains LLC
A78: 69
A79: 70
A80: 71 | B80: Calculation of Interest for 2016 True-Up Period
A81: 72 | L81: Monthly
A82: 73
A83: 74 | B83: January | D83: =+D49 -> Year 2016 | J83: 12 | L83: =H83*F83*J83*-1 -> 0 | P83: =(-L83+F83)*-1 -> 0
A84: 75 | B84: February | D84: =D83 -> Year 2016 | J84: =+J83-1 -> 11 | L84: =H84*F84*J84*-1 -> 0 | P84: =(-L84+F84)*-1 -> 0
A85: 76 | B85: March | D85: =D84 -> Year 2016 | J85: =+J84-1 -> 10 | L85: =H85*F85*J85*-1 -> 0 | P85: =(-L85+F85)*-1 -> 0
A86: 77 | B86: April | D86: =D85 -> Year 2016 | J86: =+J85-1 -> 9 | L86: =H86*F86*J86*-1 -> 0 | P86: =(-L86+F86)*-1 -> 0
A87: 78 | B87: May | D87: =D86 -> Year 2016 | J87: =+J86-1 -> 8 | L87: =H87*F87*J87*-1 -> 0 | P87: =(-L87+F87)*-1 -> 0
A88: 79 | B88: June | D88: =D87 -> Year 2016 | J88: =+J87-1 -> 7 | L88: =H88*F88*J88*-1 -> 0 | P88: =(-L88+F88)*-1 -> 0
A89: 80 | B89: July | D89: =D88 -> Year 2016 | J89: =+J88-1 -> 6 | L89: =H89*F89*J89*-1 -> 0 | P89: =(-L89+F89)*-1 -> 0
A90: 81 | B90: August | D90: =D89 -> Year 2016 | J90: =+J89-1 -> 5 | L90: =H90*F90*J90*-1 -> 0 | P90: =(-L90+F90)*-1 -> 0
A91: 82 | B91: September | D91: =D90 -> Year 2016 | J91: =+J90-1 -> 4 | L91: =H91*F91*J91*-1 -> 0 | P91: =(-L91+F91)*-1 -> 0
A92: 83 | B92: October | D92: =D91 -> Year 2016 | J92: =+J91-1 -> 3 | L92: =H92*F92*J92*-1 -> 0 | P92: =(-L92+F92)*-1 -> 0
A93: 84 | B93: November | D93: =D92 -> Year 2016 | J93: =+J92-1 -> 2 | L93: =H93*F93*J93*-1 -> 0 | P93: =(-L93+F93)*-1 -> 0
A94: 85 | B94: December | D94: =D93 -> Year 2016 | J94: =+J93-1 -> 1 | L94: =H94*F94*J94*-1 -> 0 | P94: =(-L94+F94)*-1 -> 0
A95: 86 | L95: =SUM(L83:L94) -> 0 | P95: =SUM(P83:P94) -> 0
A96: 87
A97: 88 | L97: Annual
A98: 89
A99: 90 | B99: January through December | D99: =+D50 -> Year 2017 | F99: =P95 -> 0 | J99: 12 | L99: =+J99*H99*F99 -> 0 | P99: =+F99+L99 -> 0
A100: 91 | B100: January through December | D100: =+D51 -> Year 2018 | F100: =P99 -> 0 | J100: 12 | L100: =+J100*H100*F100 -> 0 | P100: =+F100+L100 -> 0
A101: 92 | B101: January through December | D101: =+D52 -> Year 2019 | F101: =P100 -> 0 | J101: 12 | L101: =+J101*H101*F101 -> 0 | P101: =+F101+L101 -> 0
A102: 93 | B102: January through December | D102: =+D53 -> Year 2020 | F102: =P101 -> 0 | J102: 12 | L102: =+J102*H102*F102 -> 0 | P102: =+F102+L102 -> 0
A103: 94
...

Sheet 10-Dep Rates
B1: Attachment 10 | C1: Page 1 of 1
B2: Depreciation Rates
B3: =+'Attachment H'!D5 -> Gridliance High Plains LLC
A5: FERC ACCOUNT | B5: DESCRIPTION | C5: RATE PERCENT
A7: TRANSMISSION
A8: 350 | B8: Land Rights | C8: N/A
A9: 352 | B9: Structures and Improvements | C9: 0.0218
A10: 353 | B10: Station Equipment | C10: 0.022
A11: 354 | B11: Towers and Fixtures | C11: 0.018847
A12: 355 | B12: Poles and Fixtures | C12: 0.0208
A13: 356 | B13: Overhead Conductors & Devices | C13: 0.0227
A14: 357 | B14: Underground Conduit | C14: 0.013665
A15: 358 | B15: Underground Conductors & Devices | C15: 0.018416
A16: 359 | B16: Roads and Trails | C16: 0
A18: GENERAL AND INTANGIBLE
A19: 302 | B19: Franchises and Consents (Note 1) | C19: N/A
A20: 303 | B20: Intangible Plant - 5 Year | C20: 0.2
A21: 390 | B21: Structures and Improvements | C21: 0.021194
A22: 391 | B22: Office Furniture and Equipment | C22: 0.050671
A23: 391 | B23: Network Equipment | C23: 0.25
A24: 392 | B24: Transportation Equipment - Auto | C24: 0.109667
A25: 392 | B25: Transportation Equipment - Light Truck | C25: 0.084139
A26: 392 | B26: Transportation Equipment - Trailers | C26: 0.069486
A27: 392 | B27: Transportation Equipment - Heavy Trucks | C27: 0.072364
A28: 393 | B28: Stores Equipment | C28: 0.0512
A29: 394 | B29: Tools, Shop and Garage Equipment | C29: 0.0482
A30: 395 | B30: Laboratory Equipment | C30: 0.1
A31: 396 | B31: Power Operated Equipment | C31: 0.084139
... A33: 398 | B33: Miscellaneous Equipment | C33: 0.066672
A35: Note 1:
A36: Electric Intangible Franchises and Transmission Land Rights are amortized
A37: over the life of the franchise agreement or land right.
A38: Note 2:
A39: GidLiance High Plains depreciation and amortization rates may not be changed absent a section
A40: 205 or 206 filing

Sheet GLHP Taxes
A1: GL High Plains
A2: 2027 Projections | C2: Denotes Manual Input Fields
A3: Q3 2026
C6: 1314
A7: Deferreds | C7: GL High Plains (1314A & B)
Q8: Fed Rate | R8: 0.21
J9: 0.768396 | K9: 0.231604 | M9: 0.768396 | N9: 0.231604 | Q9: State Rate | R9: 0.04
C10: 2025 | D10: 2026 | E10: 2026 | F10: 2026 | G10: 2027 | H10: 2027 | J10: Dx | K10: Tx | M10: Dx | N10: Tx | Q10: FBOS | R10: =-R9*R8 -> -0.0084
A11: Code | B11: Name | C11: Ending Balance | D11: Current Activity | E11: Projected | F11: Ending Balance | G11: Projected | H11: Ending Balance | I11: Comments | J11: Beginning Balance | M11: Ending Balance | R11: =SUM(R8:R10) -> 0.2416
A12: 9190110/9190210 | B12: DTA - Non Current
A13: DEP157 | B13: Amortization of Book Goodwill | C13: 43251 | D13: 3761 | E13: =(D13/8)*12 -> 5641.5 | F13: =C13+E13 -> 48892.5 | G13: =E13 -> 5641.5 | H13: =G13+F13 -> 54534 | I13: Exclude, Below the line | J13: =F13*$J$9 -> 37568.801 | K13: =F13*$K$9 -> 11323.699 | M13: =H13*$M$9 -> 41903.707 | N13: =H13*$N$9 -> 12630.293
A14: RES136 | B14: Other Accrued Liabilities | C14: -52679 | D14: -1504 | E14: =(D14/8)*12 -> -2256 | F14: =C14+E14 -> -54935 | G14: =E14 -> -2256 | H14: =G14+F14 -> -57191 | J14: =F14*$J$9 -> -42211.834 | K14: =F14*$K$9 -> -12723.166 | M14: =H14*$M$9 -> -43945.336 | N14: =H14*$N$9 -> -13245.664
A15: TAXCR_190 | B15: ITC & Reg Liabilities | C15: 29212 | D15: 0 | E15: =(D15/8)*12 -> 0 | F15: =C15+E15 -> 29212 | G15: =E15 -> 0 | H15: =G15+F15 -> 29212 | I15: Exclude, balance sheet only | J15: =F15*$J$9 -> 22446.384 | K15: =F15*$K$9 -> 6765.6161 | M15: =H15*$M$9 -> 22446.384 | N15: =H15*$N$9 -> 6765.6161
A16: TAXCR_ST_190 | B16: FAS109 - 190 | C16: 4610 | D16: 0 | E16: =(D16/8)*12 -> 0 | F16: =C16+E16 -> 4610 | G16: =E16 -> 0 | H16: =G16+F16 -> 4610 | I16: Exclude, balance sheet only | J16: =F16*$J$9 -> 3542.3056 | K16: =F16*$K$9 -> 1067.6944 | M16: =H16*$M$9 -> 3542.3056 | N16: =H16*$N$9 -> 1067.6944
A17: Total 9190110/9190210 | C17: 24395 | D17: 2257 | E17: =SUM(E13:E16) -> 3385.5 | F17: =SUM(F13:F16) -> 27779.5 | G17: =SUM(G13:G16) -> 3385.5 | H17: =SUM(H13:H16) -> 31165 | J17: =F17*$J$9 -> 21345.657 | K17: =F17*$K$9 -> 6433.8433 | M17: =H17*$M$9 -> 23947.061 | N17: =H17*$N$9 -> 7217.9387
C18: =C17-C16-C15-C13 -> -52678 | D18: =D17-D16-D15-D13 -> -1504 | E18: =E17-E16-E15-E13 -> -2256 | F18: =F17-F16-F15-F13 -> -54935 | G18: =G17-G16-G15-G13 -> -2256 | H18: =H17-H16-H15-H13 -> -57191 | J18: =J17-J16-J15-J13 -> -42211.834 | K18: =K17-K16-K15-K13 -> -12723.166 | M18: =M17-M16-M15-M13 -> -43945.336 | N18: =N17-N16-N15-N13 -> -13245.664 | O18: =N18-K18 -> -522.49862
A19: 9282110/9282210 | B19: DTL - Property
A20: AFD101 | B20: AFUDC Debt | C20: -914 | D20: 0 | E20: =(D20/8)*12 -> 0 | F20: =C20+E20 -> -914 | G20: =E20 -> 0 | H20: =G20+F20 -> -914 | J20: =F20*$J$9 -> -702.31394 | K20: =F20*$K$9 -> -211.68606 | M20: =H20*$M$9 -> -702.31394 | N20: =H20*$N$9 -> -211.68606
A21: AFUDC_FED_282 | B21: AFUDC Equity Def Taxes | C21: -64713 | D21: 0 | E21: =(D21/8)*12 -> 0 | F21: =C21+E21 -> -64713 | G21: =E21 -> 0 | H21: =G21+F21 -> -64713 | I21: Exclude, balance sheet only | J21: =F21*$J$9 -> -49725.21 | K21: =F21*$K$9 -> -14987.79 | M21: =H21*$M$9 -> -49725.21 | N21: =H21*$N$9 -> -14987.79
A22: AFUDC_ST_282 | B22: AFUDC Equity Def Taxes | C22: -10532 | D22: 0 | E22: =(D22/8)*12 -> 0 | F22: =C22+E22 -> -10532 | G22: =E22 -> 0 | H22: =G22+F22 -> -10532 | I22: Exclude, balance sheet only | J22: =F22*$J$9 -> -8092.7467 | K22: =F22*$K$9 -> -2439.2533 | M22: =H22*$M$9 -> -8092.7467 | N22: =H22*$N$9 -> -2439.2533
A23: ATTD_TAX_REFORM_282 | B23: Excess Deferred Taxes - Tax Reform - 282 | C23: -87798 | D23: 0 | E23: =(D23/8)*12 -> 0 | F23: =C23+E23 -> -87798 | G23: =E23 -> 0 | H23: =G23+F23 -> -87798 | J23: =F23*$J$9 -> -67463.632 | K23: =F23*$K$9 -> -20334.368 | M23: =H23*$M$9 -> -67463.632 | N23: =H23*$N$9 -> -20334.368
A24: DEP101 | B24: Tax Depreciation | C24: -1644084 | D24: -1027632 | E24: =-6355708*R11 -> -1535539.1 | F24: =C24+E24 -> -3179623.1 | G24: =-4835832*R11 -> -1168337 | H24: =G24+F24 -> -4347960.1 | J24: =F24*$J$9 -> -2443209.6 | K24: =F24*$K$9 -> -736413.42 | M24: =H24*$M$9 -> -3340955.1 | N24: =H24*$N$9 -> -1007004.9
A25: DEP103 | B25: Reversal of Book Depreciation | C25: 649734 | D25: 447657 | E25: =2832942*R11 -> 684438.79 | F25: =C25+E25 -> 1334172.8 | G25: =1923236*R11 -> 464653.82 | H25: =G25+F25 -> 1798826.6 | J25: =F25*$J$9 -> 1025173 | K25: =F25*$K$9 -> 308999.75 | M25: =H25*$M$9 -> 1382211.2 | N25: =H25*$N$9 -> 416615.44
A26: DEP106 | B26: Reclass Book Depr to AFUDC Depr | C26: -2875 | D26: -1120 | E26: =(D26/8)*12 -> -1680 | F26: =C26+E26 -> -4555 | G26: =E26 -> -1680 | H26: =G26+F26 -> -6235 | J26: =F26*$J$9 -> -3500.0438 | K26: =F26*$K$9 -> -1054.9562 | M26: =H26*$M$9 -> -4790.9491 | N26: =H26*$N$9 -> -1444.0509
A27: DEP144 | B27: Tax/Book Depr Diff | C27: -5451937 | D27: 0 | E27: =(D27/8)*12 -> 0 | F27: =C27+E27 -> -5451937 | G27: =E27 -> 0 | H27: =G27+F27 -> -5451937 | J27: =F27*$J$9 -> -4189246.6 | K27: =F27*$K$9 -> -1262690.4 | M27: =H27*$M$9 -> -4189246.6 | N27: =H27*$N$9 -> -1262690.4
A28: EMP803 | B28: Welfare Capitalized | C28: -1070 | D28: 4171 | E28: =(D28/8)*12 -> 6256.5 | F28: =C28+E28 -> 5186.5 | G28: =E28 -> 6256.5 | H28: =G28+F28 -> 11443 | J28: =F28*$J$9 -> 3985.2859 | K28: =F28*$K$9 -> 1201.2141 | M28: =H28*$M$9 -> 8792.7554 | N28: =H28*$N$9 -> 2650.2446
A29: INT101 | B29: Method Life CPI | C29: 51772 | D29: 17185 | E29: =(D29/8)*12 -> 25777.5 | F29: =C29+E29 -> 77549.5 | G29: =E29 -> 25777.5 | H29: =G29+F29 -> 103327 | J29: =F29*$J$9 -> 59588.726 | K29: =F29*$K$9 -> 17960.774 | M29: =H29*$M$9 -> 79396.053 | N29: =H29*$N$9 -> 23930.947
A30: REM101 | B30: Cost of Removal | C30: -23134 | D30: -40491 | E30: =(D30/8)*12 -> -60736.5 | F30: =C30+E30 -> -83870.5 | G30: =E30 -> -60736.5 | H30: =G30+F30 -> -144607 | J30: =F30*$J$9 -> -64445.757 | K30: =F30*$K$9 -> -19424.743 | M30: =H30*$M$9 -> -111115.44 | N30: =H30*$N$9 -> -33491.56
A31: RSH101 | B31: Computer Software | C31: -5983 | D31: 0 | E31: =(D31/8)*12 -> 0 | F31: =C31+E31 -> -5983 | G31: =E31 -> 0 | H31: =G31+F31 -> -5983 | J31: =F31*$J$9 -> -4597.3133 | K31: =F31*$K$9 -> -1385.6867 | M31: =H31*$M$9 -> -4597.3133 | N31: =H31*$N$9 -> -1385.6867
A32: SAL101 | B32: Tax Gain/Loss | C32: -10867 | D32: 4859 | E32: =(D32/8)*12 -> 7288.5 | F32: =C32+E32 -> -3578.5 | G32: =E32 -> 7288.5 | H32: =G32+F32 -> 3710 | J32: =F32*$J$9 -> -2749.7051 | K32: =F32*$K$9 -> -828.79492 | M32: =H32*$M$9 -> 2850.7492 | N32: =H32*$N$9 -> 859.25084
A33: SATTD_DEPRARAM | B33: Excess Deferred Taxes - ARAM Rates | C33: -17483 | D33: 0 | E33: =(D33/8)*12 -> 0 | F33: =C33+E33 -> -17483 | G33: =E33 -> 0 | H33: =G33+F33 -> -17483 | J33: =F33*$J$9 -> -13433.867 | K33: =F33*$K$9 -> -4049.1327 | M33: =H33*$M$9 -> -13433.867 | N33: =H33*$N$9 -> -4049.1327
A34: TAXCR_282 | B34: EQ AFUDC Def TX & SFAS 109 | C34: 87798 | D34: 0 | E34: =(D34/8)*12 -> 0 | F34: =C34+E34 -> 87798 | G34: =E34 -> 0 | H34: =G34+F34 -> 87798 | J34: =F34*$J$9 -> 67463.632 | K34: =F34*$K$9 -> 20334.368 | M34: =H34*$M$9 -> 67463.632 | N34: =H34*$N$9 -> 20334.368
A35: TAXCR_ST_282 | B35: FAS109 - 282 | C35: 17483 | D35: 0 | E35: =(D35/8)*12 -> 0 | F35: =C35+E35 -> 17483 | G35: =E35 -> 0 | H35: =G35+F35 -> 17483 | I35: Exclude, balance sheet only | J35: =F35*$J$9 -> 13433.867 | K35: =F35*$K$9 -> 4049.1327 | M35: =H35*$M$9 -> 13433.867 | N35: =H35*$N$9 -> 4049.1327
A36: Total 9282110/9282210 | C36: -6514602 | D36: -595372 | E36: =SUM(E20:E35) -> -874194.27 | F36: =SUM(F20:F35) -> -7388797.3 | G36: =SUM(G20:G35) -> -726777.19 | H36: =SUM(H20:H35) -> -8115574.5 | J36: =F36*$J$9 -> -5677522.3 | K36: =F36*$K$9 -> -1711275 | M36: =H36*$M$9 -> -6235974.9 | N36: =H36*$N$9 -> -1879599.5
C37: =C36-C35-C34-C22-C21 -> -6544638 | D37: =D36-D35-D34-D22-D21 -> -595372 | E37: =E36-E35-E34-E22-E21 -> -874194.27 | F37: =F36-F35-F34-F22-F21 -> -7418833.3 | G37: =G36-G35-G34-G22-G21 -> -726777.19 | H37: =H36-H35-H34-H22-H21 -> -8145610.5 | J37: =J36-J22-J21-J35-J34 -> -5700601.8 | K37: =K36-K22-K21-K35-K34 -> -1718231.5 | M37: =M36-M22-M21-M34-M35 -> -6259054.5 | N37: =N36-N22-N21-N34-N35 -> -1886556 | O37: =N37-K37 -> -168324.51
A38: 9282800/9190751 | B38: State NOL
A39: Total 9282800/9190751
A41: 9283110/9283210 | B41: DTL - Non Current
A42: AFD105 | B42: AFUDC Debt - Carrying Charges | C42: -689275 | D42: 0 | E42: 0 | F42: =C42+E42 -> -689275 | G42: =E42 -> 0 | H42: =F42+G42 -> -689275 | J42: =F42*$J$9 -> -529636.15 | K42: =F42*$K$9 -> -159638.85 | M42: =H42*$M$9 -> -529636.15 | N42: =H42*$N$9 -> -159638.85
A43: AFUDC_FED_283 | B43: AFUDC Equity Gross-Up | C43: -20906 | D43: 0 | E43: 0 | F43: =C43+E43 -> -20906 | G43: =E43 -> 0 | H43: =F43+G43 -> -20906 | J43: =F43*$J$9 -> -16064.087 | K43: =F43*$K$9 -> -4841.9132 | M43: =H43*$M$9 -> -16064.087 | N43: =H43*$N$9 -> -4841.9132
A44: AFUDC_ST_283 | B44: AFUDC Equity Gross-Up | C44: -3403 | D44: 0 | E44: 0 | F44: =C44+E44 -> -3403 | G44: =E44 -> 0 | H44: =F44+G44 -> -3403 | J44: =F44*$J$9 -> -2614.8516 | K44: =F44*$K$9 -> -788.14841 | M44: =H44*$M$9 -> -2614.8516 | N44: =H44*$N$9 -> -788.14841
A45: Total 9283110/9283210 | C45: -713584 | D45: =SUM(D42:D44) -> 0 | E45: =SUM(E42:E44) -> 0 | F45: =SUM(F42:F44) -> -713584 | G45: =SUM(G42:G44) -> 0 | H45: =SUM(H42:H44) -> -713584 | J45: =F45*$J$9 -> -548315.09 | K45: =F45*$K$9 -> -165268.91 | M45: =H45*$M$9 -> -548315.09 | N45: =H45*$N$9 -> -165268.91
C46: =C45-C44-C43 -> -689275 | D46: =D45-D44-D43 -> 0 | E46: =E45-E44-E43 -> 0 | F46: =F45-F44-F43 -> -689275 | G46: =G45-G44-G43 -> 0 | H46: =H45-H44-H43 -> -689275 | J46: =J45-J44-J43 -> -529636.15 | K46: =K45-K44-K43 -> -159638.85 | M46: =M45-M44-M43 -> -529636.15 | N46: =N45-N44-N43 -> -159638.85 | O46: =N46-K46 -> 0
A48: 46279.387
A49: NextEra Energy, Inc. --- PRODUCTION---
A50: SubConsolidated Provision Report (USD)
A51: 2026.08 M08 Single Dataset, Z_NEET_11_GL HIGH PLAINS (1314A_1314B)
C54: 1314A | D54: 1314B
B55: TOTAL | C55: GridLiance High Plains - Above | D55: GridLiance High Plains - Below
A56: Total Pre-Tax Book Income:
A57: UPTBI: Pre-Tax Book Income | B57: 4624627 | C57: 4638570 | D57: -13943
A58: Total Total Pre-Tax Book Income | B58: 4624627 | C58: 4638570 | D58: -13943
A60: Deductible State Tax:
A61: MO: Missouri | B61: 3794 | C61: 3791 | D61: 3
A62: OK: Oklahoma | B62: 88972 | C62: 88910 | D62: 62
A63: Total Deductible State Tax | B63: -92766 | C63: -92701 | D63: -65
A65: Permanent Differences: | F65: Annualized | G65: Tax Affected | J65: Dx | K65: Tx
A66: AFD102: AFUDC Depreciation | B66: 4637 | C66: 4637 | D66: 0 | F66: =B66/8*12 -> 6955.5 | G66: =$F66*$R$11 -> 1680.4488 | J66: =$G66*$J$9 -> 1291.2501 | K66: =$K$9*G66 -> 389.19866
A67: CHR101: 100% NON-DEDUCTIBLE CHARITABLE CONTRIBUTIONS | B67: 3 | C67: 3 | D67: 0 | F67: =B67/8*12 -> 4.5 | G67: =$F67*$R$11 -> 1.0872 | J67: =$G67*$J$9 -> 0.83540013 | K67: =$K$9*G67 -> 0.25179987
A68: MEL102: 100% Non-Deductible Meals & Entertainment Expenses | B68: 11752 | C68: 11752 | D68: 0 | F68: =B68/8*12 -> 17628 | G68: =$F68*$R$11 -> 4258.9248 | J68: =$G68*$J$9 -> 3272.5408 | K68: =$K$9*G68 -> 986.38402
A69: Total Permanent Differences | B69: 16392 | C69: 16392 | D69: 0 | F69: =B69/8*12 -> 24588 | G69: =$F69*$R$11 -> 5940.4608 | J69: =SUM(J66:J68) -> 4564.6263 | K69: =SUM(K66:K68) -> 1375.8345
A71: Financial Taxable Income | B71: 4548252 | C71: 4562260 | D71: -14008
A73: Temporary Differences:
A74: DEP101: Tax Depreciation | B74: -4253443 | C74: -4253443 | D74: 0
A75: DEP103: Reversal of Book Depreciation | B75: 1852884 | C75: 1852884 | D75: 0
A76: DEP106: Reclass Book Depr to AFUDC Depr | B76: -4637 | C76: -4637 | D76: 0
A77: DEP157: Amortization of Book Goodwill | B77: 15567 | C77: 0 | D77: 15567
A78: EMP803: Welfare Capitalized | B78: 17264 | C78: 17264 | D78: 0
A79: INT101: Method Life CPI | B79: 71131 | C79: 71131 | D79: 0
A80: REM101: Cost of Removal | B80: -167597 | C80: -167597 | D80: 0
A81: RES136: Other Accrued Liabilities | B81: -6225 | C81: -6225 | D81: 0
A82: SAL101: Tax Gain/Loss | B82: 20111 | C82: 20111 | D82: 0
A83: Total Temporary Differences | B83: -2454945 | C83: -2470512 | D83: 15567
A85: Federal Taxable Income (Pre-NOL) | B85: 2093309 | C85: 2091749 | D85: 1560
A87: NOL Reclass | B87: 0 | C87: 0 | D87: 0
A89: Federal Taxable Income (Post-NOL) | B89: 2093309 | C89: 2091749 | D89: 1560
A91: Unit Tax Rate | C91: 0.21 | D91: 0.21
A93: Federal Tax - Current | B93: 439595 | C93: 439267 | D93: 328
A95: After Tax Temp Differences:
A96: Total After Tax Temp Differences | B96: 0 | C96: 0 | D96: 0
A98: Cash Tax Adjustments | B98: 0 | C98: 0 | D98: 0
A100: Return Basis Provision | B100: 439594 | C100: 439267 | D100: 327
A102: True-Ups:
A103: Current Deferred Reclass | B103: 0 | C103: 0 | D103: 0
A104: Total True-Ups | B104: 0 | C104: 0 | D104: 0
A106: Non-Cash Tax Adjustments:
A107: NC_RTP_2025_PERM: NC_RTP_2025_PERM | B107: -13 | C107: -13 | D107: 0
A108: NC_RTP_2025_TEMP: NC_RTP_2025_TEMP | B108: 27962 | C108: 27962 | D108: 0
A109: Total Non-Cash Tax Adjustments | B109: 27949 | C109: 27949 | D109: 0
A111: Total Current Federal Provision | B111: 467542 | C111: 467215 | D111: 327
A113: Deferred Tax Provision:
A114: BDTPBS: Begin Deferred Tax Per B/S | B114: -6010190 | C114: -6046280 | D114: 36090
A115: BSO: + Bal Sheet Only Adjustment | B115: 931 | C115: 931 | D115: 0
A116: EDTPBS: - Ending Deferred Tax Per B/S | B116: 6477332 | C116: 6516561 | D116: -39229
A117: Total Deferred Tax Provision | B117: 468073 | C117: 471212 | D117: -3139
A119: Equity Adjustment | B119: 0 | C119: 0 | D119: 0
A121: Total Federal Tax Provision | B121: 935617 | C121: 938428 | D121: -2811
A123: Total State Tax Provision:
A124: SCTP: State Current Tax Provision | B124: 92766 | C124: 92701 | D124: 65
A125: SDTP: State Deferred Tax Provision | B125: 92871 | C125: 93494 | D125: -623
...

Sheet GLHP Excess Deferreds
A1: GLHP
A2: Excess Deferred Taxes
D4: TX | E4: DX
B5: -87798 | D5: ='GLHP Taxes'!N9 -> 0.231604 | E5: ='GLHP Taxes'!M9 -> 0.768396
A6: Book Life | B6: 50
B7: =B5/B6 -> -1755.96 | D7: =B7*D5 -> -406.68736 | E7: =B7*E5 -> -1349.2726

Sheet 11-Wholesale Distribution
M2: Page 1 of 6
G5: Attachment 11
G6: Wholesale Distribution Service
G7: =+'Attachment H'!D5 -> Gridliance High Plains LLC
C10: To be completed in conjunction with Attachment H.
C11: Pages 1-2 are to be filed out if the facilities providing Wholesale Distribution Service are booked to transmission. If the facilities are booked to Distribution, see pages 3-6
C12: The Wholesale Distribution Revenue Requirement is projected using either pages 1-2 or 4-6. The same pages are populated with actual data and the difference with interest is calculated on Attachment 12
C13: Notes A-H refer to the notes at the bottom of page 2 of 6 of this Attachment
C14: (1) | E14: (2) | I14: (3) | L14: (4)
E15: Attachment H
A16: Line | E16: Page, Line, Col. | I16: Transmission | L16: Allocator
A17: No. | E17: Notes are on Page 2
A19: 1 | C19: Gross Transmission Plant - Total | E19: Attach H, p 2, line 2 col 5 plus line 27 col 5 (Note A) | I19: =+'Attachment H'!I64+'Attachment H'!I93 -> 18189761
A20: 2 | C20: Net Transmission Plant - Total | E20: Attach H, p 2, line 16 col 5 plus line 27 & 29 col 5 | I20: =+'Attachment H'!I80+'Attachment H'!I93+'Attachment H'!I95 -> 15500851
C22: O&M EXPENSE
A23: 3 | C23: Total O&M Allocated to Transmission | E23: Attach H, p 3, line 14 col 5 | I23: =+'Attachment H'!I134 -> 771186.32
A24: 4 | C24: Annual Allocation Factor for O&M | E24: (line 3 divided by line 1 col 3) | I24: =IF(I19=0,0,I23/I19) -> 0.042396726 | L24: =I24 -> 0.042396726
C26: GENERAL, INTANGIBLE AND COMMON (G&C) DEPRECIATION EXPENSE
A27: 5 | C27: Total G, I & C Depreciation Expense | E27: Attach H, p 3, lines 17 & 18, col 5 (Note H) | I27: =+'Attachment H'!I138+'Attachment H'!I139 -> 160.60719
A28: 6 | C28: Annual Allocation Factor for G, I & C Depreciation Expense | E28: (line 5 divided by line 1 col 3) | I28: =IF(I27=0,0,I27/I19) -> 8.8295381e-06 | L28: =I28 -> 8.8295381e-06
C30: TAXES OTHER THAN INCOME TAXES
A31: 7 | C31: Total Other Taxes | E31: Attach H, p 3, line 30 col 5 | I31: =+'Attachment H'!I152 -> 274801.85
A32: 8 | C32: Annual Allocation Factor for Other Taxes | E32: (line 7 divided by line 1 col 3) | I32: =IF(I31=0,0,I31/I19) -> 0.015107502 | L32: =I32 -> 0.015107502
A34: 9 | C34: Less Revenue Credits | E34: Attach H, p 1, line 7 col 5 | I34: =-'Attachment H'!I19 -> -71271.47
A35: 10 | C35: Annual Allocation Factor Revenue Credits | E35: (line 9 divided by line 1 col 3) | I35: =IF(I34=0,0,I34/I19) -> -0.0039182192 | L35: =+I35 -> -0.0039182192
A37: 11 | C37: Annual Allocation Factor for Expense | E37: Sum of line 4, 6, 8, and 10 | L37: =L24+L28+L32+L35 -> 0.053594839
C39: INCOME TAXES
A40: 12 | C40: Total Income Taxes | E40: Attach H, p 3, line 44 col 5 | I40: =+'Attachment H'!I167 -> 276731.71
A41: 13 | C41: Annual Allocation Factor for Income Taxes | E41: (line 12 divided by line 2 col 3) | I41: =IF(I20=0,0,I40/I20) -> 0.017852678 | L41: =I41 -> 0.017852678
C43: RETURN
A44: 14 | C44: Return on Rate Base | E44: Attach H, p 3, line 46 col 5 | I44: =+'Attachment H'!I170 -> 1200463.7
A45: 15 | C45: Annual Allocation Factor for Return on Rate Base | E45: (line 14 divided by line 2 col 3) | I45: =IF(I20=0,0,I44/I20) -> 0.077445014 | L45: =I45 -> 0.077445014
A47: 16 | C47: Annual Allocation Factor for Return | E47: Sum of line 13 and 15 | I47: =+I45+I41 -> 0.095297693 | L47: =L41+L45 -> 0.095297693
M54: Page 2 of 6
G56: =+G5 -> Attachment 11
G57: =+G6 -> Wholesale Distribution Service
G58: =+G7 -> Gridliance High Plains LLC
C63: -1 | D63: -2 | E63: -3 | F63: -4 | G63: -5 | H63: -6 | I63: -7 | J63: -8 | K63: -9 | L63: -10 | M63: -11
A64: Line No. | C64: Wholesale Distribution Service | D64: Project Gross Plant | E64: Annual Allocation Factor for Expense, Page 1 line 11 | F64: Annual Expense Charge | G64: Project Net Plant (Note G) | H64: Annual Allocation Factor for Return | I64: Annual Return Charge | J64: Project Depreciation/Amortization Expense (Notes F & G) | K64: Annual Revenue Requirement | L64: Use % (Note H) | M64: Total Annual Revenue Requirement (Col. 9 *10)
D65: (Note C) | E65: (Page 1 line 11) | F65: (Col. 2 * Col. 3) | G65: (Note D) | H65: (Page 1 line 16) | I65: (Col. 5 * Col. 6) | J65: (Note E) | K65: (Sum Col. 4, 7 & 8) | M65: (Sum Col. 9 & 10)
A67: 15a | D67: 0 | E67: =$L$37 -> 0.053594839 | F67: =D67*E67 -> 0 | G67: 0 | H67: =$L$47 -> 0.095297693 | I67: =G67*H67 -> 0 | J67: 0 | K67: =F67+I67+J67 -> 0 | L67: 0 | M67: =+K67*L67 -> 0
A68: 15b | D68: 0 | E68: =$L$37 -> 0.053594839 | F68: =D68*E68 -> 0 | G68: 0 | H68: =$L$47 -> 0.095297693 | I68: =G68*H68 -> 0 | J68: 0 | K68: =F68+I68+J68 -> 0 | L68: 0 | M68: =+K68*L68 -> 0
A69: 15c | D69: 0 | E69: =$L$37 -> 0.053594839 | F69: =D69*E69 -> 0 | G69: 0 | H69: =$L$47 -> 0.095297693 | I69: =G69*H69 -> 0 | J69: 0 | K69: =F69+I69+J69 -> 0 | L69: 0 | M69: =+K69*L69 -> 0
A70: … | D70: 0 | E70: =$L$37 -> 0.053594839 | F70: =D70*E70 -> 0 | G70: 0 | H70: =$L$47 -> 0.095297693 | I70: =G70*H70 -> 0 | J70: 0 | K70: =F70+I70+J70 -> 0 | L70: 0 | M70: =+K70*L70 -> 0
A71: … | D71: 0 | E71: =$L$37 -> 0.053594839 | F71: =D71*E71 -> 0 | G71: 0 | H71: =$L$47 -> 0.095297693 | I71: =G71*H71 -> 0 | J71: 0 | K71: =F71+I71+J71 -> 0 | L71: 0 | M71: =+K71*L71 -> 0
A72: … | D72: 0 | E72: =$L$37 -> 0.053594839 | F72: =D72*E72 -> 0 | G72: 0 | H72: =$L$47 -> 0.095297693 | I72: =G72*H72 -> 0 | J72: 0 | K72: =F72+I72+J72 -> 0 | L72: 0 | M72: =+K72*L72 -> 0
A73: … | D73: 0 | E73: =$L$37 -> 0.053594839 | F73: =D73*E73 -> 0 | G73: 0 | H73: =$L$47 -> 0.095297693 | I73: =G73*H73 -> 0 | J73: 0 | K73: =F73+I73+J73 -> 0 | L73: 0 | M73: =+K73*L73 -> 0
A74: … | D74: 0 | E74: =$L$37 -> 0.053594839 | F74: =D74*E74 -> 0 | G74: 0 | H74: =$L$47 -> 0.095297693 | I74: =G74*H74 -> 0 | J74: 0 | K74: =F74+I74+J74 -> 0 | L74: 0 | M74: =+K74*L74 -> 0
A75: … | D75: 0 | E75: =$L$37 -> 0.053594839 | F75: =D75*E75 -> 0 | G75: 0 | H75: =$L$47 -> 0.095297693 | I75: =G75*H75 -> 0 | J75: 0 | K75: =F75+I75+J75 -> 0 | L75: 0 | M75: =+K75*L75 -> 0
A76: … | D76: 0 | E76: =$L$37 -> 0.053594839 | F76: =D76*E76 -> 0 | G76: 0 | H76: =$L$47 -> 0.095297693 | I76: =G76*H76 -> 0 | J76: 0 | K76: =F76+I76+J76 -> 0 | L76: 0 | M76: =+K76*L76 -> 0
A77: … | D77: 0 | E77: =$L$37 -> 0.053594839 | F77: =D77*E77 -> 0 | G77: 0 | H77: =$L$47 -> 0.095297693 | I77: =G77*H77 -> 0 | J77: 0 | K77: =F77+I77+J77 -> 0 | L77: 0 | M77: =+K77*L77 -> 0
A78: … | D78: 0 | E78: =$L$37 -> 0.053594839 | F78: =D78*E78 -> 0 | G78: 0 | H78: =$L$47 -> 0.095297693 | I78: =G78*H78 -> 0 | J78: 0 | K78: =F78+I78+J78 -> 0 | L78: 0 | M78: =+K78*L78 -> 0
... A85: … | D85: 0 | E85: =$L$37 -> 0.053594839 | F85: =D85*E85 -> 0 | G85: 0 | H85: =$L$47 -> 0.095297693 | I85: =G85*H85 -> 0 | J85: 0 | K85: =F85+I85+J85 -> 0 | L85: 0 | M85: =+K85*L85 -> 0
A87: 16 | C87: Annual Totals | M87: =SUM(M67:M86) -> 0
A88: Note
A89: Letter
A90: A | C90: Gross Transmission Plant is that identified on page 2 line 2 of Attachment H
A91: B | C91: Inclusive of any CWIP or unamortized abandoned plant included in rate base when authorized by FERC order less any prefunded AFUDC, if applicable.
A92: C | C92: Project Gross Plant is the total capital investment for the project calculated in the same method as the gross plant value in line 1. This value includes subsequent capital investments required to maintain the facilities to their original capabilities.
C93: Gross plant does not include Unamortized Abandoned Plant.
A94: D | C94: Project Net Plant is the Project Gross Plant Identified in Column 2 less the associated Accumulated Depreciation. Net Plant includes CWIP and Unamortized Abandoned Plant and excludes any regulatory asset, which are to entered as a separate line item.
A95: E | C95: Project Depreciation Expense is the actual value booked for the project and included in the Depreciation Expense in Attachment H, page 3, line 16. Project Depreciation Expense includes the amortization of Abandoned Plant
A96: F | C96: The Total General, Intangible and Common Depreciation Expense excludes any depreciation expense directly associated with a project and thereby included in page 2 column 9.
A97: G | C97: The Unamortized Abandoned Plant balance is included in Net Plant, and Amortization of Abandoned Plant is included in Depreciation/Amortization Expense.
A98: H | C98: The Use % is the customers NCP load divided by all of the NCP loads on the facilities
A99: I | C99: If a portion of the projects revenue requirement is assessed to more than one customer, the project will be entered in a row for each customer seperately, such that the total of the revenue requirements for each customer equals the revenue requirement for that project.

Sheet 11a-Wholesale Distribution 
O2: Page 3 of 6
G4: ='11-Wholesale Distribution'!G56 -> Attachment 11
G5: ='11-Wholesale Distribution'!G57 -> Wholesale Distribution Service
G6: ='11-Wholesale Distribution'!G58 -> Gridliance High Plains LLC
C8: -1 | D8: -2 | E8: -3 | G8: -4 | H8: -5 | J8: -6 | K8: -7 | L8: -8 | M8: -9 | N8: -10 | O8: -11
A9: Line No. | C9: Wholesale Distribution Service | D9: Project Gross Plant | E9: Annual Allocation Factor for Expense, Page 6 line 18 | G9: Annual Expense Charge | H9: Project Net Plant | J9: Annual Allocation Factor for Return, Page 6 line 19 | K9: Annual Return Charge | L9: Project Depreciation/Amortization Expense | M9: Annual Revenue Requirement (Col. 4, 7 & 8) | N9: Use % (Note A) | O9: Total Annual Revenue Requirement (Col. 9 *10)
A10: a | C10: Example 1 | D10: =+'Attachment H'!D65 -> 0 | E10: =+K169 -> 0 | G10: =+D10*E10 -> 0 | H10: 0 | J10: =+K172 -> 0 | K10: =+H10*J10 -> 0 | L10: 0 | M10: =+G10+K10+L10 -> 0 | N10: 0 | O10: =+M10*N10 -> 0
A11: b | E11: =+E10 -> 0 | G11: =+D11*E11 -> 0 | H11: 0 | J11: =+J10 -> 0 | K11: =+H11*J11 -> 0 | L11: 0 | M11: =+G11+K11+L11 -> 0 | N11: 0 | O11: =+M11*N11 -> 0
A12: c | E12: =+E11 -> 0 | G12: =+D12*E12 -> 0 | H12: 0 | J12: =+J11 -> 0 | K12: =+H12*J12 -> 0 | L12: 0 | M12: =+G12+K12+L12 -> 0 | N12: 0 | O12: =+M12*N12 -> 0
A13: d | E13: =+E12 -> 0 | G13: =+D13*E13 -> 0 | H13: 0 | J13: =+J12 -> 0 | K13: =+H13*J13 -> 0 | L13: 0 | M13: =+G13+K13+L13 -> 0 | N13: 0 | O13: =+M13*N13 -> 0
A14: … | E14: =+E13 -> 0 | G14: =+D14*E14 -> 0 | H14: 0 | J14: =+J13 -> 0 | K14: =+H14*J14 -> 0 | L14: 0 | M14: =+G14+K14+L14 -> 0 | N14: 0 | O14: =+M14*N14 -> 0
A15: z | C15: Total | O15: =SUM(O10:O14) -> 0
C17: Note A The Use % is the customers NCP load divided by all of the NCP loads on the facilities
C18: Note B The Wholesale Distribution Revenue Requirement is projected using either pages 1-2 or 4-6. The same pages are populated with actual data and the difference with interest is calculated on Attachment 3
G19: Attachment 11 | O19: Page 4 of 6
G20: Wholesale Distribution Service
G21: South Central MCN LLC
C25: (1) | D25: (2) | E25: (3) | H25: (4) | J25: (5)
G26: Allocator | J26: Distribution
A27: Line | D27: Source | E27: Company Total | G27: The allocators are shown on | J27: (Col 3 times Col 4)
A28: No. | C28: RATE BASE: | G28: Pages 4 and 6 (DA equals 1)
C29: GROSS PLANT IN SERVICE
A30: 1 | C30: Production | D30: =+'Attachment H'!$B$2&", Page 2, Line "&'Attachment H'!A63 -> Attachment H, Page 2, Line 1 | E30: =+'Attachment H'!D63 -> 0 | G30: NA | H30: 0 | J30: =+H30*E30 -> 0
A31: =+A30+1 -> 2 | C31: Transmission | D31: =+'Attachment H'!$B$2&", Page 2, Line "&'Attachment H'!A64 -> Attachment H, Page 2, Line 2 | E31: =+'Attachment H'!D64 -> 18189761 | G31: NA | J31: =+H31*E31 -> 0
A32: =+A31+1 -> 3 | C32: Distribution | D32: (Page 6, Line 33, Col. (b) | E32: =D194 -> 0 | G32: DA | H32: 1 | J32: =+E32*H32 -> 0
A33: =+A32+1 -> 4 | C33: General & Intangible | D33: =+'Attachment H'!$B$2&", Page 2, Line "&'Attachment H'!A66 -> Attachment H, Page 2, Line 4 | E33: =+'Attachment H'!D66 -> 3341.7593 | G33: W/S | H33: =J150 -> 0 | J33: =+H33*E33 -> 0
A34: =+A33+1 -> 5 | C34: Common | D34: =+'Attachment H'!$B$2&", Page 2, Line "&'Attachment H'!A67 -> Attachment H, Page 2, Line 5 | E34: =+'Attachment H'!D67 -> 0 | G34: CE | H34: =L154 -> 0 | J34: =+H34*E34 -> 0
A35: =+A34+1 -> 6 | C35: TOTAL GROSS PLANT | D35: (Sum of Lines 1 through 5) | E35: =SUM(E30:E34) -> 18193103 | G35: GP= | H35: =IF(J35>0,J35/E35,0) -> 0 | J35: =SUM(J30:J34) -> 0
A37: =+A35+1 -> 7 | C37: ACCUMULATED DEPRECIATION
A38: =+A37+1 -> 8 | C38: Production | D38: =+'Attachment H'!$B$2&", Page 2, Line "&'Attachment H'!A71 -> Attachment H, Page 2, Line 8 | E38: =+'Attachment H'!D71 -> 0 | G38: NA | H38: 0 | J38: =+H38*E38 -> 0
A39: =+A38+1 -> 9 | C39: Transmission | D39: =+'Attachment H'!$B$2&", Page 2, Line "&'Attachment H'!A72 -> Attachment H, Page 2, Line 9 | E39: =+'Attachment H'!D72 -> 2688909.6 | G39: NA | J39: =+H39*E39 -> 0
A40: =+A39+1 -> 10 | C40: Distribution | D40: (Page 6, Line 33, Col. (c) | E40: =E194 -> 0 | G40: DA | H40: 1 | J40: =+H40*E40 -> 0
A41: =+A40+1 -> 11 | C41: General & Intangible | D41: =+'Attachment H'!$B$2&", Page 2, Line "&'Attachment H'!A74 -> Attachment H, Page 2, Line 11 | E41: =+'Attachment H'!D74 -> 1533.9308 | G41: W/S | H41: =+H33 -> 0 | J41: =+H41*E41 -> 0
A42: =+A41+1 -> 12 | C42: Common | D42: =+'Attachment H'!$B$2&", Page 2, Line "&'Attachment H'!A75 -> Attachment H, Page 2, Line 12 | E42: =+'Attachment H'!D75 -> 0 | G42: CE | H42: =+H34 -> 0 | J42: =+H42*E42 -> 0
A43: =+A42+1 -> 13 | C43: TOTAL ACCUM. DEPRECIATION | D43: (Sum of Lines 8 through 12) | E43: =SUM(E38:E42) -> 2690443.6 | J43: =SUM(J38:J42) -> 0
A45: =+A43+1 -> 14 | C45: NET PLANT IN SERVICE
A46: =+A45+1 -> 15 | C46: Production | D46: ="(line "&A30&" - line "&A38&")" -> (line 1 - line 8) | E46: =E30-E38 -> 0 | J46: =J30-J38 -> 0
A47: =+A46+1 -> 16 | C47: Transmission | D47: (Line 2 minus Line 9) | E47: =E31-E39 -> 15500851 | J47: =J31-J39 -> 0
A48: =+A47+1 -> 17 | C48: Distribution | D48: ="(line "&A32&" - line "&A40&")" -> (line 3 - line 10) | E48: =E32-E40 -> 0 | J48: =J32-J40 -> 0
A49: =+A48+1 -> 18 | C49: General & Intangible | D49: (Line 4 minus Line 11) | E49: =E33-E41 -> 1807.8285 | J49: =J33-J41 -> 0
A50: =+A49+1 -> 19 | C50: Common | D50: ="(line "&A34&" - line "&A42&")" -> (line 5 - line 12) | E50: =E34-E42 -> 0 | J50: =J34-J42 -> 0
A51: =+A50+1 -> 20 | C51: TOTAL NET PLANT | D51: (Sum of Lines 15 through 19) | E51: =SUM(E46:E50) -> 15502659 | G51: NP= | H51: =IF(J51>0,J51/E51,0) -> 0 | J51: =SUM(J46:J50) -> 0
A53: =+A51+1 -> 21 | C53: ADJUSTMENTS TO RATE BASE
A54: =+A53+1 -> 22 | C54: Account No. 281 (enter negative) | D54: =+'Attachment H'!$B$2&", Page 2, Line "&'Attachment H'!A87 -> Attachment H, Page 2, Line 22 | E54: =+'Attachment H'!D87 -> 0 | G54: NA | H54: zero | J54: 0
A55: =+A54+1 -> 23 | C55: Account No. 282 (enter negative) | D55: =+'Attachment H'!$B$2&", Page 2, Line "&'Attachment H'!A88 -> Attachment H, Page 2, Line 23 | E55: =+'Attachment H'!D88 -> -1796206.4 | G55: DA | H55: 1 | J55: =E55*H55 -> -1796206.4
A56: =+A55+1 -> 24 | C56: Account No. 283 (enter negative) | D56: =+'Attachment H'!$B$2&", Page 2, Line "&'Attachment H'!A89 -> Attachment H, Page 2, Line 24 | E56: =+'Attachment H'!D89 -> -159638.85 | G56: DA | H56: 1 | J56: =E56*H56 -> -159638.85
A57: =+A56+1 -> 25 | C57: Account No. 190 | D57: =+'Attachment H'!$B$2&", Page 2, Line "&'Attachment H'!A90 -> Attachment H, Page 2, Line 25 | E57: =+'Attachment H'!D90 -> -12965.209 | G57: DA | H57: 1 | J57: =E57*H57 -> -12965.209
